Workbook
Name a: #REF!
Name a: #REF!
Name b: #REF!
Name b: #REF!
Name d: #REF!
Name d: #REF!
Name 栄養士: #REF!
Name 栄養士: 【様式５】職員数算出表!$BD$7:$BD$107
Name 家庭的保育: #REF!
Name 家庭的保育: #REF!
Name 家庭的保育者: 【様式５】職員数算出表!$AZ$7:$AZ$107
Name 家庭的保育補助者: 【様式５】職員数算出表!$BB$7:$BB$107
Name 概算交付申出書: #REF!
Name 概算交付申出書: #REF!
Name 学校医: #REF!
Name 学校医: [1]【様式５】職員数算出表!#REF!
Name 教諭: #REF!
Name 教諭: #REF!
Name 業務委託: #REF!
Name 業務委託: 【様式５】職員数算出表!$BL$7:$BL$12
Name 区分１: #REF!
Name 区分１: #REF!
Name 区分２: #REF!
Name 区分２: #REF!
Name 区分３: #REF!
Name 区分３: #REF!
Name 公設民営: #REF!
Name 厚別区01私立01保育所: '施設状況(要更新)'!$AC$4:$AC$64
Name 厚別区01私立02幼稚園: '施設状況(要更新)'!$AZ$4:$AZ$64
Name 厚別区01私立03認定こども園: '施設状況(要更新)'!$BT$4:$BT$64
Name 厚別区01保育所: '施設状況(要更新)'!$AC$4:$AC$64
Name 厚別区03公立01保育所: '施設状況(要更新)'!$AO$4:$AO$64
Name 厚別区03公立02幼稚園: '施設状況(要更新)'!$BK$4:$BK$64
Name 札幌市あけぼの保育園: '施設状況(要更新)'!$Z$4:$CY$4
Name 札幌市外01私立01保育所: '施設状況(要更新)'!$AI$4:$AI$64
Name 札幌市外01私立02幼稚園: '施設状況(要更新)'!$BF$4:$BF$64
Name 札幌市外01私立03認定こども園: '施設状況(要更新)'!$BZ$4:$BZ$64
Name 札幌市外01私立04小規模A・B・C: '施設状況(要更新)'!$CL$4:$CL$64
Name 札幌市外01私立06事業所内: '施設状況(要更新)'!$CZ$4:$CZ$64
Name 札幌市外02公設民営01保育所: '施設状況(要更新)'!$AL$4:$AL$64
Name 札幌市外03公立01保育所: '施設状況(要更新)'!$AU$4:$AU$64
Name 札幌市外03公立03認定こども園: '施設状況(要更新)'!$CB$4:$CB$64
Name 施設C: #REF!
Name 施設C: #REF!
Name 施設種別: #REF!
Name 施設種別: #REF!
Name 施設長: #REF!
Name 施設長: 【様式５】職員数算出表!$AZ$7:$AZ$107
Name 事業所内保育: #REF!
Name 事業所内保育: #REF!
Name 事務員: #REF!
Name 事務員: 【様式５】職員数算出表!$BH$7:$BH$107
Name 手稲区01私立01保育所: '施設状況(要更新)'!$AH$4:$AH$64
Name 手稲区01私立02幼稚園: '施設状況(要更新)'!$BE$4:$BE$64
Name 手稲区01私立03認定こども園: '施設状況(要更新)'!$BY$4:$BY$64
Name 手稲区01私立04小規模A・B・C: '施設状況(要更新)'!$CK$4:$CK$64
Name 手稲区01私立05家庭的: '施設状況(要更新)'!$CT$4:$CT$64
Name 手稲区01保育所: '施設状況(要更新)'!$AH$4:$AH$64
Name 手稲区03公立01保育所: '施設状況(要更新)'!$AR$4:$AR$64
Name 手稲区03公立02幼稚園: '施設状況(要更新)'!$BO$4:$BO$64

Sheet 施設状況(要更新)
A1: 施設C | B1: 公私 | C1: 種別 | E1: 区 | F1: 施設・事業所名 | G1: 認定こども園認可定員内訳 | J1: 認可定員 | K1: 利用定員 | P1: 分園(内数)/従業員枠（外数） | S1: 施設C
C2: 1 | D2: 2 | G2: 1号 | H2: 2号 | I2: 3号 | K2: 1号 | L2: 2号 | M2: 3号（0歳） | N2: 3号（1･2歳） | O2: 3号合計 | P2: 合計 | Q2: （うち２号） | R2: 合計 | Y2: 1 | Z2: 2 | AA2: 3 | AB2: 4 | AC2: 5 | AD2: 6 | AE2: 7 | AF2: 8 | AG2: 9 | AH2: 10 | AI2: 11 | AJ2: 12 | AK2: 13 | AL2: 14 | AM2: 15 | AN2: 16 | AO2: 17 | AP2: 18 | AQ2: 19 | AR2: 20 | AS2: 21 | AT2: 22 | AU2: 23 | AV2: 24 | AW2: 25 | AX2: 26 | AY2: 27 | AZ2: 28 | BA2: 29 | BB2: 30 | BC2: 31 | BD2: 32 | BE2: 33 | BF2: 34 | BG2: 35 | BH2: 36 | BI2: 37 | BJ2: 38 | BK2: 39 | BL2: 40 | BM2: 41 | BN2: 42 | BO2: 43 | BP2: 44 | BQ2: 45 | BR2: 46 | BS2: 47 | BT2: 48 | BU2: 49 | BV2: 50 | BW2: 51 | BX2: 52 | BY2: 53 | BZ2: 54 | CA2: 55 | CB2: 56 | CC2: 57 | CD2: 58 | CE2: 59 | CF2: 60 | CG2: 61 | CH2: 62 | CI2: 63 | CJ2: 64 | CK2: 65 | CL2: 66 | CM2: 67 | CN2: 68 | CO2: 69 | CP2: 70 | CQ2: 71 | CR2: 72 | CS2: 73 | CT2: 74 | CU2: 75 | CV2: 76 | CW2: 77 | CX2: 78 | CY2: 79 | CZ2: 80 | DA2: 81 | DB2: 82 | DC2: 83 | DD2: 84 | DE2: 85 | DF2: 86 | DG2: 87 | DH2: 88 | DI2: 89 | DJ2: 90
A3: ソート① | B3: 列1 | C3: ソート② | D3: 列2 | E3: 列3 | F3: 列4 | G3: 列5 | H3: 列6 | I3: 列7 | J3: 列8 | K3: 列9 | L3: 列10 | M3: 列11 | N3: 列12 | O3: 列13 | P3: 列132 | Q3: 列133 | R3: 列14 | W3: 施設名 | Y3: =VLOOKUP(Y2,$U$4:$V$700,2,FALSE) -> 中央区05家庭的 | Z3: =VLOOKUP(Z2,$U$4:$V$700,2,FALSE) -> 北区05家庭的 | AA3: =VLOOKUP(AA2,$U$4:$V$700,2,FALSE) -> 東区05家庭的 | AB3: =VLOOKUP(AB2,$U$4:$V$700,2,FALSE) -> 清田区05家庭的 | AC3: =VLOOKUP(AC2,$U$4:$V$700,2,FALSE) -> 南区05家庭的 | AD3: =VLOOKUP(AD2,$U$4:$V$700,2,FALSE) -> 西区05家庭的 | AE3: =VLOOKUP(AE2,$U$4:$V$700,2,FALSE) -> 手稲区05家庭的 | AF3: =VLOOKUP(AF2,$U$4:$V$700,2,FALSE) | AG3: =VLOOKUP(AG2,$U$4:$V$700,2,FALSE) -> #N/A
A4: 100000 | B4: 01私立 | C4: 05家庭的 | D4: 家 | E4: 中央区 | F4: 保育ママ札幌市未来局【例】 | G4: 0 | H4: 0 | I4: 0 | J4: 5 | K4: 0 | L4: 0 | M4: 1 | N4: 4 | O4: =SUM(テーブル1[[#This Row],[列11]:[列12]]) -> 5 | R4: =SUM(K4,L4,O4) -> 5 | S4: =A4 -> 100000 | T4: =COUNTIF($V$4:V4,V4) -> 1 | U4: =IF(T4=1,COUNTIF($T$4:T4,1),"") -> 1 | V4: ='施設状況(要更新)'!$E4&'施設状況(要更新)'!$C4 -> 中央区05家庭的 | W4: ='施設状況(要更新)'!$F4 -> 保育ママ札幌市未来局【例】
A5: 200062 | B5: 01私立 | C5: 05家庭的 | D5: 家 | E5: 北区 | F5: 保育室どんぐり | J5: 5 | K5: 0 | L5: 0 | M5: 1 | N5: 4 | O5: =SUM(テーブル1[[#This Row],[列11]:[列12]]) -> 5 | R5: =SUM(K5,L5,O5) -> 5 | S5: =A5 -> 200062 | T5: =COUNTIF($V$4:V5,V5) -> 1 | U5: =IF(T5=1,COUNTIF($T$4:T5,1),"") -> 2 | V5: ='施設状況(要更新)'!$E5&'施設状況(要更新)'!$C5 -> 北区05家庭的 | W5: ='施設状況(要更新)'!$F5 -> 保育室どんぐり | X5: 1 | Y5: =IFERROR(INDEX($T$4:$W$700,MATCH($X5&Y$3,INDEX($T$4:$T$700&$V$4:$V$700,),0),MATCH("施設名",$T$3:$W$3,0)),"") -> 保育ママ札幌市未来局【例】 | Z5: =IFERROR(INDEX($T$4:$W$700,MATCH($X5&Z$3,INDEX($T$4:$T$700&$V$4:$V$700,),0),MATCH("施設名",$T$3:$W$3,0)),"") -> 保育室どんぐり | AA5: =IFERROR(INDEX($T$4:$W$700,MATCH($X5&AA$3,INDEX($T$4:$T$700&$V$4:$V$700,),0),MATCH("施設名",$T$3:$W$3,0)),"") -> 保育ママぐりぐら | AB5: =IFERROR(INDEX($T$4:$W$700,MATCH($X5&AB$3,INDEX($T$4:$T$700&$V$4:$V$700,),0),MATCH("施設名",$T$3:$W$3,0)),"") -> 保育ママおひさま | AC5: =IFERROR(INDEX($T$4:$W$700,MATCH($X5&AC$3,INDEX($T$4:$T$700&$V$4:$V$700,),0),MATCH("施設名",$T$3:$W$3,0)),"") -> 保育ママつぼみ | AD5: =IFERROR(INDEX($T$4:$W$700,MATCH($X5&AD$3,INDEX($T$4:$T$700&$V$4:$V$700,),0),MATCH("施設名",$T$3:$W$3,0)),"") -> 保育るーむひなたぼっこ | AE5: =IFERROR(INDEX($T$4:$W$700,MATCH($X5&AE$3,INDEX($T$4:$T$700&$V$4:$V$700,),0),MATCH("施設名",$T$3:$W$3,0)),"") -> 保育室ベリーベリー | AF5: =IFERROR(INDEX($T$4:$W$700,MATCH($X5&AF$3,INDEX($T$4:$T$700&$V$4:$V$700,),0),MATCH("施設名",$T$3:$W$3,0)),"") -> 0 | AG5: =IFERROR(INDEX($T$4:$W$700,MATCH($X5&AG$3,INDEX($T$4:$T$700&$V$4:$V$700,),0),MATCH("施設名",$T$3:$W$3,0)),"")
A6: 300083 | B6: 01私立 | C6: 05家庭的 | D6: 家 | E6: 東区 | F6: 保育ママぐりぐら | J6: 5 | K6: 0 | L6: 0 | M6: 1 | N6: 4 | O6: =SUM(テーブル1[[#This Row],[列11]:[列12]]) -> 5 | R6: =SUM(K6,L6,O6) -> 5 | S6: =A6 -> 300083 | T6: =COUNTIF($V$4:V6,V6) -> 1 | U6: =IF(T6=1,COUNTIF($T$4:T6,1),"") -> 3 | V6: ='施設状況(要更新)'!$E6&'施設状況(要更新)'!$C6 -> 東区05家庭的 | W6: ='施設状況(要更新)'!$F6 -> 保育ママぐりぐら | X6: 2 | Y6: =IFERROR(INDEX($T$4:$W$700,MATCH($X6&Y$3,INDEX($T$4:$T$700&$V$4:$V$700,),0),MATCH("施設名",$T$3:$W$3,0)),"") | Z6: =IFERROR(INDEX($T$4:$W$700,MATCH($X6&Z$3,INDEX($T$4:$T$700&$V$4:$V$700,),0),MATCH("施設名",$T$3:$W$3,0)),"") | AA6: =IFERROR(INDEX($T$4:$W$700,MATCH($X6&AA$3,INDEX($T$4:$T$700&$V$4:$V$700,),0),MATCH("施設名",$T$3:$W$3,0)),"") -> 保育ママたんぽぽ | AB6: =IFERROR(INDEX($T$4:$W$700,MATCH($X6&AB$3,INDEX($T$4:$T$700&$V$4:$V$700,),0),MATCH("施設名",$T$3:$W$3,0)),"") | AC6: =IFERROR(INDEX($T$4:$W$700,MATCH($X6&AC$3,INDEX($T$4:$T$700&$V$4:$V$700,),0),MATCH("施設名",$T$3:$W$3,0)),"") | AD6: =IFERROR(INDEX($T$4:$W$700,MATCH($X6&AD$3,INDEX($T$4:$T$700&$V$4:$V$700,),0),MATCH("施設名",$T$3:$W$3,0)),"") | AE6: =IFERROR(INDEX($T$4:$W$700,MATCH($X6&AE$3,INDEX($T$4:$T$700&$V$4:$V$700,),0),MATCH("施設名",$T$3:$W$3,0)),"") | AF6: =IFERROR(INDEX($T$4:$W$700,MATCH($X6&AF$3,INDEX($T$4:$T$700&$V$4:$V$700,),0),MATCH("施設名",$T$3:$W$3,0)),"") -> 0 | AG6: =IFERROR(INDEX($T$4:$W$700,MATCH($X6&AG$3,INDEX($T$4:$T$700&$V$4:$V$700,),0),MATCH("施設名",$T$3:$W$3,0)),"")
A7: 300058 | B7: 01私立 | C7: 05家庭的 | D7: 家 | E7: 東区 | F7: 保育ママたんぽぽ | J7: 5 | K7: 0 | L7: 0 | M7: 1 | N7: 4 | O7: =SUM(テーブル1[[#This Row],[列11]:[列12]]) -> 5 | R7: =SUM(K7,L7,O7) -> 5 | S7: =A7 -> 300058 | T7: =COUNTIF($V$4:V7,V7) -> 2 | U7: =IF(T7=1,COUNTIF($T$4:T7,1),"") | V7: ='施設状況(要更新)'!$E7&'施設状況(要更新)'!$C7 -> 東区05家庭的 | W7: ='施設状況(要更新)'!$F7 -> 保育ママたんぽぽ | X7: 3 | Y7: =IFERROR(INDEX($T$4:$W$700,MATCH($X7&Y$3,INDEX($T$4:$T$700&$V$4:$V$700,),0),MATCH("施設名",$T$3:$W$3,0)),"") | Z7: =IFERROR(INDEX($T$4:$W$700,MATCH($X7&Z$3,INDEX($T$4:$T$700&$V$4:$V$700,),0),MATCH("施設名",$T$3:$W$3,0)),"") | AA7: =IFERROR(INDEX($T$4:$W$700,MATCH($X7&AA$3,INDEX($T$4:$T$700&$V$4:$V$700,),0),MATCH("施設名",$T$3:$W$3,0)),"") | AB7: =IFERROR(INDEX($T$4:$W$700,MATCH($X7&AB$3,INDEX($T$4:$T$700&$V$4:$V$700,),0),MATCH("施設名",$T$3:$W$3,0)),"") | AC7: =IFERROR(INDEX($T$4:$W$700,MATCH($X7&AC$3,INDEX($T$4:$T$700&$V$4:$V$700,),0),MATCH("施設名",$T$3:$W$3,0)),"") | AD7: =IFERROR(INDEX($T$4:$W$700,MATCH($X7&AD$3,INDEX($T$4:$T$700&$V$4:$V$700,),0),MATCH("施設名",$T$3:$W$3,0)),"") | AE7: =IFERROR(INDEX($T$4:$W$700,MATCH($X7&AE$3,INDEX($T$4:$T$700&$V$4:$V$700,),0),MATCH("施設名",$T$3:$W$3,0)),"") | AF7: =IFERROR(INDEX($T$4:$W$700,MATCH($X7&AF$3,INDEX($T$4:$T$700&$V$4:$V$700,),0),MATCH("施設名",$T$3:$W$3,0)),"") -> 0 | AG7: =IFERROR(INDEX($T$4:$W$700,MATCH($X7&AG$3,INDEX($T$4:$T$700&$V$4:$V$700,),0),MATCH("施設名",$T$3:$W$3,0)),"")
A8: 550019 | B8: 01私立 | C8: 05家庭的 | D8: 家 | E8: 清田区 | F8: 保育ママおひさま | J8: 5 | K8: 0 | L8: 0 | M8: 1 | N8: 4 | O8: =SUM(テーブル1[[#This Row],[列11]:[列12]]) -> 5 | R8: =SUM(K8,L8,O8) -> 5 | S8: =A8 -> 550019 | T8: =COUNTIF($V$4:V8,V8) -> 1 | U8: =IF(T8=1,COUNTIF($T$4:T8,1),"") -> 4 | V8: ='施設状況(要更新)'!$E8&'施設状況(要更新)'!$C8 -> 清田区05家庭的 | W8: ='施設状況(要更新)'!$F8 -> 保育ママおひさま | X8: 4 | Y8: =IFERROR(INDEX($T$4:$W$700,MATCH($X8&Y$3,INDEX($T$4:$T$700&$V$4:$V$700,),0),MATCH("施設名",$T$3:$W$3,0)),"") | Z8: =IFERROR(INDEX($T$4:$W$700,MATCH($X8&Z$3,INDEX($T$4:$T$700&$V$4:$V$700,),0),MATCH("施設名",$T$3:$W$3,0)),"") | AA8: =IFERROR(INDEX($T$4:$W$700,MATCH($X8&AA$3,INDEX($T$4:$T$700&$V$4:$V$700,),0),MATCH("施設名",$T$3:$W$3,0)),"") | AB8: =IFERROR(INDEX($T$4:$W$700,MATCH($X8&AB$3,INDEX($T$4:$T$700&$V$4:$V$700,),0),MATCH("施設名",$T$3:$W$3,0)),"") | AC8: =IFERROR(INDEX($T$4:$W$700,MATCH($X8&AC$3,INDEX($T$4:$T$700&$V$4:$V$700,),0),MATCH("施設名",$T$3:$W$3,0)),"") | AD8: =IFERROR(INDEX($T$4:$W$700,MATCH($X8&AD$3,INDEX($T$4:$T$700&$V$4:$V$700,),0),MATCH("施設名",$T$3:$W$3,0)),"") | AE8: =IFERROR(INDEX($T$4:$W$700,MATCH($X8&AE$3,INDEX($T$4:$T$700&$V$4:$V$700,),0),MATCH("施設名",$T$3:$W$3,0)),"") | AF8: =IFERROR(INDEX($T$4:$W$700,MATCH($X8&AF$3,INDEX($T$4:$T$700&$V$4:$V$700,),0),MATCH("施設名",$T$3:$W$3,0)),"") -> 0 | AG8: =IFERROR(INDEX($T$4:$W$700,MATCH($X8&AG$3,INDEX($T$4:$T$700&$V$4:$V$700,),0),MATCH("施設名",$T$3:$W$3,0)),"")
A9: 600025 | B9: 01私立 | C9: 05家庭的 | D9: 家 | E9: 南区 | F9: 保育ママつぼみ | J9: 5 | K9: 0 | L9: 0 | M9: 1 | N9: 4 | O9: =SUM(テーブル1[[#This Row],[列11]:[列12]]) -> 5 | R9: =SUM(K9,L9,O9) -> 5 | S9: =A9 -> 600025 | T9: =COUNTIF($V$4:V9,V9) -> 1 | U9: =IF(T9=1,COUNTIF($T$4:T9,1),"") -> 5 | V9: ='施設状況(要更新)'!$E9&'施設状況(要更新)'!$C9 -> 南区05家庭的 | W9: ='施設状況(要更新)'!$F9 -> 保育ママつぼみ | X9: 5 | Y9: =IFERROR(INDEX($T$4:$W$700,MATCH($X9&Y$3,INDEX($T$4:$T$700&$V$4:$V$700,),0),MATCH("施設名",$T$3:$W$3,0)),"") | Z9: =IFERROR(INDEX($T$4:$W$700,MATCH($X9&Z$3,INDEX($T$4:$T$700&$V$4:$V$700,),0),MATCH("施設名",$T$3:$W$3,0)),"") | AA9: =IFERROR(INDEX($T$4:$W$700,MATCH($X9&AA$3,INDEX($T$4:$T$700&$V$4:$V$700,),0),MATCH("施設名",$T$3:$W$3,0)),"") | AB9: =IFERROR(INDEX($T$4:$W$700,MATCH($X9&AB$3,INDEX($T$4:$T$700&$V$4:$V$700,),0),MATCH("施設名",$T$3:$W$3,0)),"") | AC9: =IFERROR(INDEX($T$4:$W$700,MATCH($X9&AC$3,INDEX($T$4:$T$700&$V$4:$V$700,),0),MATCH("施設名",$T$3:$W$3,0)),"") | AD9: =IFERROR(INDEX($T$4:$W$700,MATCH($X9&AD$3,INDEX($T$4:$T$700&$V$4:$V$700,),0),MATCH("施設名",$T$3:$W$3,0)),"") | AE9: =IFERROR(INDEX($T$4:$W$700,MATCH($X9&AE$3,INDEX($T$4:$T$700&$V$4:$V$700,),0),MATCH("施設名",$T$3:$W$3,0)),"") | AF9: =IFERROR(INDEX($T$4:$W$700,MATCH($X9&AF$3,INDEX($T$4:$T$700&$V$4:$V$700,),0),MATCH("施設名",$T$3:$W$3,0)),"") -> 0 | AG9: =IFERROR(INDEX($T$4:$W$700,MATCH($X9&AG$3,INDEX($T$4:$T$700&$V$4:$V$700,),0),MATCH("施設名",$T$3:$W$3,0)),"")
A10: 700042 | B10: 01私立 | C10: 05家庭的 | D10: 家 | E10: 西区 | F10: 保育るーむひなたぼっこ | J10: 5 | K10: 0 | L10: 0 | M10: 1 | N10: 4 | O10: =SUM(テーブル1[[#This Row],[列11]:[列12]]) -> 5 | R10: =SUM(K10,L10,O10) -> 5 | S10: =A10 -> 700042 | T10: =COUNTIF($V$4:V10,V10) -> 1 | U10: =IF(T10=1,COUNTIF($T$4:T10,1),"") -> 6 | V10: ='施設状況(要更新)'!$E10&'施設状況(要更新)'!$C10 -> 西区05家庭的 | W10: ='施設状況(要更新)'!$F10 -> 保育るーむひなたぼっこ | X10: 6 | Y10: =IFERROR(INDEX($T$4:$W$700,MATCH($X10&Y$3,INDEX($T$4:$T$700&$V$4:$V$700,),0),MATCH("施設名",$T$3:$W$3,0)),"") | Z10: =IFERROR(INDEX($T$4:$W$700,MATCH($X10&Z$3,INDEX($T$4:$T$700&$V$4:$V$700,),0),MATCH("施設名",$T$3:$W$3,0)),"") | AA10: =IFERROR(INDEX($T$4:$W$700,MATCH($X10&AA$3,INDEX($T$4:$T$700&$V$4:$V$700,),0),MATCH("施設名",$T$3:$W$3,0)),"") | AB10: =IFERROR(INDEX($T$4:$W$700,MATCH($X10&AB$3,INDEX($T$4:$T$700&$V$4:$V$700,),0),MATCH("施設名",$T$3:$W$3,0)),"") | AC10: =IFERROR(INDEX($T$4:$W$700,MATCH($X10&AC$3,INDEX($T$4:$T$700&$V$4:$V$700,),0),MATCH("施設名",$T$3:$W$3,0)),"") | AD10: =IFERROR(INDEX($T$4:$W$700,MATCH($X10&AD$3,INDEX($T$4:$T$700&$V$4:$V$700,),0),MATCH("施設名",$T$3:$W$3,0)),"") | AE10: =IFERROR(INDEX($T$4:$W$700,MATCH($X10&AE$3,INDEX($T$4:$T$700&$V$4:$V$700,),0),MATCH("施設名",$T$3:$W$3,0)),"") | AF10: =IFERROR(INDEX($T$4:$W$700,MATCH($X10&AF$3,INDEX($T$4:$T$700&$V$4:$V$700,),0),MATCH("施設名",$T$3:$W$3,0)),"") -> 0 | AG10: =IFERROR(INDEX($T$4:$W$700,MATCH($X10&AG$3,INDEX($T$4:$T$700&$V$4:$V$700,),0),MATCH("施設名",$T$3:$W$3,0)),"")
A11: 750033 | B11: 01私立 | C11: 05家庭的 | D11: 家 | E11: 手稲区 | F11: 保育室ベリーベリー | J11: 5 | K11: 0 | L11: 0 | M11: 1 | N11: 4 | O11: =SUM(テーブル1[[#This Row],[列11]:[列12]]) -> 5 | R11: =SUM(K11,L11,O11) -> 5 | S11: =A11 -> 750033 | T11: =COUNTIF($V$4:V11,V11) -> 1 | U11: =IF(T11=1,COUNTIF($T$4:T11,1),"") -> 7 | V11: ='施設状況(要更新)'!$E11&'施設状況(要更新)'!$C11 -> 手稲区05家庭的 | W11: ='施設状況(要更新)'!$F11 -> 保育室ベリーベリー | X11: 7 | Y11: =IFERROR(INDEX($T$4:$W$700,MATCH($X11&Y$3,INDEX($T$4:$T$700&$V$4:$V$700,),0),MATCH("施設名",$T$3:$W$3,0)),"") | Z11: =IFERROR(INDEX($T$4:$W$700,MATCH($X11&Z$3,INDEX($T$4:$T$700&$V$4:$V$700,),0),MATCH("施設名",$T$3:$W$3,0)),"") | AA11: =IFERROR(INDEX($T$4:$W$700,MATCH($X11&AA$3,INDEX($T$4:$T$700&$V$4:$V$700,),0),MATCH("施設名",$T$3:$W$3,0)),"") | AB11: =IFERROR(INDEX($T$4:$W$700,MATCH($X11&AB$3,INDEX($T$4:$T$700&$V$4:$V$700,),0),MATCH("施設名",$T$3:$W$3,0)),"") | AC11: =IFERROR(INDEX($T$4:$W$700,MATCH($X11&AC$3,INDEX($T$4:$T$700&$V$4:$V$700,),0),MATCH("施設名",$T$3:$W$3,0)),"") | AD11: =IFERROR(INDEX($T$4:$W$700,MATCH($X11&AD$3,INDEX($T$4:$T$700&$V$4:$V$700,),0),MATCH("施設名",$T$3:$W$3,0)),"") | AE11: =IFERROR(INDEX($T$4:$W$700,MATCH($X11&AE$3,INDEX($T$4:$T$700&$V$4:$V$700,),0),MATCH("施設名",$T$3:$W$3,0)),"") | AF11: =IFERROR(INDEX($T$4:$W$700,MATCH($X11&AF$3,INDEX($T$4:$T$700&$V$4:$V$700,),0),MATCH("施設名",$T$3:$W$3,0)),"") -> 0 | AG11: =IFERROR(INDEX($T$4:$W$700,MATCH($X11&AG$3,INDEX($T$4:$T$700&$V$4:$V$700,),0),MATCH("施設名",$T$3:$W$3,0)),"")
S12: =A12 -> 0 | T12: =COUNTIF($V$4:V12,V12) -> 1 | U12: =IF(T12=1,COUNTIF($T$4:T12,1),"") -> 8 | V12: ='施設状況(要更新)'!$E12&'施設状況(要更新)'!$C12 | W12: ='施設状況(要更新)'!$F12 -> 0 | X12: 8 | Y12: =IFERROR(INDEX($T$4:$W$700,MATCH($X12&Y$3,INDEX($T$4:$T$700&$V$4:$V$700,),0),MATCH("施設名",$T$3:$W$3,0)),"") | Z12: =IFERROR(INDEX($T$4:$W$700,MATCH($X12&Z$3,INDEX($T$4:$T$700&$V$4:$V$700,),0),MATCH("施設名",$T$3:$W$3,0)),"") | AA12: =IFERROR(INDEX($T$4:$W$700,MATCH($X12&AA$3,INDEX($T$4:$T$700&$V$4:$V$700,),0),MATCH("施設名",$T$3:$W$3,0)),"") | AB12: =IFERROR(INDEX($T$4:$W$700,MATCH($X12&AB$3,INDEX($T$4:$T$700&$V$4:$V$700,),0),MATCH("施設名",$T$3:$W$3,0)),"") | AC12: =IFERROR(INDEX($T$4:$W$700,MATCH($X12&AC$3,INDEX($T$4:$T$700&$V$4:$V$700,),0),MATCH("施設名",$T$3:$W$3,0)),"") | AD12: =IFERROR(INDEX($T$4:$W$700,MATCH($X12&AD$3,INDEX($T$4:$T$700&$V$4:$V$700,),0),MATCH("施設名",$T$3:$W$3,0)),"") | AE12: =IFERROR(INDEX($T$4:$W$700,MATCH($X12&AE$3,INDEX($T$4:$T$700&$V$4:$V$700,),0),MATCH("施設名",$T$3:$W$3,0)),"") | AF12: =IFERROR(INDEX($T$4:$W$700,MATCH($X12&AF$3,INDEX($T$4:$T$700&$V$4:$V$700,),0),MATCH("施設名",$T$3:$W$3,0)),"") -> 0 | AG12: =IFERROR(INDEX($T$4:$W$700,MATCH($X12&AG$3,INDEX($T$4:$T$700&$V$4:$V$700,),0),MATCH("施設名",$T$3:$W$3,0)),"")
S13: =A13 -> 0 | T13: =COUNTIF($V$4:V13,V13) -> 2 | U13: =IF(T13=1,COUNTIF($T$4:T13,1),"") | V13: ='施設状況(要更新)'!$E13&'施設状況(要更新)'!$C13 | W13: ='施設状況(要更新)'!$F13 -> 0 | X13: 9 | Y13: =IFERROR(INDEX($T$4:$W$700,MATCH($X13&Y$3,INDEX($T$4:$T$700&$V$4:$V$700,),0),MATCH("施設名",$T$3:$W$3,0)),"") | Z13: =IFERROR(INDEX($T$4:$W$700,MATCH($X13&Z$3,INDEX($T$4:$T$700&$V$4:$V$700,),0),MATCH("施設名",$T$3:$W$3,0)),"") | AA13: =IFERROR(INDEX($T$4:$W$700,MATCH($X13&AA$3,INDEX($T$4:$T$700&$V$4:$V$700,),0),MATCH("施設名",$T$3:$W$3,0)),"") | AB13: =IFERROR(INDEX($T$4:$W$700,MATCH($X13&AB$3,INDEX($T$4:$T$700&$V$4:$V$700,),0),MATCH("施設名",$T$3:$W$3,0)),"") | AC13: =IFERROR(INDEX($T$4:$W$700,MATCH($X13&AC$3,INDEX($T$4:$T$700&$V$4:$V$700,),0),MATCH("施設名",$T$3:$W$3,0)),"") | AD13: =IFERROR(INDEX($T$4:$W$700,MATCH($X13&AD$3,INDEX($T$4:$T$700&$V$4:$V$700,),0),MATCH("施設名",$T$3:$W$3,0)),"") | AE13: =IFERROR(INDEX($T$4:$W$700,MATCH($X13&AE$3,INDEX($T$4:$T$700&$V$4:$V$700,),0),MATCH("施設名",$T$3:$W$3,0)),"") | AF13: =IFERROR(INDEX($T$4:$W$700,MATCH($X13&AF$3,INDEX($T$4:$T$700&$V$4:$V$700,),0),MATCH("施設名",$T$3:$W$3,0)),"") -> 0 | AG13: =IFERROR(INDEX($T$4:$W$700,MATCH($X13&AG$3,INDEX($T$4:$T$700&$V$4:$V$700,),0),MATCH("施設名",$T$3:$W$3,0)),"")
S14: =A14 -> 0 | T14: =COUNTIF($V$4:V14,V14) -> 3 | U14: =IF(T14=1,COUNTIF($T$4:T14,1),"") | V14: ='施設状況(要更新)'!$E14&'施設状況(要更新)'!$C14 | W14: ='施設状況(要更新)'!$F14 -> 0 | X14: 10 | Y14: =IFERROR(INDEX($T$4:$W$700,MATCH($X14&Y$3,INDEX($T$4:$T$700&$V$4:$V$700,),0),MATCH("施設名",$T$3:$W$3,0)),"") | Z14: =IFERROR(INDEX($T$4:$W$700,MATCH($X14&Z$3,INDEX($T$4:$T$700&$V$4:$V$700,),0),MATCH("施設名",$T$3:$W$3,0)),"") | AA14: =IFERROR(INDEX($T$4:$W$700,MATCH($X14&AA$3,INDEX($T$4:$T$700&$V$4:$V$700,),0),MATCH("施設名",$T$3:$W$3,0)),"") | AB14: =IFERROR(INDEX($T$4:$W$700,MATCH($X14&AB$3,INDEX($T$4:$T$700&$V$4:$V$700,),0),MATCH("施設名",$T$3:$W$3,0)),"") | AC14: =IFERROR(INDEX($T$4:$W$700,MATCH($X14&AC$3,INDEX($T$4:$T$700&$V$4:$V$700,),0),MATCH("施設名",$T$3:$W$3,0)),"") | AD14: =IFERROR(INDEX($T$4:$W$700,MATCH($X14&AD$3,INDEX($T$4:$T$700&$V$4:$V$700,),0),MATCH("施設名",$T$3:$W$3,0)),"") | AE14: =IFERROR(INDEX($T$4:$W$700,MATCH($X14&AE$3,INDEX($T$4:$T$700&$V$4:$V$700,),0),MATCH("施設名",$T$3:$W$3,0)),"") | AF14: =IFERROR(INDEX($T$4:$W$700,MATCH($X14&AF$3,INDEX($T$4:$T$700&$V$4:$V$700,),0),MATCH("施設名",$T$3:$W$3,0)),"") -> 0 | AG14: =IFERROR(INDEX($T$4:$W$700,MATCH($X14&AG$3,INDEX($T$4:$T$700&$V$4:$V$700,),0),MATCH("施設名",$T$3:$W$3,0)),"")
S15: =A15 -> 0 | T15: =COUNTIF($V$4:V15,V15) -> 4 | U15: =IF(T15=1,COUNTIF($T$4:T15,1),"") | V15: ='施設状況(要更新)'!$E15&'施設状況(要更新)'!$C15 | W15: ='施設状況(要更新)'!$F15 -> 0 | X15: 11 | Y15: =IFERROR(INDEX($T$4:$W$700,MATCH($X15&Y$3,INDEX($T$4:$T$700&$V$4:$V$700,),0),MATCH("施設名",$T$3:$W$3,0)),"") | Z15: =IFERROR(INDEX($T$4:$W$700,MATCH($X15&Z$3,INDEX($T$4:$T$700&$V$4:$V$700,),0),MATCH("施設名",$T$3:$W$3,0)),"") | AA15: =IFERROR(INDEX($T$4:$W$700,MATCH($X15&AA$3,INDEX($T$4:$T$700&$V$4:$V$700,),0),MATCH("施設名",$T$3:$W$3,0)),"") | AB15: =IFERROR(INDEX($T$4:$W$700,MATCH($X15&AB$3,INDEX($T$4:$T$700&$V$4:$V$700,),0),MATCH("施設名",$T$3:$W$3,0)),"") | AC15: =IFERROR(INDEX($T$4:$W$700,MATCH($X15&AC$3,INDEX($T$4:$T$700&$V$4:$V$700,),0),MATCH("施設名",$T$3:$W$3,0)),"") | AD15: =IFERROR(INDEX($T$4:$W$700,MATCH($X15&AD$3,INDEX($T$4:$T$700&$V$4:$V$700,),0),MATCH("施設名",$T$3:$W$3,0)),"") | AE15: =IFERROR(INDEX($T$4:$W$700,MATCH($X15&AE$3,INDEX($T$4:$T$700&$V$4:$V$700,),0),MATCH("施設名",$T$3:$W$3,0)),"") | AF15: =IFERROR(INDEX($T$4:$W$700,MATCH($X15&AF$3,INDEX($T$4:$T$700&$V$4:$V$700,),0),MATCH("施設名",$T$3:$W$3,0)),"") -> 0 | AG15: =IFERROR(INDEX($T$4:$W$700,MATCH($X15&AG$3,INDEX($T$4:$T$700&$V$4:$V$700,),0),MATCH("施設名",$T$3:$W$3,0)),"")
S16: =A16 -> 0 | T16: =COUNTIF($V$4:V16,V16) -> 5 | U16: =IF(T16=1,COUNTIF($T$4:T16,1),"") | V16: ='施設状況(要更新)'!$E16&'施設状況(要更新)'!$C16 | W16: ='施設状況(要更新)'!$F16 -> 0 | X16: 12 | Y16: =IFERROR(INDEX($T$4:$W$700,MATCH($X16&Y$3,INDEX($T$4:$T$700&$V$4:$V$700,),0),MATCH("施設名",$T$3:$W$3,0)),"") | Z16: =IFERROR(INDEX($T$4:$W$700,MATCH($X16&Z$3,INDEX($T$4:$T$700&$V$4:$V$700,),0),MATCH("施設名",$T$3:$W$3,0)),"") | AA16: =IFERROR(INDEX($T$4:$W$700,MATCH($X16&AA$3,INDEX($T$4:$T$700&$V$4:$V$700,),0),MATCH("施設名",$T$3:$W$3,0)),"") | AB16: =IFERROR(INDEX($T$4:$W$700,MATCH($X16&AB$3,INDEX($T$4:$T$700&$V$4:$V$700,),0),MATCH("施設名",$T$3:$W$3,0)),"") | AC16: =IFERROR(INDEX($T$4:$W$700,MATCH($X16&AC$3,INDEX($T$4:$T$700&$V$4:$V$700,),0),MATCH("施設名",$T$3:$W$3,0)),"") | AD16: =IFERROR(INDEX($T$4:$W$700,MATCH($X16&AD$3,INDEX($T$4:$T$700&$V$4:$V$700,),0),MATCH("施設名",$T$3:$W$3,0)),"") | AE16: =IFERROR(INDEX($T$4:$W$700,MATCH($X16&AE$3,INDEX($T$4:$T$700&$V$4:$V$700,),0),MATCH("施設名",$T$3:$W$3,0)),"") | AF16: =IFERROR(INDEX($T$4:$W$700,MATCH($X16&AF$3,INDEX($T$4:$T$700&$V$4:$V$700,),0),MATCH("施設名",$T$3:$W$3,0)),"") -> 0 | AG16: =IFERROR(INDEX($T$4:$W$700,MATCH($X16&AG$3,INDEX($T$4:$T$700&$V$4:$V$700,),0),MATCH("施設名",$T$3:$W$3,0)),"")
S17: =A17 -> 0 | T17: =COUNTIF($V$4:V17,V17) -> 6 | U17: =IF(T17=1,COUNTIF($T$4:T17,1),"") | V17: ='施設状況(要更新)'!$E17&'施設状況(要更新)'!$C17 | W17: ='施設状況(要更新)'!$F17 -> 0 | X17: 13 | Y17: =IFERROR(INDEX($T$4:$W$700,MATCH($X17&Y$3,INDEX($T$4:$T$700&$V$4:$V$700,),0),MATCH("施設名",$T$3:$W$3,0)),"") | Z17: =IFERROR(INDEX($T$4:$W$700,MATCH($X17&Z$3,INDEX($T$4:$T$700&$V$4:$V$700,),0),MATCH("施設名",$T$3:$W$3,0)),"") | AA17: =IFERROR(INDEX($T$4:$W$700,MATCH($X17&AA$3,INDEX($T$4:$T$700&$V$4:$V$700,),0),MATCH("施設名",$T$3:$W$3,0)),"") | AB17: =IFERROR(INDEX($T$4:$W$700,MATCH($X17&AB$3,INDEX($T$4:$T$700&$V$4:$V$700,),0),MATCH("施設名",$T$3:$W$3,0)),"") | AC17: =IFERROR(INDEX($T$4:$W$700,MATCH($X17&AC$3,INDEX($T$4:$T$700&$V$4:$V$700,),0),MATCH("施設名",$T$3:$W$3,0)),"") | AD17: =IFERROR(INDEX($T$4:$W$700,MATCH($X17&AD$3,INDEX($T$4:$T$700&$V$4:$V$700,),0),MATCH("施設名",$T$3:$W$3,0)),"") | AE17: =IFERROR(INDEX($T$4:$W$700,MATCH($X17&AE$3,INDEX($T$4:$T$700&$V$4:$V$700,),0),MATCH("施設名",$T$3:$W$3,0)),"") | AF17: =IFERROR(INDEX($T$4:$W$700,MATCH($X17&AF$3,INDEX($T$4:$T$700&$V$4:$V$700,),0),MATCH("施設名",$T$3:$W$3,0)),"") -> 0 | AG17: =IFERROR(INDEX($T$4:$W$700,MATCH($X17&AG$3,INDEX($T$4:$T$700&$V$4:$V$700,),0),MATCH("施設名",$T$3:$W$3,0)),"")
S18: =A18 -> 0 | T18: =COUNTIF($V$4:V18,V18) -> 7 | U18: =IF(T18=1,COUNTIF($T$4:T18,1),"") | V18: ='施設状況(要更新)'!$E18&'施設状況(要更新)'!$C18 | W18: ='施設状況(要更新)'!$F18 -> 0 | X18: 14 | Y18: =IFERROR(INDEX($T$4:$W$700,MATCH($X18&Y$3,INDEX($T$4:$T$700&$V$4:$V$700,),0),MATCH("施設名",$T$3:$W$3,0)),"") | Z18: =IFERROR(INDEX($T$4:$W$700,MATCH($X18&Z$3,INDEX($T$4:$T$700&$V$4:$V$700,),0),MATCH("施設名",$T$3:$W$3,0)),"") | AA18: =IFERROR(INDEX($T$4:$W$700,MATCH($X18&AA$3,INDEX($T$4:$T$700&$V$4:$V$700,),0),MATCH("施設名",$T$3:$W$3,0)),"") | AB18: =IFERROR(INDEX($T$4:$W$700,MATCH($X18&AB$3,INDEX($T$4:$T$700&$V$4:$V$700,),0),MATCH("施設名",$T$3:$W$3,0)),"") | AC18: =IFERROR(INDEX($T$4:$W$700,MATCH($X18&AC$3,INDEX($T$4:$T$700&$V$4:$V$700,),0),MATCH("施設名",$T$3:$W$3,0)),"") | AD18: =IFERROR(INDEX($T$4:$W$700,MATCH($X18&AD$3,INDEX($T$4:$T$700&$V$4:$V$700,),0),MATCH("施設名",$T$3:$W$3,0)),"") | AE18: =IFERROR(INDEX($T$4:$W$700,MATCH($X18&AE$3,INDEX($T$4:$T$700&$V$4:$V$700,),0),MATCH("施設名",$T$3:$W$3,0)),"") | AF18: =IFERROR(INDEX($T$4:$W$700,MATCH($X18&AF$3,INDEX($T$4:$T$700&$V$4:$V$700,),0),MATCH("施設名",$T$3:$W$3,0)),"") -> 0 | AG18: =IFERROR(INDEX($T$4:$W$700,MATCH($X18&AG$3,INDEX($T$4:$T$700&$V$4:$V$700,),0),MATCH("施設名",$T$3:$W$3,0)),"")
S19: =A19 -> 0 | T19: =COUNTIF($V$4:V19,V19) -> 8 | U19: =IF(T19=1,COUNTIF($T$4:T19,1),"") | V19: ='施設状況(要更新)'!$E19&'施設状況(要更新)'!$C19 | W19: ='施設状況(要更新)'!$F19 -> 0 | X19: 15 | Y19: =IFERROR(INDEX($T$4:$W$700,MATCH($X19&Y$3,INDEX($T$4:$T$700&$V$4:$V$700,),0),MATCH("施設名",$T$3:$W$3,0)),"") | Z19: =IFERROR(INDEX($T$4:$W$700,MATCH($X19&Z$3,INDEX($T$4:$T$700&$V$4:$V$700,),0),MATCH("施設名",$T$3:$W$3,0)),"") | AA19: =IFERROR(INDEX($T$4:$W$700,MATCH($X19&AA$3,INDEX($T$4:$T$700&$V$4:$V$700,),0),MATCH("施設名",$T$3:$W$3,0)),"") | AB19: =IFERROR(INDEX($T$4:$W$700,MATCH($X19&AB$3,INDEX($T$4:$T$700&$V$4:$V$700,),0),MATCH("施設名",$T$3:$W$3,0)),"") | AC19: =IFERROR(INDEX($T$4:$W$700,MATCH($X19&AC$3,INDEX($T$4:$T$700&$V$4:$V$700,),0),MATCH("施設名",$T$3:$W$3,0)),"") | AD19: =IFERROR(INDEX($T$4:$W$700,MATCH($X19&AD$3,INDEX($T$4:$T$700&$V$4:$V$700,),0),MATCH("施設名",$T$3:$W$3,0)),"") | AE19: =IFERROR(INDEX($T$4:$W$700,MATCH($X19&AE$3,INDEX($T$4:$T$700&$V$4:$V$700,),0),MATCH("施設名",$T$3:$W$3,0)),"") | AF19: =IFERROR(INDEX($T$4:$W$700,MATCH($X19&AF$3,INDEX($T$4:$T$700&$V$4:$V$700,),0),MATCH("施設名",$T$3:$W$3,0)),"") -> 0 | AG19: =IFERROR(INDEX($T$4:$W$700,MATCH($X19&AG$3,INDEX($T$4:$T$700&$V$4:$V$700,),0),MATCH("施設名",$T$3:$W$3,0)),"")
S20: =A20 -> 0 | T20: =COUNTIF($V$4:V20,V20) -> 9 | U20: =IF(T20=1,COUNTIF($T$4:T20,1),"") | V20: ='施設状況(要更新)'!$E20&'施設状況(要更新)'!$C20 | W20: ='施設状況(要更新)'!$F20 -> 0 | X20: 16 | Y20: =IFERROR(INDEX($T$4:$W$700,MATCH($X20&Y$3,INDEX($T$4:$T$700&$V$4:$V$700,),0),MATCH("施設名",$T$3:$W$3,0)),"") | Z20: =IFERROR(INDEX($T$4:$W$700,MATCH($X20&Z$3,INDEX($T$4:$T$700&$V$4:$V$700,),0),MATCH("施設名",$T$3:$W$3,0)),"") | AA20: =IFERROR(INDEX($T$4:$W$700,MATCH($X20&AA$3,INDEX($T$4:$T$700&$V$4:$V$700,),0),MATCH("施設名",$T$3:$W$3,0)),"") | AB20: =IFERROR(INDEX($T$4:$W$700,MATCH($X20&AB$3,INDEX($T$4:$T$700&$V$4:$V$700,),0),MATCH("施設名",$T$3:$W$3,0)),"") | AC20: =IFERROR(INDEX($T$4:$W$700,MATCH($X20&AC$3,INDEX($T$4:$T$700&$V$4:$V$700,),0),MATCH("施設名",$T$3:$W$3,0)),"") | AD20: =IFERROR(INDEX($T$4:$W$700,MATCH($X20&AD$3,INDEX($T$4:$T$700&$V$4:$V$700,),0),MATCH("施設名",$T$3:$W$3,0)),"") | AE20: =IFERROR(INDEX($T$4:$W$700,MATCH($X20&AE$3,INDEX($T$4:$T$700&$V$4:$V$700,),0),MATCH("施設名",$T$3:$W$3,0)),"") | AF20: =IFERROR(INDEX($T$4:$W$700,MATCH($X20&AF$3,INDEX($T$4:$T$700&$V$4:$V$700,),0),MATCH("施設名",$T$3:$W$3,0)),"") -> 0 | AG20: =IFERROR(INDEX($T$4:$W$700,MATCH($X20&AG$3,INDEX($T$4:$T$700&$V$4:$V$700,),0),MATCH("施設名",$T$3:$W$3,0)),"")
S21: =A21 -> 0 | T21: =COUNTIF($V$4:V21,V21) -> 10 | U21: =IF(T21=1,COUNTIF($T$4:T21,1),"") | V21: ='施設状況(要更新)'!$E21&'施設状況(要更新)'!$C21 | W21: ='施設状況(要更新)'!$F21 -> 0 | X21: 17 | Y21: =IFERROR(INDEX($T$4:$W$700,MATCH($X21&Y$3,INDEX($T$4:$T$700&$V$4:$V$700,),0),MATCH("施設名",$T$3:$W$3,0)),"") | Z21: =IFERROR(INDEX($T$4:$W$700,MATCH($X21&Z$3,INDEX($T$4:$T$700&$V$4:$V$700,),0),MATCH("施設名",$T$3:$W$3,0)),"") | AA21: =IFERROR(INDEX($T$4:$W$700,MATCH($X21&AA$3,INDEX($T$4:$T$700&$V$4:$V$700,),0),MATCH("施設名",$T$3:$W$3,0)),"") | AB21: =IFERROR(INDEX($T$4:$W$700,MATCH($X21&AB$3,INDEX($T$4:$T$700&$V$4:$V$700,),0),MATCH("施設名",$T$3:$W$3,0)),"") | AC21: =IFERROR(INDEX($T$4:$W$700,MATCH($X21&AC$3,INDEX($T$4:$T$700&$V$4:$V$700,),0),MATCH("施設名",$T$3:$W$3,0)),"") | AD21: =IFERROR(INDEX($T$4:$W$700,MATCH($X21&AD$3,INDEX($T$4:$T$700&$V$4:$V$700,),0),MATCH("施設名",$T$3:$W$3,0)),"") | AE21: =IFERROR(INDEX($T$4:$W$700,MATCH($X21&AE$3,INDEX($T$4:$T$700&$V$4:$V$700,),0),MATCH("施設名",$T$3:$W$3,0)),"") | AF21: =IFERROR(INDEX($T$4:$W$700,MATCH($X21&AF$3,INDEX($T$4:$T$700&$V$4:$V$700,),0),MATCH("施設名",$T$3:$W$3,0)),"") -> 0 | AG21: =IFERROR(INDEX($T$4:$W$700,MATCH($X21&AG$3,INDEX($T$4:$T$700&$V$4:$V$700,),0),MATCH("施設名",$T$3:$W$3,0)),"")
S22: =A22 -> 0 | T22: =COUNTIF($V$4:V22,V22) -> 11 | U22: =IF(T22=1,COUNTIF($T$4:T22,1),"") | V22: ='施設状況(要更新)'!$E22&'施設状況(要更新)'!$C22 | W22: ='施設状況(要更新)'!$F22 -> 0 | X22: 18 | Y22: =IFERROR(INDEX($T$4:$W$700,MATCH($X22&Y$3,INDEX($T$4:$T$700&$V$4:$V$700,),0),MATCH("施設名",$T$3:$W$3,0)),"") | Z22: =IFERROR(INDEX($T$4:$W$700,MATCH($X22&Z$3,INDEX($T$4:$T$700&$V$4:$V$700,),0),MATCH("施設名",$T$3:$W$3,0)),"") | AA22: =IFERROR(INDEX($T$4:$W$700,MATCH($X22&AA$3,INDEX($T$4:$T$700&$V$4:$V$700,),0),MATCH("施設名",$T$3:$W$3,0)),"") | AB22: =IFERROR(INDEX($T$4:$W$700,MATCH($X22&AB$3,INDEX($T$4:$T$700&$V$4:$V$700,),0),MATCH("施設名",$T$3:$W$3,0)),"") | AC22: =IFERROR(INDEX($T$4:$W$700,MATCH($X22&AC$3,INDEX($T$4:$T$700&$V$4:$V$700,),0),MATCH("施設名",$T$3:$W$3,0)),"") | AD22: =IFERROR(INDEX($T$4:$W$700,MATCH($X22&AD$3,INDEX($T$4:$T$700&$V$4:$V$700,),0),MATCH("施設名",$T$3:$W$3,0)),"") | AE22: =IFERROR(INDEX($T$4:$W$700,MATCH($X22&AE$3,INDEX($T$4:$T$700&$V$4:$V$700,),0),MATCH("施設名",$T$3:$W$3,0)),"") | AF22: =IFERROR(INDEX($T$4:$W$700,MATCH($X22&AF$3,INDEX($T$4:$T$700&$V$4:$V$700,),0),MATCH("施設名",$T$3:$W$3,0)),"") -> 0 | AG22: =IFERROR(INDEX($T$4:$W$700,MATCH($X22&AG$3,INDEX($T$4:$T$700&$V$4:$V$700,),0),MATCH("施設名",$T$3:$W$3,0)),"")
S23: =A23 -> 0 | T23: =COUNTIF($V$4:V23,V23) -> 12 | U23: =IF(T23=1,COUNTIF($T$4:T23,1),"") | V23: ='施設状況(要更新)'!$E23&'施設状況(要更新)'!$C23 | W23: ='施設状況(要更新)'!$F23 -> 0 | X23: 19 | Y23: =IFERROR(INDEX($T$4:$W$700,MATCH($X23&Y$3,INDEX($T$4:$T$700&$V$4:$V$700,),0),MATCH("施設名",$T$3:$W$3,0)),"") | Z23: =IFERROR(INDEX($T$4:$W$700,MATCH($X23&Z$3,INDEX($T$4:$T$700&$V$4:$V$700,),0),MATCH("施設名",$T$3:$W$3,0)),"") | AA23: =IFERROR(INDEX($T$4:$W$700,MATCH($X23&AA$3,INDEX($T$4:$T$700&$V$4:$V$700,),0),MATCH("施設名",$T$3:$W$3,0)),"") | AB23: =IFERROR(INDEX($T$4:$W$700,MATCH($X23&AB$3,INDEX($T$4:$T$700&$V$4:$V$700,),0),MATCH("施設名",$T$3:$W$3,0)),"") | AC23: =IFERROR(INDEX($T$4:$W$700,MATCH($X23&AC$3,INDEX($T$4:$T$700&$V$4:$V$700,),0),MATCH("施設名",$T$3:$W$3,0)),"") | AD23: =IFERROR(INDEX($T$4:$W$700,MATCH($X23&AD$3,INDEX($T$4:$T$700&$V$4:$V$700,),0),MATCH("施設名",$T$3:$W$3,0)),"") | AE23: =IFERROR(INDEX($T$4:$W$700,MATCH($X23&AE$3,INDEX($T$4:$T$700&$V$4:$V$700,),0),MATCH("施設名",$T$3:$W$3,0)),"") | AF23: =IFERROR(INDEX($T$4:$W$700,MATCH($X23&AF$3,INDEX($T$4:$T$700&$V$4:$V$700,),0),MATCH("施設名",$T$3:$W$3,0)),"") -> 0 | AG23: =IFERROR(INDEX($T$4:$W$700,MATCH($X23&AG$3,INDEX($T$4:$T$700&$V$4:$V$700,),0),MATCH("施設名",$T$3:$W$3,0)),"")
... S64: =A64 -> 0 | T64: =COUNTIF($V$4:V64,V64) -> 53 | U64: =IF(T64=1,COUNTIF($T$4:T64,1),"") | V64: ='施設状況(要更新)'!$E64&'施設状況(要更新)'!$C64 | W64: ='施設状況(要更新)'!$F64 -> 0 | X64: 60 | Y64: =IFERROR(INDEX($T$4:$W$700,MATCH($X64&Y$3,INDEX($T$4:$T$700&$V$4:$V$700,),0),MATCH("施設名",$T$3:$W$3,0)),"") | Z64: =IFERROR(INDEX($T$4:$W$700,MATCH($X64&Z$3,INDEX($T$4:$T$700&$V$4:$V$700,),0),MATCH("施設名",$T$3:$W$3,0)),"") | AA64: =IFERROR(INDEX($T$4:$W$700,MATCH($X64&AA$3,INDEX($T$4:$T$700&$V$4:$V$700,),0),MATCH("施設名",$T$3:$W$3,0)),"") | AB64: =IFERROR(INDEX($T$4:$W$700,MATCH($X64&AB$3,INDEX($T$4:$T$700&$V$4:$V$700,),0),MATCH("施設名",$T$3:$W$3,0)),"") | AC64: =IFERROR(INDEX($T$4:$W$700,MATCH($X64&AC$3,INDEX($T$4:$T$700&$V$4:$V$700,),0),MATCH("施設名",$T$3:$W$3,0)),"") | AD64: =IFERROR(INDEX($T$4:$W$700,MATCH($X64&AD$3,INDEX($T$4:$T$700&$V$4:$V$700,),0),MATCH("施設名",$T$3:$W$3,0)),"") | AE64: =IFERROR(INDEX($T$4:$W$700,MATCH($X64&AE$3,INDEX($T$4:$T$700&$V$4:$V$700,),0),MATCH("施設名",$T$3:$W$3,0)),"") | AF64: =IFERROR(INDEX($T$4:$W$700,MATCH($X64&AF$3,INDEX($T$4:$T$700&$V$4:$V$700,),0),MATCH("施設名",$T$3:$W$3,0)),"") -> 0 | AG64: =IFERROR(INDEX($T$4:$W$700,MATCH($X64&AG$3,INDEX($T$4:$T$700&$V$4:$V$700,),0),MATCH("施設名",$T$3:$W$3,0)),"")
S65: =A65 -> 0 | T65: =COUNTIF($V$4:V65,V65) -> 54 | U65: =IF(T65=1,COUNTIF($T$4:T65,1),"") | V65: ='施設状況(要更新)'!$E65&'施設状況(要更新)'!$C65 | W65: ='施設状況(要更新)'!$F65 -> 0
S66: =A66 -> 0 | T66: =COUNTIF($V$4:V66,V66) -> 55 | U66: =IF(T66=1,COUNTIF($T$4:T66,1),"") | V66: ='施設状況(要更新)'!$E66&'施設状況(要更新)'!$C66 | W66: ='施設状況(要更新)'!$F66 -> 0
S67: =A67 -> 0 | T67: =COUNTIF($V$4:V67,V67) -> 56 | U67: =IF(T67=1,COUNTIF($T$4:T67,1),"") | V67: ='施設状況(要更新)'!$E67&'施設状況(要更新)'!$C67 | W67: ='施設状況(要更新)'!$F67 -> 0
S68: =A68 -> 0 | T68: =COUNTIF($V$4:V68,V68) -> 57 | U68: =IF(T68=1,COUNTIF($T$4:T68,1),"") | V68: ='施設状況(要更新)'!$E68&'施設状況(要更新)'!$C68 | W68: ='施設状況(要更新)'!$F68 -> 0
S69: =A69 -> 0 | T69: =COUNTIF($V$4:V69,V69) -> 58 | U69: =IF(T69=1,COUNTIF($T$4:T69,1),"") | V69: ='施設状況(要更新)'!$E69&'施設状況(要更新)'!$C69 | W69: ='施設状況(要更新)'!$F69 -> 0
S70: =A70 -> 0 | T70: =COUNTIF($V$4:V70,V70) -> 59 | U70: =IF(T70=1,COUNTIF($T$4:T70,1),"") | V70: ='施設状況(要更新)'!$E70&'施設状況(要更新)'!$C70 | W70: ='施設状況(要更新)'!$F70 -> 0
S71: =A71 -> 0 | T71: =COUNTIF($V$4:V71,V71) -> 60 | U71: =IF(T71=1,COUNTIF($T$4:T71,1),"") | V71: ='施設状況(要更新)'!$E71&'施設状況(要更新)'!$C71 | W71: ='施設状況(要更新)'!$F71 -> 0
S72: =A72 -> 0 | T72: =COUNTIF($V$4:V72,V72) -> 61 | U72: =IF(T72=1,COUNTIF($T$4:T72,1),"") | V72: ='施設状況(要更新)'!$E72&'施設状況(要更新)'!$C72 | W72: ='施設状況(要更新)'!$F72 -> 0
S73: =A73 -> 0 | T73: =COUNTIF($V$4:V73,V73) -> 62 | U73: =IF(T73=1,COUNTIF($T$4:T73,1),"") | V73: ='施設状況(要更新)'!$E73&'施設状況(要更新)'!$C73 | W73: ='施設状況(要更新)'!$F73 -> 0
S74: =A74 -> 0 | T74: =COUNTIF($V$4:V74,V74) -> 63 | U74: =IF(T74=1,COUNTIF($T$4:T74,1),"") | V74: ='施設状況(要更新)'!$E74&'施設状況(要更新)'!$C74 | W74: ='施設状況(要更新)'!$F74 -> 0
S75: =A75 -> 0 | T75: =COUNTIF($V$4:V75,V75) -> 64 | U75: =IF(T75=1,COUNTIF($T$4:T75,1),"") | V75: ='施設状況(要更新)'!$E75&'施設状況(要更新)'!$C75 | W75: ='施設状況(要更新)'!$F75 -> 0
S76: =A76 -> 0 | T76: =COUNTIF($V$4:V76,V76) -> 65 | U76: =IF(T76=1,COUNTIF($T$4:T76,1),"") | V76: ='施設状況(要更新)'!$E76&'施設状況(要更新)'!$C76 | W76: ='施設状況(要更新)'!$F76 -> 0
... S700: =A700 -> 0 | T700: =COUNTIF($V$4:V700,V700) -> 689 | U700: =IF(T700=1,COUNTIF($T$4:T700,1),"") | V700: ='施設状況(要更新)'!$E700&'施設状況(要更新)'!$C700 | W700: ='施設状況(要更新)'!$F700 -> 0
D701: 集計 | F701: =SUBTOTAL(103,'施設状況(要更新)'!$F$4:$F$700) -> 8 | G701: =SUBTOTAL(109,'施設状況(要更新)'!$G$4:$G$700) -> 0 | H701: =SUBTOTAL(109,'施設状況(要更新)'!$H$4:$H$700) -> 0 | I701: =SUBTOTAL(109,'施設状況(要更新)'!$I$4:$I$700) -> 0 | J701: 12 | K701: =SUBTOTAL(109,'施設状況(要更新)'!$K$4:$K$700) -> 0 | L701: =SUBTOTAL(109,'施設状況(要更新)'!$L$4:$L$700) -> 0 | M701: =SUBTOTAL(109,'施設状況(要更新)'!$M$4:$M$700) -> 8 | N701: =SUBTOTAL(109,'施設状況(要更新)'!$N$4:$N$700) -> 32 | O701: =SUBTOTAL(109,'施設状況(要更新)'!$O$4:$O$700) -> 40 | R701: =SUBTOTAL(109,'施設状況(要更新)'!$R$4:$R$700) -> 40
F702: 1 | G702: 2 | H702: 3 | I702: 4 | J702: 5 | K702: 6 | L702: 7 | M702: 8 | N702: 9 | O702: 10 | P702: 11 | R702: 12

Sheet 休日情報(要更新) 
A1: 【祝日情報】
A2: 当該シートに祝日を入力すると、利用状況表で対応する日が「赤表示」になります。
A3: 2022 | C3: =A3+1 -> 2023 | E3: =C3+1 -> 2024 | G3: =E3+1 -> 2025 | I3: =G3+1 -> 2026
A4: 日付 | B4: 祝日名 | C4: =A4 -> 日付 | D4: =B4 -> 祝日名 | E4: =C4 -> 日付 | F4: =D4 -> 祝日名 | G4: =E4 -> 日付 | H4: =F4 -> 祝日名 | I4: =G4 -> 日付 | J4: =H4 -> 祝日名
A5: 44562 | B5: 元日 | C5: 44927 | D5: 元日 | E5: 45292 | F5: 元日 | G5: 45658 | H5: 元日
A6: 44571 | B6: 成人の日 | C6: 44928 | D6: 振替休日（元日） | E6: 45299 | F6: 成人の日 | G6: 45670 | H6: 成人の日
A7: 44603 | B7: 建国記念の日 | C7: 44935 | D7: 成人の日 | E7: 45333 | F7: 建国記念の日 | G7: 45699 | H7: 建国記念の日
A8: 44615 | B8: 天皇誕生日 | C8: 44968 | D8: 建国記念の日 | E8: 45334 | F8: 振替休日（建国記念の日） | G8: 45711 | H8: 天皇誕生日
A9: 44641 | B9: 春分の日 | C9: 44980 | D9: 天皇誕生日 | E9: 45345 | F9: 天皇誕生日 | G9: 45712 | H9: 振替休日（天皇誕生日）
A10: 44680 | B10: 昭和の日 | C10: 45006 | D10: 春分の日 | E10: 45371 | F10: 春分の日 | G10: 45736 | H10: 春分の日
A11: 44684 | B11: 憲法記念日 | C11: 45045 | D11: 昭和の日 | E11: 45411 | F11: 昭和の日 | G11: 45776 | H11: 昭和の日
A12: 44685 | B12: みどりの日 | C12: 45049 | D12: 憲法記念日 | E12: 45415 | F12: 憲法記念日 | G12: 45780 | H12: 憲法記念日
A13: 44686 | B13: こどもの日 | C13: 45050 | D13: みどりの日 | E13: 45416 | F13: みどりの日 | G13: 45781 | H13: みどりの日
A14: 44760 | B14: 海の日 | C14: 45051 | D14: こどもの日 | E14: 45417 | F14: こどもの日 | G14: 45782 | H14: こどもの日
A15: 44784 | B15: 山の日 | C15: 45124 | D15: 海の日 | E15: 45418 | F15: 振替休日（こどもの日） | G15: 45783 | H15: 振替休日（みどりの日）
A16: 44823 | B16: 敬老の日 | C16: 45149 | D16: 山の日 | E16: 45488 | F16: 海の日 | G16: 45859 | H16: 海の日
... A21: 44926 | B21: ※土曜日 | C21: 45253 | D21: 勤労感謝の日 | E21: 45558 | F21: 振替休日（秋分の日） | G21: 45964 | H21: 文化の日
C22: 45290 | D22: ※土曜日 | E22: 45579 | F22: スポーツの日 | G22: 45984 | H22: 勤労感謝の日
E23: 45599 | F23: 文化の日 | G23: 45985 | H23: 振替休日（勤労感謝の日）
E24: 45600 | F24: 振替休日（文化の日）
E25: 45619 | F25: 勤労感謝の日

Sheet 作成方法
B2: 【作成要領・提出書類チェック表】
B4: 黄色 | C4: 直接手入力してください。
B5: 橙色 | C5: ドロップダウンで選択。
B6: 水色 | C6: 札幌市で入力済の内容です。変更がある場合は、申し出ください。
B7: 白色 | C7: 入力不可
B9: 【提出方法】
B10: ＜Excelデータ 提出先＞
B11: アドレス | C11: kyufuhi@city.sapporo.jp
B12: メール件名 | C12: =IF(【様式１】総括表・個票!$D$12="","※園名を選択",CONCATENATE("【加算申請】",VLOOKUP(【様式１】総括表・個票!$D$12,'施設状況(要更新)'!$F$4:$S$700,14,FALSE),【様式１】総括表・個票!$D$12)) -> ※園名を選択 | D12: ←（【様式１】で園名を選ぶと反映）
B13: パスワード | C13: 29hoiku86 | D13: ← Excelデータをこちらのパスワードで
D14: zipファイル化して、メールに添付してください。
B15: ＜添付書類 郵送先＞
B16: 〒060-0051 | D16: ←「【別添】添付書類の表紙」を付けて郵送してください。
B17: 札幌市中央区南１条東１丁目 大通バスセンタービル３階 | D17: （右隣のシート）
B18: 子ども未来局子育て支援部施設運営課給付係 TEL 011-211-3027
B20: 【お問い合わせについて】
B21: メールでのお問い合わせにご協力ください。（様式の入力がうまくいかない等、データをこちらで確認する必要がある場合はデータも添付してください。）
B22: アドレス | C22: kyufuhi@city.sapporo.jp
B23: メール件名 | C23: =IF(【様式１】総括表・個票!$D$12="","※園名を選択",CONCATENATE("【加算問い合わせ】",VLOOKUP(【様式１】総括表・個票!$D$12,'施設状況(要更新)'!$F$4:$S$700,14,FALSE),【様式１】総括表・個票!$D$12)) -> ※園名を選択 | D23: ←（【様式１】で園名を選ぶと反映）
B25: 【作成にあたって】
B26: 項目 | C26: 説明
B27: 作成ソフト | C27: 本様式はExcel2016（Microsoft社）で作成しておりますので、Excel2016以降での作成を推奨します。このため、Excel2016未満のバージョン（2010、2003等）及びMicrosoft社製以外の表計算ソフト（Kingsoft、Numbers等）での動作は保証いたしません。
B28: 作成手順 | C28: (0) （前月分を作成済みの場合）ファイルをコピーして別名で保存
C29: (1) 様式1(総括表)：申請月、所在区、施設名入力→利用定員が正しいか確認
C30: (2) 様式1(個票)：申請する加算入力(一部様式2～5の入力状況を引用)
C31: (3) 別紙1～7：必要に応じて入力
C32: (4) 様式2：月初日時点の職員配置を入力
C33: (5) 様式3：非常勤職員がいる場合は、該当月の勤務予定時間を入力
C34: (6) 様式4：クラス編成状況を記載
C35: (7) 様式5：初日児童数、基本配置・加算・補助金対象職員選択
C36: (8) 様式1：様式2～5入力後に選択できる箇所が一部あるため再度確認(チーム保育加配等)
C37: (9) 様式6：年度開始月(4月)～申請月までを埋める
B38: 参考資料 | C38: ・ 依頼文 （各月分の申請期限はこちらでご確認ください。）
C39: ・ 様式内の「作成方法」シート、各シート印刷範囲外の説明書き
C40: ・ 加算・調整項目申請書作成要領 （依頼時に送付）
C41: ・ 国通知「特定教育・保育等に要する費用の額の算定に関する基準等の改正に伴う実施上の留意事項について」 （令和5年2月20日改正） 内閣府HP：https://www8.cao.go.jp/shoushi/shinseido/law/tsuuchi.html

Sheet 【別添】添付書類の表紙
A1: 【お問い合わせについて】 | D1: 月 | E1: 施設コード | F1: 施設名
A2: アドレス | B2: kyufuhi@city.sapporo.jp | D2: =【様式１】総括表・個票!I10&"月" -> 月 | E2: =VLOOKUP(【様式１】総括表・個票!D12,'施設状況(要更新)'!$F$4:$S$700,14,FALSE) -> #N/A | F2: =【様式１】総括表・個票!D12 -> 0
A3: メール件名 | B3: ="【問合せ】"&D2&"加算"&E2&F2 -> #N/A | C3: ←メールの件名はこちらをコピーして使用してください。
A4: ※問い合わせの際は、作成途中の申請書（エクセル）を一緒に添付してください。
A5: 【提出先】
A6: ＜Excelデータ＞
A7: アドレス | B7: kyufuhi@city.sapporo.jp
A8: メール件名 | B8: ="【提出】"&D2&"加算"&E2&F2 -> #N/A | C8: ←メールの件名はこちらをコピーして使用してください。
A9: エクセル名 | B9: =D2&"加算"&E2&F2 -> #N/A | C9: ←申請書（エクセル）の名前はこちらをコピーして使用してください。
A10: パスワード | B10: 29hoiku86 | C10: ←Excelデータをこちらのパスワードでお願いします。
A11: ＜PDFデータ（加算の添付書類）＞
A12: ※ＰＤＦで提出いただく添付書類の名前は、以下のリストからコピーして使用してください。
B14: 添付書類が必要な加算 | C14: 挙証書類の名前
A15: 添付書類① | B15: {=IFERROR(INDIRECT("F"&SMALL($I$16:$I$22,ROW()/3-4)),"")} -> 障害児保育加算 | C15: =IF($B$15="","",$E$2&"_"&B15&"添付書類①") -> #N/A | F15: 添付書類が必要な加算 | G15: 適用可否 | H15: 変換 | I15: 判定
C16: =IF($B$15="","",$E$2&"_"&B15&"添付書類②") -> #N/A | D16: =B15="" -> FALSE | F16: 資格保有者加算 | G16: =INDEX(【様式１】総括表・個票!$B$17:$B$39,MATCH(F16,【様式１】総括表・個票!$F$17:F$39,0)) -> 適用月エラー | H16: =G16 -> 適用月エラー | I16: =IF(H16="○",ROW(),"")
C17: =IF($B$15="","",$E$2&"_"&B15&"添付書類③") -> #N/A | D17: =D16 -> FALSE | F17: 障害児保育加算 | G17: =INDEX(【様式１】総括表・個票!$B$17:$B$39,MATCH(F17,【様式１】総括表・個票!$F$17:F$39,0)) -> 適用月エラー | H17: =IF(G17="×","×","○") -> ○ | I17: =IF(H17="○",ROW(),"") -> 17
A18: 添付書類② | B18: {=IFERROR(INDIRECT("F"&SMALL($I$16:$I$22,ROW()/3-4)),"")} | C18: =IF($B$15="","",$E$2&"_"&B18&"添付書類①") -> #N/A | D18: =D16 -> FALSE | F18: 減価償却費加算 | G18: =INDEX(【様式１】総括表・個票!$B$17:$B$39,MATCH(F18,【様式１】総括表・個票!$F$17:F$39,0)) -> 適用月エラー | H18: =G18 -> 適用月エラー | I18: =IF(H18="○",ROW(),"")
C19: =IF($B$15="","",$E$2&"_"&B18&"添付書類②") -> #N/A | D19: =B18="" -> TRUE | F19: 賃借料加算 | G19: =INDEX(【様式１】総括表・個票!$B$17:$B$39,MATCH(F19,【様式１】総括表・個票!$F$17:F$39,0)) -> 適用月エラー | H19: =G19 -> 適用月エラー | I19: =IF(H19="○",ROW(),"")
C20: =IF($B$15="","",$E$2&"_"&B18&"添付書類③") -> #N/A | D20: =D19 -> TRUE | F20: 栄養管理加算 | G20: =INDEX(【様式１】総括表・個票!$B$17:$B$39,MATCH(F20,【様式１】総括表・個票!$F$17:F$39,0)) -> 適用月エラー | H20: =IF(G20="×","×",IF(G20="適用月エラー","×","○")) -> × | I20: =IF(H20="○",ROW(),"")
A21: 添付書類③ | B21: {=IFERROR(INDIRECT("F"&SMALL($I$16:$I$22,ROW()/3-4)),"")} | C21: =IF($B$15="","",$E$2&"_"&B21&"添付書類①") -> #N/A | D21: =D19 -> TRUE | I21: =IF(H21="○",ROW(),"")
C22: =IF($B$15="","",$E$2&"_"&B21&"添付書類②") -> #N/A | D22: =B21="" -> TRUE
C23: =IF($B$15="","",$E$2&"_"&B21&"添付書類③") -> #N/A | D23: =D22 -> TRUE
A24: 添付書類④ | B24: {=IFERROR(INDIRECT("F"&SMALL($I$16:$I$22,ROW()/3-4)),"")} | C24: =IF($B$15="","",$E$2&"_"&B24&"添付書類①") -> #N/A | D24: =D22 -> TRUE
C25: =IF($B$15="","",$E$2&"_"&B24&"添付書類②") -> #N/A | D25: =B24="" -> TRUE
C26: =IF($B$15="","",$E$2&"_"&B24&"添付書類③") -> #N/A | D26: =D25 -> TRUE
A27: 添付書類⑤ | B27: {=IFERROR(INDIRECT("F"&SMALL($I$16:$I$22,ROW()/3-4)),"")} | C27: =IF($B$15="","",$E$2&"_"&B27&"添付書類①") -> #N/A | D27: =D25 -> TRUE
C28: =IF($B$15="","",$E$2&"_"&B27&"添付書類②") -> #N/A | D28: =B27="" -> TRUE
C29: =IF($B$15="","",$E$2&"_"&B27&"添付書類③") -> #N/A | D29: =D28 -> TRUE
A30: 添付書類⑥ | B30: {=IFERROR(INDIRECT("F"&SMALL($I$16:$I$22,ROW()/3-4)),"")} | C30: =IF($B$15="","",$E$2&"_"&B30&"添付書類①") -> #N/A | D30: =D28 -> TRUE
C31: =IF($B$15="","",$E$2&"_"&B30&"添付書類②") -> #N/A | D31: =B30="" -> TRUE
C32: =IF($B$15="","",$E$2&"_"&B30&"添付書類③") -> #N/A | D32: =D31 -> TRUE
A33: 添付書類⑦ | B33: {=IFERROR(INDIRECT("F"&SMALL($I$16:$I$22,ROW()/3-4)),"")} | C33: =IF($B$15="","",$E$2&"_"&B33&"添付書類①") -> #N/A | D33: =D31 -> TRUE
C34: =IF($B$15="","",$E$2&"_"&B33&"添付書類②") -> #N/A | D34: =B33="" -> TRUE
C35: =IF($B$15="","",$E$2&"_"&B33&"添付書類③") -> #N/A | D35: =D34 -> TRUE
A36: 添付書類⑧ | B36: {=IFERROR(INDIRECT("F"&SMALL($I$16:$I$22,ROW()/3-4)),"")} | C36: =IF($B$15="","",$E$2&"_"&B36&"添付書類①") -> #N/A | D36: =D34 -> TRUE
C37: =IF($B$15="","",$E$2&"_"&B36&"添付書類②") -> #N/A | D37: =B36="" -> TRUE
C38: =IF($B$15="","",$E$2&"_"&B36&"添付書類③") -> #N/A | D38: =D37 -> TRUE
A39: 添付書類⑨ | B39: {=IFERROR(INDIRECT("F"&SMALL($I$16:$I$22,ROW()/3-4)),"")} | C39: =IF($B$15="","",$E$2&"_"&B39&"添付書類①") -> #N/A | D39: =D37 -> TRUE
C40: =IF($B$15="","",$E$2&"_"&B39&"添付書類②") -> #N/A | D40: =B39="" -> TRUE
C41: =IF($B$15="","",$E$2&"_"&B39&"添付書類③") -> #N/A | D41: =D40 -> TRUE
D42: =D40 -> TRUE
D43: =B42="" -> TRUE
D44: =D43 -> TRUE
D45: =D43 -> TRUE
D46: =B45="" -> TRUE

Sheet 【様式１】総括表・個票
A1: 【様式１：家庭的保育事業者】 | X1: =AI2&"様式1"&AI3 -> 加-23_月申-様式1-家_Ver.2.00 | AI1: 様式名 | AJ1: 西暦 | AK1: 月 | AM1: 所在区 | AN1: 施設種別 | AO1: 選択 | AP1: 申請
AI2: ="加-"&MID($AJ$2,3,2)&"_"&$I$10&"月"&"申-" -> 加-23_月申- | AJ2: 2023 | AN2: 05家庭的
A3: =+AJ2&"年度施設型給付費等にかかる加算（調整）適用申請書（試算様式）" -> 2023年度施設型給付費等にかかる加算（調整）適用申請書（試算様式） | AI3: ="-"&MID(AN2,3,1)&IFERROR(VLOOKUP($D$12,'施設状況(要更新)'!$F$4:$S$700,14,FALSE),"")&"_Ver."&TEXT(ver!$B$18,"#.00") -> -家_Ver.2.00 | AK3: 4 | AL3: 1 | AM3: 中央区 | AO3: ○ | AP3: 申請する
W4: =VLOOKUP(I10,$AK$18:$AL$29,2,0) -> #N/A | AK4: 5 | AL4: 2 | AM4: 北区 | AO4: × | AP4: 申請しない
A5: （あて先）札幌市長 | AK5: 6 | AL5: 3 | AM5: 東区
P6: 法人名 | AK6: 7 | AL6: 4 | AM6: 白石区
P7: 代表者名 | AK7: 8 | AL7: 5 | AM7: 厚別区
A8: =+" "&AJ2&"年度において、下記のとおり申請します。" -> 2023年度において、下記のとおり申請します。 | AK8: 9 | AL8: 6 | AM8: 豊平区
A9: Ⅰ 総括表 | AK9: 10 | AL9: 7 | AM9: 清田区
A10: 申請月 | D10: =IF(I10>=4,$AJ$2,IF(AND(I10>0,$I$10<=3),$AJ$2+1,"")) | G10: 年 | L10: 月現在 | AK10: 11 | AL10: 8 | AM10: 南区
A11: 所在区 | AK11: 12 | AL11: 9 | AM11: 西区
A12: 施設名 | AK12: 1 | AL12: 10 | AM12: 手稲区
A13: 所在地 | AI13: 2号 | AJ13: 3号 | AK13: 2 | AL13: 11
A14: 利用定員 | D14: 本園 | F14: 2号 | J14: 名 | K14: 3号 | O14: 名 | P14: 合計 | R14: =H14+M14 -> 0 | T14: 名 | AI14: =VLOOKUP($D$12,'施設状況(要更新)'!$F$4:$R$700,7,FALSE) -> #N/A | AJ14: =VLOOKUP($D$12,'施設状況(要更新)'!$F$4:$R$700,10,FALSE) -> #N/A | AK14: 3 | AL14: 12
A15: ↓【判定】…個票を入力することで、申請の有無に「〇」又は該当する区分が表示されます。 | AK15: 0 | AL15: 0
A16: No. | B16: 申請の有無 | F16: 加算・調整項目 | V16: 加算適用開始(変更)月 | Z16: 備考 | AI16: 適否判定
A17: 0 | B17: =AI17 -> × | F17: 基本配置職員 | AI17: =J45 -> × | AK17: 提出日
A18: 基本加算部分 | V18: ↓加算適用を開始(変更)した月を入力してください。 | AI18: =VLOOKUP($I$10,AK3:AL15,2,FALSE) -> 0 | AK18: 4 | AL18: 45084
A19: 1 | B19: =IFERROR(IF(AI19,AJ19,"適用月エラー"),"－") -> 適用月エラー | F19: 処遇改善等加算Ⅰ | V19: 4 | AI19: =VLOOKUP(V19,$AK$3:$AL$15,2,FALSE)<=$AI$18 -> FALSE | AJ19: =J62 -> × | AK19: 5 | AL19: =AL18 -> 45084
A20: 2 | B20: =IFERROR(IF(AI20,AJ20,"適用月エラー"),"－") -> 適用月エラー | F20: 資格保有者加算 | V20: 4 | AI20: =VLOOKUP(V20,$AK$3:$AL$15,2,FALSE)<=$AI$18 -> FALSE | AJ20: =J66 -> × | AK20: 6 | AL20: =AL19 -> 45084
A21: 3 | B21: =IFERROR(IF(AI21,AJ21,"適用月エラー"),"－") -> 適用月エラー | F21: 家庭的保育補助者加算 | V21: 4 | AI21: =VLOOKUP(V21,$AK$3:$AL$15,2,FALSE)<=$AI$18 -> FALSE | AJ21: =J74 -> × | AK21: 7 | AL21: 45175
A22: 4 | B22: =IFERROR(IF(AI22,AJ22,"適用月エラー"),"－") -> 適用月エラー | F22: 家庭的保育支援加算 | V22: 4 | Z22: 札幌市は原則非適用 | AI22: =VLOOKUP(V22,$AK$3:$AL$15,2,FALSE)<=$AI$18 -> FALSE | AJ22: =J82 -> × | AK22: 8 | AL22: =AL21 -> 45175
A23: 5 | B23: =IFERROR(IF(AI23,AJ23,"適用月エラー"),"－") -> 適用月エラー | F23: 障害児保育加算 | V23: 4 | AI23: =VLOOKUP(V23,$AK$3:$AL$15,2,FALSE)<=$AI$18 -> FALSE | AJ23: =J106 -> × | AK23: 9 | AL23: =AL22 -> 45175
A24: 6 | B24: =IFERROR(IF(AI24,AJ24,"適用月エラー"),"－") -> 適用月エラー | F24: 減価償却費加算 | V24: 4 | Z24: 都市部 | AI24: =VLOOKUP(V24,$AK$3:$AL$15,2,FALSE)<=$AI$18 -> FALSE | AJ24: =J120 -> × | AK24: 10 | AL24: 45266
A25: 7 | B25: =IFERROR(IF(AI25,AJ25,"適用月エラー"),"－") -> 適用月エラー | F25: 賃借料加算 | V25: 4 | Z25: d地域-都市部 | AI25: =VLOOKUP(V25,$AK$3:$AL$15,2,FALSE)<=$AI$18 -> FALSE | AJ25: =J135 -> × | AK25: 11 | AL25: =AL24 -> 45266
A26: 加減調整部分 | AK26: 12 | AL26: =AL25 -> 45266
A27: 8 | B27: =IFERROR(IF(AI27,AJ27,"適用月エラー"),AJ27) -> 適用月エラー | F27: 連携施設を設定しない場合)（減算） | V27: 4 | AI27: =VLOOKUP(V27,$AK$3:$AL$15,2,FALSE)<=$AI$18 -> FALSE | AJ27: =J143 -> ○ | AK27: 1 | AL27: 44988
A28: 9 | B28: =IFERROR(IF(AI28,AJ28,"適用月エラー"),AJ28) -> 適用月エラー | F28: 食事の提供について自園調理又は連携施設等からの搬入以外の方法による場合(減算） | V28: 4 | AI28: =VLOOKUP(V28,$AK$3:$AL$15,2,FALSE)<=$AI$18 -> FALSE | AJ28: =J156 -> ○ | AK28: 2 | AL28: =AL27 -> 44988
A29: 10 | B29: =IFERROR(IF(AI29,AJ29,"適用月エラー"),AJ29) -> × | F29: 土曜日に閉所する場合（前月分実績は備考欄に記載）(減算） | V29: =I10 -> 0 | Z29: =IF(I10=4,"","前月："&F170) -> 前月：(変更無)全て → 全て | AI29: =VLOOKUP(V29,$AK$3:$AL$15,2,FALSE)<=$AI$18 -> TRUE | AJ29: =J165 -> × | AK29: 3 | AL29: =AL28 -> 44988
A30: 特定加算部分
A31: 11 | B31: =IFERROR(IF(AI31,AJ31,"適用月エラー"),"－") -> 適用月エラー | F31: 処遇改善等加算Ⅱ | V31: 4 | AI31: =VLOOKUP(V31,$AK$3:$AL$15,2,FALSE)<=$AI$18 -> FALSE | AJ31: =J174 -> ×
A32: 12 | B32: =IFERROR(IF(AI32,AJ32,"適用月エラー"),"－") -> 適用月エラー | F32: 処遇改善等加算Ⅲ | V32: 4 | AI32: =VLOOKUP(V32,$AK$3:$AL$15,2,FALSE)<=$AI$18 -> FALSE | AJ32: =J178 -> ×
A33: 13 | B33: =IFERROR(IF(AI33,AJ33,"適用月エラー"),"－") -> 適用月エラー | F33: 栄養管理加算 | V33: 4 | AI33: =VLOOKUP(V33,$AK$3:$AL$15,2,FALSE)<=$AI$18 -> FALSE | AJ33: =J182 -> ×
A34: 14 | B34: ○ | F34: 冷暖房費加算 | V34: 4 | Z34: 2級地
A35: 3月加算
A36: 15 | F36: 施設機能強化推進費加算 | V36: 3月加算については、11月頃（締切は12月末）に3月加算用申請書を依頼いたします。
A37: 16 | F37: 第三者評価受審加算
A38: 17 | F38: 除雪費加算 | V38: 札幌市は対象外です。
A39: 18 | F39: 降灰除去費加算
A40: ※ 下記「Ⅱ 個票」については、『当該年度に始めて申請するとき』または『変更があるとき』のみ該当の加算分を作成をしてください（それ以外の場合は作成不要）。
A42: Ⅱ 個票
A43: ・「該当の有無」について、該当する場合は「○」を選択すること。
A44: ・「申請の有無」で申請するを選択し、加算要件等を全て満たしたうえで、添付書類を漏れなく添付した場合にのみ加算する。
A45: 0 基本配置職員 | J45: =IF(AND(AI47,AI54,AI57,AJ47,AJ54),"○","×") -> × | O45: （判定）
A46: 配置要件 （１～３の全てを配置すること） | F46: 項目 | AA46: 該当の有無 | AE46: 配置
F47: 1 | G47: 非常勤事務職員（①～④のうち一つを選択※1） | AA47: =IF(COUNTIF(AI48:AI53,TRUE)=1,"○","×") -> × | AE47: =【様式５】職員数算出表!O31 -> × | AI47: =AA47="○" -> FALSE | AJ47: =AE47="○" -> FALSE
F48: ① | H48: 以下のア～イを全て満たす場合は配置免除 | AA48: =IF(AND(AA49="○",AA50="○"),"○","×") -> × | AI48: =AA48="○" -> FALSE
F49: ア | I49: 利用子どもが３人以下 | AA49: =IF(【様式５】職員数算出表!M12<=3,"○","×") -> ○
F50: イ | I50: 家庭的保育補助者加算を適用 | AA50: =IF(J74="○","○","×") -> ×
F51: ② | H51: 非常勤事務 | AI51: =AA51="○" -> FALSE
F52: ③ | H52: 家庭的保育者等が兼務 | AI52: =AA52="○" -> FALSE
F53: ④ | H53: 業務委託している | AI53: =AA53="○" -> FALSE
F54: 2 | G54: 調理員(栄養士含む)（①～②のうち一つを選択※1） | AA54: =IF(COUNTIF(AI55:AI56,TRUE)=1,"○","×") -> × | AE54: =【様式５】職員数算出表!O28 -> × | AI54: =AA54="○" -> FALSE | AJ54: =AE54="○" -> FALSE
F55: ① | H55: 直接雇用による配置 | AI55: =AA55="○" -> FALSE
F56: ② | H56: 全部を業務委託又は搬入施設からの食事の搬入をしている ※ 一部を委託している場合は不可 | AI56: =AA56="○" -> FALSE
F57: 3 | G57: 嘱託医、嘱託歯科医 | AA57: =IF(COUNTIF(AI58,TRUE)=1,"○","×") -> × | AE57: =【様式５】職員数算出表!O35 -> × | AI57: =AA57="○" -> FALSE
F58: ① | H58: 配置している | AI58: =AA58="○" -> FALSE
A59: 添付書類 | F59: 様式2/様式5
A60: ※1 複数選ぶとエラーとなります
A62: 1 処遇改善等加算Ⅰ | J62: =IF(AI63,"○","×") -> × | O62: （判定）
A63: 申請の有無 | AI63: =F63="申請する" -> FALSE
A64: 別途、所定の様式により申請する。
A66: 2 資格保有者加算 | J66: =IF(AND(AI67,AI69),"○","×") -> × | O66: （判定）
A67: 申請の有無 | AI67: =F67="申請する" -> FALSE
A68: 加算要件 | F68: 項目 | AA68: 該当の有無
F69: 家庭的保育者を配置している（様式2/様式5） | AA69: =IF(AND(【様式５】職員数算出表!I71>0,【様式５】職員数算出表!O81>=0),"○","×") -> × | AI69: =AA69="○" -> FALSE
A70: 添付書類 | F70: ① 様式2/様式5
F71: ② 家庭的保育者全員の有する保育士証、看護師免許証又は准看護師免許証等（写）
A72: ※ 札幌市では、家庭的保育者は資格を有することが要件であるため、家庭的保育者を配置する施設は全て適用になります。
A74: 3 家庭的保育補助者加算 | J74: =IF(AND(AI75,AI77),"○","×") -> × | O74: （判定）
A75: 申請の有無 | AI75: =F75="申請する" -> FALSE
A76: 加算要件 | F76: 項目 | AA76: 該当の有無
F77: 職員配置を充足している（様式5） | AA77: =【様式５】職員数算出表!O36 -> - | AI77: =AA77="○" -> FALSE
A78: 添付書類 | F78: 様式2/様式5
A79: ※ 非常勤の調理員（食事の提供について自園調理又は連携施設等からの搬入以外の方法による場合の調整の適用を受ける事業所を除く。）とは別途、家庭的保育補助者の配置が必要
A82: 4 家庭的保育支援加算 | J82: =IF(AND(AI83,AI85,AI97),"○","×") -> × | O82: （判定）
A83: 申請の有無 | AI83: =F83="申請する" -> FALSE
A84: 加算要件 （１～2の要件全てに該当する場合に加算） | F84: 項目 | AA84: 該当の有無
F85: 1 | G85: 支援者又は連携施設について下記の①又は②の要件を満たすこと | AA85: =IF(OR(AI86,AI93),"○","×") -> × | AI85: =AA85="○" -> FALSE
F86: ① | H86: 家庭的保育支援者から要件をすべて満たした支援を受けている | AA86: =IF(AND(AI87,AI88,AI89,AI90,AI91,AI92),"○","×") -> × | AI86: =AA86="○" -> FALSE
F87: ア | I87: 保育士であり10年以上の保育所における勤務又は家庭的保育の経験を有し、一定の研修を修了している | AI87: =AA87="○" -> FALSE
F88: イ | I88: 心身ともに健全であること | AI88: =AA88="○" -> FALSE
F89: ウ | I89: 乳幼児の保育についての理解及び熱意並びに乳幼児に対する豊かな愛情を有していること | AI89: =AA89="○" -> FALSE
F90: エ | I90: 乳幼児の保育に関し虐待等の問題が無いと認められること | AI90: =AA90="○" -> FALSE
F91: オ | I91: 児童福祉法及び児童買春、児童ポルノに係る行為等の処罰及び児童の保護等に関する法律の規定により、罰金以上の刑に処せられたことが無いこと | AI91: =AA91="○" -> FALSE
F92: カ | I92: 専任の者(常勤)を連携施設に配置していること | AI92: =AA92="○" -> FALSE
F93: ② | H93: 連携施設から要件をすべて満たした支援を受けている | AA93: =IF(AND(AI94,AI95,AI96),"○","×") -> × | AI93: =AA93="○" -> FALSE
F94: ア | I94: 家庭的保育事業等設備運営基準第６条に定める連携施設であること | AI94: =AA94="○" -> FALSE
F95: イ | I95: 乳幼児の育児・保育に関する相談・指導について知識及び経験を有するとともに、児童福祉施策について知識を有している専任の保育士等(以下「担当者」という。)を配置すること。 | AI95: =AA95="○" -> FALSE
F96: ウ | I96: イにおける担当者について、①の家庭的保育支援者の要件をすべて満たすこと | AI96: =AA96="○" -> FALSE
F97: 2 | G97: 支援事業者は以下の支援業務を行うこと | AA97: =IF(AND(AI98,AI99,AI100,AI101,AI102),"○","×") -> × | AI97: =AA97="○" -> FALSE
F98: ① | H98: 事業所の求めに応じて、緊急時においても相談・連絡を受ける体制が整備されている | AI98: =AA98="○" -> FALSE
F99: ② | H99: 保育標準時間認定を受けた子ども等への保育や延長保育、家庭的保育者が病気、研修参加または休暇等を取得する場合に、当該家庭的保育者に代わって乳幼児の保育を行うこと。また、その場合は必要に応じて家庭的保育支援者又は担当者が連携施設まで送迎を行うこと | AI99: =AA99="○" -> FALSE
F100: ③ | H100: 家庭的保育事業の実施場所を訪問等することにより、保育の状況把握に努めるとともに、家庭的保育者の相談に応じ、必要な指導・援助を行うこと | AI100: =AA100="○" -> FALSE
F101: ④ | H101: 家庭的保育者が保育する乳幼児を定期的に連携施設に招いたり、乳幼児の健康診断を連携施設の利用子どもとともに行うなどの連携を図るとともに、家庭的保育者に対し、連携施設や地域の行事に関する情報を提供し、当該行事に参加するよう勧めること | AI101: =AA101="○" -> FALSE
F102: ⑤ | H102: 家庭的保育者の居宅等における保育の状況を把握するため、家庭的保育支援者又は担当者は少なくとも３か月に１回以上、さらに家庭的保育者の状況に応じて、必要な都度、訪問させること。また、その状況等について市町村との情報共有を図ること | AI102: =AA102="○" -> FALSE
A103: 添付書類 | F103: 適用とする場合は事前に担当者にご相談のうえ、提出書類を定めてください
A104: ※ 本市においては原則非適用のため、適用とする場合は事前に担当者にご相談ください
A106: 5 障害児保育加算 | J106: =IF(AND(AI107,AI109,AI110,AI117>0),$AE$117,"×") -> × | O106: （判定） | V106: 札幌市審査用
A107: 申請の有無 | AI107: =F107="申請する" -> FALSE
...

Sheet (別紙2)土曜閉所 
A1: 別紙2（「減算：土曜日に閉所する場合」の添付書類） | F1: =J2&"別紙2"&J3 -> 加-23_月申-別紙2-家_Ver.2.00 | J1: 様式名 | K1: 選択
A2: 毎月分提出する必要があります。また、前月実績の区分が変更となった場合は、前月に遡及して減算を適用します。 | J2: =【様式１】総括表・個票!$AI$2 -> 加-23_月申-
A3: １ 当該月の利用見込み | C3: =DATE(K4,M4,1) -> #VALUE! | J3: =【様式１】総括表・個票!$AI$3 -> -家_Ver.2.00 | K3: ○
A4: 特例※5 | B4: 土曜日 | C4: 日にち | D4: 平日/祝日 | E4: 利用児童数（見込） | F4: 減算 | K4: =【様式１】総括表・個票!D10 | L4: 年 | M4: =【様式１】総括表・個票!I10 -> 0 | N4: 月
B5: 1 | C5: =HLOOKUP($B5,$K$6:$AO$7,2,FALSE) -> #N/A | D5: =IF(C5="無","×",IF(HLOOKUP($B5,$K$6:$AO$8,3,FALSE)="○","祝日",IF($A5="○","特例","平日"))) -> #N/A | F5: =IF(AND($D5="平日",OR($E5=0,ISTEXT($E5))),"○",IF(AND($D5<>"平日",E5>0),"エラー","")) -> #N/A | J5: 土曜日 | K5: =IF(K7<>"",IF(WEEKDAY(DATE($K$4,$M$4,K$7))=7,1,0),0) -> #VALUE! | L5: =IF(L7<>"",IF(WEEKDAY(DATE($K$4,$M$4,L$7))=7,1,0),0) -> #VALUE! | M5: =IF(M7<>"",IF(WEEKDAY(DATE($K$4,$M$4,M$7))=7,1,0),0) -> #VALUE! | N5: =IF(N7<>"",IF(WEEKDAY(DATE($K$4,$M$4,N$7))=7,1,0),0) -> #VALUE! | O5: =IF(O7<>"",IF(WEEKDAY(DATE($K$4,$M$4,O$7))=7,1,0),0) -> #VALUE! | P5: =IF(P7<>"",IF(WEEKDAY(DATE($K$4,$M$4,P$7))=7,1,0),0) -> #VALUE! | Q5: =IF(Q7<>"",IF(WEEKDAY(DATE($K$4,$M$4,Q$7))=7,1,0),0) -> #VALUE! | R5: =IF(R7<>"",IF(WEEKDAY(DATE($K$4,$M$4,R$7))=7,1,0),0) -> #VALUE! | ... AO5: =IF(AO7<>"",IF(WEEKDAY(DATE($K$4,$M$4,AO$7))=7,1,0),0) -> 0
B6: 2 | C6: =HLOOKUP($B6,$K$6:$AO$7,2,FALSE) -> #N/A | D6: =IF(C6="無","×",IF(HLOOKUP($B6,$K$6:$AO$8,3,FALSE)="○","祝日",IF($A6="○","特例","平日"))) -> #N/A | F6: =IF(AND($D6="平日",OR($E6=0,ISTEXT($E6))),"○",IF(AND($D6<>"平日",E6>0),"エラー","")) -> #N/A | J6: 土曜順 | K6: =IF(K5<>1,0,COUNTIF($K$5:K5,1)) -> #VALUE! | L6: =IF(L5<>1,0,COUNTIF($K$5:L5,1)) -> #VALUE! | M6: =IF(M5<>1,0,COUNTIF($K$5:M5,1)) -> #VALUE! | N6: =IF(N5<>1,0,COUNTIF($K$5:N5,1)) -> #VALUE! | O6: =IF(O5<>1,0,COUNTIF($K$5:O5,1)) -> #VALUE! | P6: =IF(P5<>1,0,COUNTIF($K$5:P5,1)) -> #VALUE! | Q6: =IF(Q5<>1,0,COUNTIF($K$5:Q5,1)) -> #VALUE! | R6: =IF(R5<>1,0,COUNTIF($K$5:R5,1)) -> #VALUE! | ... AO6: =IF(AO5<>1,0,COUNTIF($K$5:AO5,1)) -> 0
B7: 3 | C7: =HLOOKUP($B7,$K$6:$AO$7,2,FALSE) -> #N/A | D7: =IF(C7="無","×",IF(HLOOKUP($B7,$K$6:$AO$8,3,FALSE)="○","祝日",IF($A7="○","特例","平日"))) -> #N/A | F7: =IF(AND($D7="平日",OR($E7=0,ISTEXT($E7))),"○",IF(AND($D7<>"平日",E7>0),"エラー","")) -> #N/A | J7: 日にち | K7: 1 | L7: 2 | M7: 3 | N7: 4 | O7: 5 | P7: 6 | Q7: 7 | R7: 8 | S7: 9 | T7: 10 | U7: 11 | V7: 12 | W7: 13 | X7: 14 | Y7: 15 | Z7: 16 | AA7: 17 | AB7: 18 | AC7: 19 | AD7: 20 | AE7: 21 | AF7: 22 | AG7: 23 | AH7: 24 | AI7: 25 | AJ7: 26 | AK7: 27 | AL7: 28 | AM7: =IF(MONTH(DATE(K4,M4,AL7+1))=M4,AL7+1,"") -> #VALUE! | AN7: =IF(M4<>2,IF(AM7<>"",AM7+1,""),"") -> #VALUE! | AO7: =IF(OR(M4=1,M4=3,M4=5,M4=7,M4=8,M4=10,M4=12),AN7+1,"")
B8: 4 | C8: =HLOOKUP($B8,$K$6:$AO$7,2,FALSE) -> #N/A | D8: =IF(C8="無","×",IF(HLOOKUP($B8,$K$6:$AO$8,3,FALSE)="○","祝日",IF($A8="○","特例","平日"))) -> #N/A | F8: =IF(AND($D8="平日",OR($E8=0,ISTEXT($E8))),"○",IF(AND($D8<>"平日",E8>0),"エラー","")) -> #N/A | J8: 祝・休日 | K8: =IF(K7<>"",IF(OR(WEEKDAY(DATE($K$4,$M$4,K$7),2)>6,COUNTIF('休日情報(要更新) '!$A$5:$J$32,DATE($K$4,$M$4,K$7)) >=1),"○",""),"") -> #VALUE! | L8: =IF(L7<>"",IF(OR(WEEKDAY(DATE($K$4,$M$4,L$7),2)>6,COUNTIF('休日情報(要更新) '!$A$5:$J$32,DATE($K$4,$M$4,L$7)) >=1),"○",""),"") -> #VALUE! | M8: =IF(M7<>"",IF(OR(WEEKDAY(DATE($K$4,$M$4,M$7),2)>6,COUNTIF('休日情報(要更新) '!$A$5:$J$32,DATE($K$4,$M$4,M$7)) >=1),"○",""),"") -> #VALUE! | N8: =IF(N7<>"",IF(OR(WEEKDAY(DATE($K$4,$M$4,N$7),2)>6,COUNTIF('休日情報(要更新) '!$A$5:$J$32,DATE($K$4,$M$4,N$7)) >=1),"○",""),"") -> #VALUE! | O8: =IF(O7<>"",IF(OR(WEEKDAY(DATE($K$4,$M$4,O$7),2)>6,COUNTIF('休日情報(要更新) '!$A$5:$J$32,DATE($K$4,$M$4,O$7)) >=1),"○",""),"") -> #VALUE! | P8: =IF(P7<>"",IF(OR(WEEKDAY(DATE($K$4,$M$4,P$7),2)>6,COUNTIF('休日情報(要更新) '!$A$5:$J$32,DATE($K$4,$M$4,P$7)) >=1),"○",""),"") -> #VALUE! | Q8: =IF(Q7<>"",IF(OR(WEEKDAY(DATE($K$4,$M$4,Q$7),2)>6,COUNTIF('休日情報(要更新) '!$A$5:$J$32,DATE($K$4,$M$4,Q$7)) >=1),"○",""),"") -> #VALUE! | R8: =IF(R7<>"",IF(OR(WEEKDAY(DATE($K$4,$M$4,R$7),2)>6,COUNTIF('休日情報(要更新) '!$A$5:$J$32,DATE($K$4,$M$4,R$7)) >=1),"○",""),"") -> #VALUE! | ... AO8: =IF(AO7<>"",IF(OR(WEEKDAY(DATE($K$4,$M$4,AO$7),2)>6,COUNTIF('休日情報(要更新) '!$A$5:$J$32,DATE($K$4,$M$4,AO$7)) >=1),"○",""),"")
B9: 5 | C9: =IF(ISERROR(HLOOKUP($B9,$K$6:$AO$7,2,FALSE)),"無",HLOOKUP($B9,$K$6:$AO$7,2,FALSE)) -> 無 | D9: =IF(C9="無","×",IF(HLOOKUP($B9,$K$6:$AO$8,3,FALSE)="○","祝日",IF($A9="○","特例","平日"))) -> × | F9: =IF(AND($D9="平日",OR($E9=0,ISTEXT($E9))),"○",IF(AND($D9<>"平日",E9>0),"エラー",""))
A10: 計 | D10: =COUNTIF(D5:D9,"平日")+COUNTIF(D5:D9,"特例") -> 0 | F10: =COUNTIF(F5:F9,"○") -> 0
B11: 減算区分： | C11: =IF(F10=D10,"全て",IF(F10>=3,"3日以上",IF(F10=2,"2日",IF(F10=1,"1日","×")))) -> 全て
K12: =YEAR(DATE($K$4,$M$4,1)-1) -> #VALUE! | L12: 年 | M12: =MONTH(DATE($K$4,$M$4,1)-1) -> #VALUE! | N12: 月
A13: 2 前月の利用実績 | C13: =C3-1 -> #VALUE! | J13: 土曜日 | K13: =IF(K15<>"",IF(WEEKDAY(DATE($K$12,$M$12,K$15))=7,1,0),0) -> #VALUE! | L13: =IF(L15<>"",IF(WEEKDAY(DATE($K$12,$M$12,L$15))=7,1,0),0) -> #VALUE! | M13: =IF(M15<>"",IF(WEEKDAY(DATE($K$12,$M$12,M$15))=7,1,0),0) -> #VALUE! | N13: =IF(N15<>"",IF(WEEKDAY(DATE($K$12,$M$12,N$15))=7,1,0),0) -> #VALUE! | O13: =IF(O15<>"",IF(WEEKDAY(DATE($K$12,$M$12,O$15))=7,1,0),0) -> #VALUE! | P13: =IF(P15<>"",IF(WEEKDAY(DATE($K$12,$M$12,P$15))=7,1,0),0) -> #VALUE! | Q13: =IF(Q15<>"",IF(WEEKDAY(DATE($K$12,$M$12,Q$15))=7,1,0),0) -> #VALUE! | R13: =IF(R15<>"",IF(WEEKDAY(DATE($K$12,$M$12,R$15))=7,1,0),0) -> #VALUE! | ... AO13: =IF(AO15<>"",IF(WEEKDAY(DATE($K$12,$M$12,AO$15))=7,1,0),0) -> #VALUE!
A14: 特例※5 | B14: 土曜日 | C14: 日にち | D14: 平日/祝日 | E14: 利用児童数（見込） | F14: 減算(見込) | G14: 利用児童数（実績） | H14: 減算(実績) | J14: 土曜順 | K14: =IF(K13<>1,0,COUNTIF($K$13:K13,1)) -> #VALUE! | L14: =IF(L13<>1,0,COUNTIF($K$13:L13,1)) -> #VALUE! | M14: =IF(M13<>1,0,COUNTIF($K$13:M13,1)) -> #VALUE! | N14: =IF(N13<>1,0,COUNTIF($K$13:N13,1)) -> #VALUE! | O14: =IF(O13<>1,0,COUNTIF($K$13:O13,1)) -> #VALUE! | P14: =IF(P13<>1,0,COUNTIF($K$13:P13,1)) -> #VALUE! | Q14: =IF(Q13<>1,0,COUNTIF($K$13:Q13,1)) -> #VALUE! | R14: =IF(R13<>1,0,COUNTIF($K$13:R13,1)) -> #VALUE! | ... AO14: =IF(AO13<>1,0,COUNTIF($K$13:AO13,1)) -> #VALUE!
B15: 1 | C15: =HLOOKUP($B15,$K$14:$AO$15,2,FALSE) -> #N/A | D15: =IF(C15="無","×",IF(HLOOKUP($B15,$K$14:$AO$16,3,FALSE)="○","祝日",IF($A15="○","特例","平日"))) -> #N/A | F15: =IF(AND($D15="平日",OR($E15=0,ISTEXT($E15))),"○",IF(AND($D15<>"平日",E15>0),"エラー","")) -> #N/A | H15: =IF(AND($D15="平日",OR($G15=0,ISTEXT($G15))),"○",IF(AND($D15<>"平日",$G15>0),"エラー","")) -> #N/A | J15: 日にち | K15: 1 | L15: 2 | M15: 3 | N15: 4 | O15: 5 | P15: 6 | Q15: 7 | R15: 8 | S15: 9 | T15: 10 | U15: 11 | V15: 12 | W15: 13 | X15: 14 | Y15: 15 | Z15: 16 | AA15: 17 | AB15: 18 | AC15: 19 | AD15: 20 | AE15: 21 | AF15: 22 | AG15: 23 | AH15: 24 | AI15: 25 | AJ15: 26 | AK15: 27 | AL15: 28 | AM15: =IF(MONTH(DATE(K12,M12,AL15+1))=M12,AL15+1,"") -> #VALUE! | AN15: =IF(M12<>2,IF(AM15<>"",AM15+1,""),"") -> #VALUE! | AO15: =IF(OR(M12=1,M12=3,M12=5,M12=7,M12=8,M12=10,M12=12),AN15+1,"") -> #VALUE!
B16: 2 | C16: =HLOOKUP($B16,$K$14:$AO$15,2,FALSE) -> #N/A | D16: =IF(C16="無","×",IF(HLOOKUP($B16,$K$14:$AO$16,3,FALSE)="○","祝日",IF($A16="○","特例","平日"))) -> #N/A | F16: =IF(AND($D16="平日",OR($E16=0,ISTEXT($E16))),"○",IF(AND($D16<>"平日",E16>0),"エラー","")) -> #N/A | H16: =IF(AND($D16="平日",OR($G16=0,ISTEXT($G16))),"○",IF(AND($D16<>"平日",$G16>0),"エラー","")) -> #N/A | J16: 祝・休日 | K16: =IF(K15<>"",IF(OR(WEEKDAY(DATE($K$12,$M$12,K$15),2)>6,COUNTIF('休日情報(要更新) '!$A$5:$J$32,DATE($K$12,$M$12,K$15)) >=1),"○",""),"") -> #VALUE! | L16: =IF(L15<>"",IF(OR(WEEKDAY(DATE($K$12,$M$12,L$15),2)>6,COUNTIF('休日情報(要更新) '!$A$5:$J$32,DATE($K$12,$M$12,L$15)) >=1),"○",""),"") -> #VALUE! | M16: =IF(M15<>"",IF(OR(WEEKDAY(DATE($K$12,$M$12,M$15),2)>6,COUNTIF('休日情報(要更新) '!$A$5:$J$32,DATE($K$12,$M$12,M$15)) >=1),"○",""),"") -> #VALUE! | N16: =IF(N15<>"",IF(OR(WEEKDAY(DATE($K$12,$M$12,N$15),2)>6,COUNTIF('休日情報(要更新) '!$A$5:$J$32,DATE($K$12,$M$12,N$15)) >=1),"○",""),"") -> #VALUE! | O16: =IF(O15<>"",IF(OR(WEEKDAY(DATE($K$12,$M$12,O$15),2)>6,COUNTIF('休日情報(要更新) '!$A$5:$J$32,DATE($K$12,$M$12,O$15)) >=1),"○",""),"") -> #VALUE! | P16: =IF(P15<>"",IF(OR(WEEKDAY(DATE($K$12,$M$12,P$15),2)>6,COUNTIF('休日情報(要更新) '!$A$5:$J$32,DATE($K$12,$M$12,P$15)) >=1),"○",""),"") -> #VALUE! | Q16: =IF(Q15<>"",IF(OR(WEEKDAY(DATE($K$12,$M$12,Q$15),2)>6,COUNTIF('休日情報(要更新) '!$A$5:$J$32,DATE($K$12,$M$12,Q$15)) >=1),"○",""),"") -> #VALUE! | R16: =IF(R15<>"",IF(OR(WEEKDAY(DATE($K$12,$M$12,R$15),2)>6,COUNTIF('休日情報(要更新) '!$A$5:$J$32,DATE($K$12,$M$12,R$15)) >=1),"○",""),"") -> #VALUE! | ... AO16: =IF(AO15<>"",IF(OR(WEEKDAY(DATE($K$12,$M$12,AO$15),2)>6,COUNTIF('休日情報(要更新) '!$A$5:$J$32,DATE($K$12,$M$12,AO$15)) >=1),"○",""),"") -> #VALUE!
B17: 3 | C17: =HLOOKUP($B17,$K$14:$AO$15,2,FALSE) -> #N/A | D17: =IF(C17="無","×",IF(HLOOKUP($B17,$K$14:$AO$16,3,FALSE)="○","祝日",IF($A17="○","特例","平日"))) -> #N/A | F17: =IF(AND($D17="平日",OR($E17=0,ISTEXT($E17))),"○",IF(AND($D17<>"平日",E17>0),"エラー","")) -> #N/A | H17: =IF(AND($D17="平日",OR($G17=0,ISTEXT($G17))),"○",IF(AND($D17<>"平日",$G17>0),"エラー","")) -> #N/A
B18: 4 | C18: =HLOOKUP($B18,$K$14:$AO$15,2,FALSE) -> #N/A | D18: =IF(C18="無","×",IF(HLOOKUP($B18,$K$14:$AO$16,3,FALSE)="○","祝日",IF($A18="○","特例","平日"))) -> #N/A | F18: =IF(AND($D18="平日",OR($E18=0,ISTEXT($E18))),"○",IF(AND($D18<>"平日",E18>0),"エラー","")) -> #N/A | H18: =IF(AND($D18="平日",OR($G18=0,ISTEXT($G18))),"○",IF(AND($D18<>"平日",$G18>0),"エラー","")) -> #N/A
B19: 5 | C19: =IF(ISERROR(HLOOKUP($B19,$K$14:$AO$15,2,FALSE)),"無",HLOOKUP($B19,$K$14:$AO$15,2,FALSE)) -> 無 | D19: =IF(C19="無","×",IF(HLOOKUP($B19,$K$14:$AO$16,3,FALSE)="○","祝日",IF($A19="○","特例","平日"))) -> × | F19: =IF(AND($D19="平日",OR($E19=0,ISTEXT($E19))),"○",IF(AND($D19<>"平日",E19>0),"エラー","")) | H19: =IF(AND($D19="平日",OR($G19=0,ISTEXT($G19))),"○",IF(AND($D19<>"平日",$G19>0),"エラー",""))
A20: 計 | D20: =COUNTIF(D15:D19,"平日")+COUNTIF(D15:D19,"特例") -> 0 | F20: =COUNTIF(F15:F19,"○") -> 0 | H20: =COUNTIF(H15:H19,"○") -> 0
B22: 減算区分(見込)： | C22: =IF(F20=D20,"全て",IF(F20>=3,"3日以上",IF(F20=2,"2日",IF(F20=1,"1日","×")))) -> 全て | D22: → | E22: 減算区分(実績)： | F22: =IF(D20=H20,"全て",IF(H20>=3,"3日以上",IF(H20=2,"2日",IF(H20=1,"1日","×")))) -> 全て | G22: =IF(J22,"(変更無)","(変更有)") -> (変更無) | J22: =F22=C22 -> TRUE
A24: ※1 利用児童について、延長保育、一時保育を含めないこと。
A25: ※2 他の保育所等との共同保育により、利用希望者の保育を確保・実施した場合は利用児童数に含めること。 ただし、共同保育により相手施設から受け入れた児童数は含めないこと。
A27: ※3 利用児童数(実績)について、当日キャンセルの児童は含めて良い(前日キャンセルは不可)。なお、運動会等による行事開催が当日キャンセルになった場合も保護者の希望があれば保育を実施する必要があることに留意すること。
A29: ※4 年末年始の閉園日（12/29～31、1/2～3）に土曜日が含まれる場合は祝日扱いとします。
A30: ※5 新型コロナ感染症の影響により休園した場合は「○」を選択すること。なお、常時土曜日を閉所している施設は選択しないこと。

Sheet 【様式2】職員名簿
A1: 【様式2】 | H1: =L2&"様式2"&L3 -> 加-23_月申-様式2-家_Ver.2.00 | L1: 様式名
A2: =【様式１】総括表・個票!AJ2&"年度" -> 2023年度 | E2: 職員名簿 | G2: =+"【"&【様式１】総括表・個票!I10&"月分】" -> 【月分】 | L2: =【様式１】総括表・個票!$AI$2 -> 加-23_月申-
A3: <常勤換算> | L3: =【様式１】総括表・個票!$AI$3 -> -家_Ver.2.00
B4: 常勤職員１人の勤務時間数/月
B5: 就業規則等で定める常勤職員１人の１か月の所定労働時間(休憩時間を含まない。)を記載すること。ただし、150時間未満の場合は根拠・理由を記載すること。 | E5: 時間/月 | J5: 時間
E6: =IF(AND(F5<150,F5>0),"根拠・理由","")
B8: 項目 | C8: 職員数（札幌市確認用） | G8: 常勤換算数
C9: 常勤 | F9: 非常勤※ | G9: 常勤 | H9: 非常勤（一部を担当・兼務する常勤含む） | J9: 計 （常勤＋非常勤）
C10: 正職 | D10: 臨職 | E10: その他 | G10: 人数 | H10: 勤務時間 | I10: 常勤換算数
B11: 家庭的保育者 | C11: =S139 -> 0 | D11: =T139 -> 0 | E11: =SUM(U139,V139) -> 0 | F11: =W139 -> 0 | G11: =Q139 -> 0 | H11: =R139 -> 0 | I11: =IFERROR(H11/$F$5,0) -> 0 | J11: =SUM(G11,I11) -> 0
B12: 家庭的保育補助者 | C12: =S140 -> 0 | D12: =T140 -> 0 | E12: =SUM(U140,V140) -> 0 | F12: =W140 -> 0 | G12: =Q140 -> 0 | H12: =R140 -> 0 | I12: =IFERROR(H12/$F$5,0) -> 0 | J12: =SUM(G12,I12) -> 0
B13: 栄養士 | C13: =S141 -> 0 | D13: =T141 -> 0 | E13: =SUM(U141,V141) -> 0 | F13: =W141 -> 0 | G13: =Q141 -> 0 | H13: =R141 -> 0 | I13: =IFERROR(H13/$F$5,0) -> 0 | J13: =SUM(G13,I13) -> 0
B14: 調理員 | C14: =S142 -> 0 | D14: =T142 -> 0 | E14: =SUM(U142,V142) -> 0 | F14: =W142 -> 0 | G14: =Q142 -> 0 | H14: =R142 -> 0 | I14: =IFERROR(H14/$F$5,0) -> 0 | J14: =SUM(G14,I14) -> 0
B15: 事務員 | C15: =S143 -> 0 | D15: =T143 -> 0 | E15: =SUM(U143,V143) -> 0 | F15: =W143 -> 0 | G15: =Q143 -> 0 | H15: =R143 -> 0 | I15: =IFERROR(H15/$F$5,0) -> 0 | J15: =SUM(G15,I15) -> 0
B16: その他 | C16: =S144 -> 0 | D16: =T144 -> 0 | E16: =SUM(U144,V144) -> 0 | F16: =W144 -> 0 | G16: =Q144 -> 0 | H16: =R144 -> 0 | I16: =IFERROR(H16/$F$5,0) -> 0 | J16: =SUM(G16,I16) -> 0
B17: ※ 非常勤に委託を含む。
A18: <職員名簿>
A19: ① 職員氏名/委託先：「業務委託」➡委託先会社名／「雇用職員」➡職員氏名 を誤りなく記載してください。
A20: ② 職員状況：職種区分として、施設長、教諭（発令有）、教諭（発令無）、栄養士、調理員、事務員、その他 から選択してください。また、初日時点で有給・代替・無給の是非を選択してください。
A21: ③ 形態：業務委託➡自動表示／雇用職員➡常勤、非常勤の選択及び契約形態を選択してください。また、非常勤又は委託の場合は様式3でひと月の勤務時間数を記載してください。
A22: ④ 雇用/契約開始日：雇用（業務委託の場合は契約）開始日を記載してください。記載は西暦で「○○年△月□日」の場合は「○○/△/□」です。
B23: ● 業務委託 | L23: カウント | N23: エラー | Q23: 通常教育 | S23: 札幌市確認 | Y23: リスト（状況に応じて更新）
B24: ・ 委託は「家庭的保育」「家庭的保育補助者」のみ常勤換算数に含まれて計算されます。 | L24: 参入 | M24: 非常勤 | N24: 整合性 | O24: 漏れ | R24: 委託 | Y24: 職種区分 | Z24: 初日時点の契約状況 | AA24: 常勤・非常勤 | AB24: 常勤 | AC24: 非常勤 | AD24: 雇用開始日
A25: ① 委託先 | C25: ②職員状況 | E25: ③形態 | H25: ④契約開始日 | I25: 備考 | J25: 算入区分 | L25: =$Z26 -> 有給 | M25: 委託 | O25: 委託 | AD25: 基準日
A26: No. | B26: 委託先会社名 | C26: 職種区分 | D26: 初日時点の契約状況 | E26: 委託 | F26: - | G26: 勤務時間/月 | H26: ="("&TEXT($AD$26,"YYYY/M/D")&"以前)" -> #VALUE! | Y26: 家庭的保育者 | Z26: 有給 | AA26: 常勤 | AB26: 正職 | AC26: 常勤-時短/兼務 | AD26: =DATE(【様式１】総括表・個票!D10,【様式１】総括表・個票!I10,1) -> #VALUE!
Y27: 家庭的保育補助者 | Z27: 有給（他法活用） | AA27: 非常勤 | AB27: 臨職 | AC27: 雇用契約
A28: =ROW()-ROW($A$27) -> 1 | C28: 家庭的保育者 | E28: =IF($D28="有給","委託","") | F28: =IF(G28>0,"要添付書類➡","-") -> - | J28: =IF(L28,IF(OR(O28,N28),"エラー",C28),"-") -> - | L28: =$D28=$L$25 -> FALSE | M28: =IF($E28<>$M$25,0,COUNTIF($E28:E$28,$M$25)) -> 0 | N28: =$H28>$H$26 -> #VALUE! | O28: =OR(B28=0,C28=0,E28=0,AND($E28=O$25,OR($G28=0,ISTEXT($G28))),$H28=0) -> TRUE | R28: =IF($E28=R$24,$G28,0) -> 0 | Y28: 栄養士 | Z28: 代替（助成金等対象） | AB28: 派遣契約 | AC28: 派遣契約
A29: =ROW()-ROW($A$27) -> 2 | C29: 家庭的保育補助者 | E29: =IF($D29="有給","委託","") | F29: =IF(G29>0,"要添付書類➡","-") -> - | J29: =IF(L29,IF(OR(O29,N29),"エラー",C29),"-") -> - | L29: =$D29=$L$25 -> FALSE | M29: =IF($E29<>$M$25,0,COUNTIF($E$28:E29,$M$25)) -> 0 | N29: =$H29>$H$26 -> #VALUE! | O29: =OR(B29=0,C29=0,E29=0,AND($E29=O$25,OR($G29=0,ISTEXT($G29))),$H29=0) -> TRUE | R29: =IF($E29=R$24,$G29,0) -> 0 | Y29: 調理員 | Z29: 無給 | AB29: 嘱託契約 | AC29: 嘱託契約
A30: =ROW()-ROW($A$27) -> 3 | C30: 栄養士（委託） | E30: =IF($D30="有給","委託","") | F30: =IF(G30>0,"要添付書類➡","-") -> - | J30: =IF(L30,IF(OR(O30,N30),"エラー",C30),"-") -> - | L30: =$D30=$L$25 -> FALSE | M30: =IF($E30<>$M$25,0,COUNTIF($E$28:E30,$M$25)) -> 0 | N30: =$H30>$H$26 -> #VALUE! | O30: =OR(B30=0,C30=0,E30=0,AND($E30=O$25,OR($G30=0,ISTEXT($G30))),$H30=0) -> TRUE | R30: =IF($E30=R$35,$G30,0) -> 0 | Y30: 事務員 | AB30: ↑(数式＞定義された名前＞選択範囲から作成＞上端 で二重線囲部分を名前登録する➡ドロップダウンの範囲登録に使用)
A31: =ROW()-ROW($A$27) -> 4 | C31: 調理員（委託） | E31: =IF($D31="有給","委託","") | F31: =IF(G31>0,"要添付書類➡","-") -> - | J31: =IF(L31,IF(OR(O31,N31),"エラー",C31),"-") -> - | L31: =$D31=$L$25 -> FALSE | M31: =IF($E31<>$M$25,0,COUNTIF($E$28:E31,$M$25)) -> 0 | N31: =$H31>$H$26 -> #VALUE! | O31: =OR(B31=0,C31=0,E31=0,AND($E31=O$25,OR($G31=0,ISTEXT($G31))),$H31=0) -> TRUE | R31: =IF($E31=R$35,$G31,0) -> 0 | Y31: その他
A32: =ROW()-ROW($A$27) -> 5 | C32: 事務員（委託） | E32: =IF($D32="有給","委託","") | F32: =IF(G32>0,"要添付書類➡","-") -> - | J32: =IF(L32,IF(OR(O32,N32),"エラー",C32),"-") -> - | L32: =$D32=$L$25 -> FALSE | M32: =IF($E32<>$M$25,0,COUNTIF($E$28:E32,$M$25)) -> 0 | N32: =$H32>$H$26 -> #VALUE! | O32: =OR(B32=0,C32=0,E32=0,AND($E32=O$25,OR($G32=0,ISTEXT($G32))),$H32=0) -> TRUE | R32: =IF($E32=R$35,$G32,0) -> 0
A33: =ROW()-ROW($A$27) -> 6 | C33: その他（委託） | E33: =IF($D33="有給","委託","") | F33: =IF(G33>0,"要添付書類➡","-") -> - | J33: =IF(L33,IF(OR(O33,N33),"エラー",C33),"-") -> - | L33: =$D33=$L$25 -> FALSE | M33: =IF($E33<>$M$25,0,COUNTIF($E$28:E33,$M$25)) -> 0 | N33: =$H33>$H$26 -> #VALUE! | O33: =OR(B33=0,C33=0,E33=0,AND($E33=O$25,OR($G33=0,ISTEXT($G33))),$H33=0) -> TRUE | R33: =IF($E33=R$35,$G33,0) -> 0
B35: ● 雇用職員 | L35: 参入 | M35: 非常勤 | N35: 整合性 | O35: 漏れ | Q35: =AA26 -> 常勤 | R35: =AA27 -> 非常勤 | S35: =AA26 -> 常勤 | T35: =S35 -> 常勤 | U35: =T35 -> 常勤 | V35: =U35 -> 常勤 | W35: =AA27 -> 非常勤
A36: ① 職員氏名 | C36: ②職員状況 | E36: ③形態 | H36: ④雇用開始日 | I36: 備考 | J36: 算入区分 | L36: =$Z26 -> 有給 | M36: =$AA$27 -> 非常勤 | O36: =$AA$27 -> 非常勤 | S36: =AB26 -> 正職 | T36: =AB27 -> 臨職 | U36: =AB28 -> 派遣契約 | V36: =AB29 -> 嘱託契約
A37: No. | B37: =COUNTA(B39:B138) -> 0 | C37: 職種区分 | D37: 初日時点の給与状況 | E37: 常勤・非常勤 ※時短勤務は非常勤 | F37: 契約形態 | G37: =IF(SUM($G$39:$G$138)<>'【様式３】シフト表 '!$AK$107,"エラー：シフト表と不一致","非常勤の勤務時間/月") -> 非常勤の勤務時間/月 | H37: ="("&TEXT($AD$26,"YYYY/M/D")&"以前)" -> #VALUE!
A39: =ROW()-ROW($A$38) -> 1 | G39: =IFERROR(INDEX('【様式３】シフト表 '!$AK$7:$AK$106,MATCH($M39,'【様式３】シフト表 '!$B$7:$B$106,0),1),0) -> 0 | J39: =IF(L39,IF(OR(O39,N39),"エラー",C39),"-") -> - | L39: =$D39=$L$36 -> FALSE | M39: =IF($E39<>$M$36,0,COUNTIF($E$39:E39,$M$36)) -> 0 | N39: =OR($H39>$H$37,AND($E39=$AA$26,$F39<>$AB$26,$F39<>$AB$27,$F39<>$AB$28,$F39<>$AB$29),AND($E39=$AA$27,$F39<>$AC$26,$F39<>$AC$27,$F39<>$AC$28,$F39<>$AC$29)) -> #VALUE! | O39: =OR($B39=0,$C39=0,$E39=0,AND($E39<>0,$F39=0),AND($E39=O$36,$G39=0),$H39=0) -> TRUE | Q39: =IF($E39=Q$35,1,0) -> 0 | R39: =IF($E39=R$35,$G39,0) -> 0 | S39: =IF(AND($E39=S$35,$F39=S$36),$J39,0) -> 0 | T39: =IF(AND($E39=T$35,$F39=T$36),$J39,0) -> 0 | U39: =IF(AND($E39=U$35,$F39=U$36),$J39,0) -> 0 | V39: =IF(AND($E39=V$35,$F39=V$36),$J39,0) -> 0 | W39: =IF($E39=W$35,$J39,0) -> 0
A40: =A39+1 -> 2 | G40: =IFERROR(INDEX('【様式３】シフト表 '!$AK$7:$AK$106,MATCH($M40,'【様式３】シフト表 '!$B$7:$B$106,0),1),0) -> 0 | J40: =IF(L40,IF(OR(O40,N40),"エラー",C40),"-") -> - | L40: =$D40=$L$36 -> FALSE | M40: =IF($E40<>$M$36,0,COUNTIF($E$39:E40,$M$36)) -> 0 | N40: =OR($H40>$H$37,AND($E40=$AA$26,$F40<>$AB$26,$F40<>$AB$27,$F40<>$AB$28,$F40<>$AB$29),AND($E40=$AA$27,$F40<>$AC$26,$F40<>$AC$27,$F40<>$AC$28,$F40<>$AC$29)) -> #VALUE! | O40: =OR($B40=0,$C40=0,$E40=0,AND($E40<>0,$F40=0),AND($E40=O$36,$G40=0),$H40=0) -> TRUE | Q40: =IF($E40=Q$35,1,0) -> 0 | R40: =IF($E40=R$35,$G40,0) -> 0 | S40: =IF(AND($E40=S$35,$F40=S$36),$J40,0) -> 0 | T40: =IF(AND($E40=T$35,$F40=T$36),$J40,0) -> 0 | U40: =IF(AND($E40=U$35,$F40=U$36),$J40,0) -> 0 | V40: =IF(AND($E40=V$35,$F40=V$36),$J40,0) -> 0 | W40: =IF($E40=W$35,$J40,0) -> 0
A41: =A40+1 -> 3 | G41: =IFERROR(INDEX('【様式３】シフト表 '!$AK$7:$AK$106,MATCH($M41,'【様式３】シフト表 '!$B$7:$B$106,0),1),0) -> 0 | J41: =IF(L41,IF(OR(O41,N41),"エラー",C41),"-") -> - | L41: =$D41=$L$36 -> FALSE | M41: =IF($E41<>$M$36,0,COUNTIF($E$39:E41,$M$36)) -> 0 | N41: =OR($H41>$H$37,AND($E41=$AA$26,$F41<>$AB$26,$F41<>$AB$27,$F41<>$AB$28,$F41<>$AB$29),AND($E41=$AA$27,$F41<>$AC$26,$F41<>$AC$27,$F41<>$AC$28,$F41<>$AC$29)) -> #VALUE! | O41: =OR($B41=0,$C41=0,$E41=0,AND($E41<>0,$F41=0),AND($E41=O$36,$G41=0),$H41=0) -> TRUE | Q41: =IF($E41=Q$35,1,0) -> 0 | R41: =IF($E41=R$35,$G41,0) -> 0 | S41: =IF(AND($E41=S$35,$F41=S$36),$J41,0) -> 0 | T41: =IF(AND($E41=T$35,$F41=T$36),$J41,0) -> 0 | U41: =IF(AND($E41=U$35,$F41=U$36),$J41,0) -> 0 | V41: =IF(AND($E41=V$35,$F41=V$36),$J41,0) -> 0 | W41: =IF($E41=W$35,$J41,0) -> 0
A42: =A41+1 -> 4 | G42: =IFERROR(INDEX('【様式３】シフト表 '!$AK$7:$AK$106,MATCH($M42,'【様式３】シフト表 '!$B$7:$B$106,0),1),0) -> 0 | J42: =IF(L42,IF(OR(O42,N42),"エラー",C42),"-") -> - | L42: =$D42=$L$36 -> FALSE | M42: =IF($E42<>$M$36,0,COUNTIF($E$39:E42,$M$36)) -> 0 | N42: =OR($H42>$H$37,AND($E42=$AA$26,$F42<>$AB$26,$F42<>$AB$27,$F42<>$AB$28,$F42<>$AB$29),AND($E42=$AA$27,$F42<>$AC$26,$F42<>$AC$27,$F42<>$AC$28,$F42<>$AC$29)) -> #VALUE! | O42: =OR($B42=0,$C42=0,$E42=0,AND($E42<>0,$F42=0),AND($E42=O$36,$G42=0),$H42=0) -> TRUE | Q42: =IF($E42=Q$35,1,0) -> 0 | R42: =IF($E42=R$35,$G42,0) -> 0 | S42: =IF(AND($E42=S$35,$F42=S$36),$J42,0) -> 0 | T42: =IF(AND($E42=T$35,$F42=T$36),$J42,0) -> 0 | U42: =IF(AND($E42=U$35,$F42=U$36),$J42,0) -> 0 | V42: =IF(AND($E42=V$35,$F42=V$36),$J42,0) -> 0 | W42: =IF($E42=W$35,$J42,0) -> 0
A43: =A42+1 -> 5 | G43: =IFERROR(INDEX('【様式３】シフト表 '!$AK$7:$AK$106,MATCH($M43,'【様式３】シフト表 '!$B$7:$B$106,0),1),0) -> 0 | J43: =IF(L43,IF(OR(O43,N43),"エラー",C43),"-") -> - | L43: =$D43=$L$36 -> FALSE | M43: =IF($E43<>$M$36,0,COUNTIF($E$39:E43,$M$36)) -> 0 | N43: =OR($H43>$H$37,AND($E43=$AA$26,$F43<>$AB$26,$F43<>$AB$27,$F43<>$AB$28,$F43<>$AB$29),AND($E43=$AA$27,$F43<>$AC$26,$F43<>$AC$27,$F43<>$AC$28,$F43<>$AC$29)) -> #VALUE! | O43: =OR($B43=0,$C43=0,$E43=0,AND($E43<>0,$F43=0),AND($E43=O$36,$G43=0),$H43=0) -> TRUE | Q43: =IF($E43=Q$35,1,0) -> 0 | R43: =IF($E43=R$35,$G43,0) -> 0 | S43: =IF(AND($E43=S$35,$F43=S$36),$J43,0) -> 0 | T43: =IF(AND($E43=T$35,$F43=T$36),$J43,0) -> 0 | U43: =IF(AND($E43=U$35,$F43=U$36),$J43,0) -> 0 | V43: =IF(AND($E43=V$35,$F43=V$36),$J43,0) -> 0 | W43: =IF($E43=W$35,$J43,0) -> 0
A44: =A43+1 -> 6 | G44: =IFERROR(INDEX('【様式３】シフト表 '!$AK$7:$AK$106,MATCH($M44,'【様式３】シフト表 '!$B$7:$B$106,0),1),0) -> 0 | J44: =IF(L44,IF(OR(O44,N44),"エラー",C44),"-") -> - | L44: =$D44=$L$36 -> FALSE | M44: =IF($E44<>$M$36,0,COUNTIF($E$39:E44,$M$36)) -> 0 | N44: =OR($H44>$H$37,AND($E44=$AA$26,$F44<>$AB$26,$F44<>$AB$27,$F44<>$AB$28,$F44<>$AB$29),AND($E44=$AA$27,$F44<>$AC$26,$F44<>$AC$27,$F44<>$AC$28,$F44<>$AC$29)) -> #VALUE! | O44: =OR($B44=0,$C44=0,$E44=0,AND($E44<>0,$F44=0),AND($E44=O$36,$G44=0),$H44=0) -> TRUE | Q44: =IF($E44=Q$35,1,0) -> 0 | R44: =IF($E44=R$35,$G44,0) -> 0 | S44: =IF(AND($E44=S$35,$F44=S$36),$J44,0) -> 0 | T44: =IF(AND($E44=T$35,$F44=T$36),$J44,0) -> 0 | U44: =IF(AND($E44=U$35,$F44=U$36),$J44,0) -> 0 | V44: =IF(AND($E44=V$35,$F44=V$36),$J44,0) -> 0 | W44: =IF($E44=W$35,$J44,0) -> 0
A45: =A44+1 -> 7 | G45: =IFERROR(INDEX('【様式３】シフト表 '!$AK$7:$AK$106,MATCH($M45,'【様式３】シフト表 '!$B$7:$B$106,0),1),0) -> 0 | J45: =IF(L45,IF(OR(O45,N45),"エラー",C45),"-") -> - | L45: =$D45=$L$36 -> FALSE | M45: =IF($E45<>$M$36,0,COUNTIF($E$39:E45,$M$36)) -> 0 | N45: =OR($H45>$H$37,AND($E45=$AA$26,$F45<>$AB$26,$F45<>$AB$27,$F45<>$AB$28,$F45<>$AB$29),AND($E45=$AA$27,$F45<>$AC$26,$F45<>$AC$27,$F45<>$AC$28,$F45<>$AC$29)) -> #VALUE! | O45: =OR($B45=0,$C45=0,$E45=0,AND($E45<>0,$F45=0),AND($E45=O$36,$G45=0),$H45=0) -> TRUE | Q45: =IF($E45=Q$35,1,0) -> 0 | R45: =IF($E45=R$35,$G45,0) -> 0 | S45: =IF(AND($E45=S$35,$F45=S$36),$J45,0) -> 0 | T45: =IF(AND($E45=T$35,$F45=T$36),$J45,0) -> 0 | U45: =IF(AND($E45=U$35,$F45=U$36),$J45,0) -> 0 | V45: =IF(AND($E45=V$35,$F45=V$36),$J45,0) -> 0 | W45: =IF($E45=W$35,$J45,0) -> 0
A46: =A45+1 -> 8 | G46: =IFERROR(INDEX('【様式３】シフト表 '!$AK$7:$AK$106,MATCH($M46,'【様式３】シフト表 '!$B$7:$B$106,0),1),0) -> 0 | J46: =IF(L46,IF(OR(O46,N46),"エラー",C46),"-") -> - | L46: =$D46=$L$36 -> FALSE | M46: =IF($E46<>$M$36,0,COUNTIF($E$39:E46,$M$36)) -> 0 | N46: =OR($H46>$H$37,AND($E46=$AA$26,$F46<>$AB$26,$F46<>$AB$27,$F46<>$AB$28,$F46<>$AB$29),AND($E46=$AA$27,$F46<>$AC$26,$F46<>$AC$27,$F46<>$AC$28,$F46<>$AC$29)) -> #VALUE! | O46: =OR($B46=0,$C46=0,$E46=0,AND($E46<>0,$F46=0),AND($E46=O$36,$G46=0),$H46=0) -> TRUE | Q46: =IF($E46=Q$35,1,0) -> 0 | R46: =IF($E46=R$35,$G46,0) -> 0 | S46: =IF(AND($E46=S$35,$F46=S$36),$J46,0) -> 0 | T46: =IF(AND($E46=T$35,$F46=T$36),$J46,0) -> 0 | U46: =IF(AND($E46=U$35,$F46=U$36),$J46,0) -> 0 | V46: =IF(AND($E46=V$35,$F46=V$36),$J46,0) -> 0 | W46: =IF($E46=W$35,$J46,0) -> 0
A47: =A46+1 -> 9 | G47: =IFERROR(INDEX('【様式３】シフト表 '!$AK$7:$AK$106,MATCH($M47,'【様式３】シフト表 '!$B$7:$B$106,0),1),0) -> 0 | J47: =IF(L47,IF(OR(O47,N47),"エラー",C47),"-") -> - | L47: =$D47=$L$36 -> FALSE | M47: =IF($E47<>$M$36,0,COUNTIF($E$39:E47,$M$36)) -> 0 | N47: =OR($H47>$H$37,AND($E47=$AA$26,$F47<>$AB$26,$F47<>$AB$27,$F47<>$AB$28,$F47<>$AB$29),AND($E47=$AA$27,$F47<>$AC$26,$F47<>$AC$27,$F47<>$AC$28,$F47<>$AC$29)) -> #VALUE! | O47: =OR($B47=0,$C47=0,$E47=0,AND($E47<>0,$F47=0),AND($E47=O$36,$G47=0),$H47=0) -> TRUE | Q47: =IF($E47=Q$35,1,0) -> 0 | R47: =IF($E47=R$35,$G47,0) -> 0 | S47: =IF(AND($E47=S$35,$F47=S$36),$J47,0) -> 0 | T47: =IF(AND($E47=T$35,$F47=T$36),$J47,0) -> 0 | U47: =IF(AND($E47=U$35,$F47=U$36),$J47,0) -> 0 | V47: =IF(AND($E47=V$35,$F47=V$36),$J47,0) -> 0 | W47: =IF($E47=W$35,$J47,0) -> 0
A48: =A47+1 -> 10 | G48: =IFERROR(INDEX('【様式３】シフト表 '!$AK$7:$AK$106,MATCH($M48,'【様式３】シフト表 '!$B$7:$B$106,0),1),0) -> 0 | J48: =IF(L48,IF(OR(O48,N48),"エラー",C48),"-") -> - | L48: =$D48=$L$36 -> FALSE | M48: =IF($E48<>$M$36,0,COUNTIF($E$39:E48,$M$36)) -> 0 | N48: =OR($H48>$H$37,AND($E48=$AA$26,$F48<>$AB$26,$F48<>$AB$27,$F48<>$AB$28,$F48<>$AB$29),AND($E48=$AA$27,$F48<>$AC$26,$F48<>$AC$27,$F48<>$AC$28,$F48<>$AC$29)) -> #VALUE! | O48: =OR($B48=0,$C48=0,$E48=0,AND($E48<>0,$F48=0),AND($E48=O$36,$G48=0),$H48=0) -> TRUE | Q48: =IF($E48=Q$35,1,0) -> 0 | R48: =IF($E48=R$35,$G48,0) -> 0 | S48: =IF(AND($E48=S$35,$F48=S$36),$J48,0) -> 0 | T48: =IF(AND($E48=T$35,$F48=T$36),$J48,0) -> 0 | U48: =IF(AND($E48=U$35,$F48=U$36),$J48,0) -> 0 | V48: =IF(AND($E48=V$35,$F48=V$36),$J48,0) -> 0 | W48: =IF($E48=W$35,$J48,0) -> 0
A49: =A48+1 -> 11 | G49: =IFERROR(INDEX('【様式３】シフト表 '!$AK$7:$AK$106,MATCH($M49,'【様式３】シフト表 '!$B$7:$B$106,0),1),0) -> 0 | J49: =IF(L49,IF(OR(O49,N49),"エラー",C49),"-") -> - | L49: =$D49=$L$36 -> FALSE | M49: =IF($E49<>$M$36,0,COUNTIF($E$39:E49,$M$36)) -> 0 | N49: =OR($H49>$H$37,AND($E49=$AA$26,$F49<>$AB$26,$F49<>$AB$27,$F49<>$AB$28,$F49<>$AB$29),AND($E49=$AA$27,$F49<>$AC$26,$F49<>$AC$27,$F49<>$AC$28,$F49<>$AC$29)) -> #VALUE! | O49: =OR($B49=0,$C49=0,$E49=0,AND($E49<>0,$F49=0),AND($E49=O$36,$G49=0),$H49=0) -> TRUE | Q49: =IF($E49=Q$35,1,0) -> 0 | R49: =IF($E49=R$35,$G49,0) -> 0 | S49: =IF(AND($E49=S$35,$F49=S$36),$J49,0) -> 0 | T49: =IF(AND($E49=T$35,$F49=T$36),$J49,0) -> 0 | U49: =IF(AND($E49=U$35,$F49=U$36),$J49,0) -> 0 | V49: =IF(AND($E49=V$35,$F49=V$36),$J49,0) -> 0 | W49: =IF($E49=W$35,$J49,0) -> 0
A50: =A49+1 -> 12 | G50: =IFERROR(INDEX('【様式３】シフト表 '!$AK$7:$AK$106,MATCH($M50,'【様式３】シフト表 '!$B$7:$B$106,0),1),0) -> 0 | J50: =IF(L50,IF(OR(O50,N50),"エラー",C50),"-") -> - | L50: =$D50=$L$36 -> FALSE | M50: =IF($E50<>$M$36,0,COUNTIF($E$39:E50,$M$36)) -> 0 | N50: =OR($H50>$H$37,AND($E50=$AA$26,$F50<>$AB$26,$F50<>$AB$27,$F50<>$AB$28,$F50<>$AB$29),AND($E50=$AA$27,$F50<>$AC$26,$F50<>$AC$27,$F50<>$AC$28,$F50<>$AC$29)) -> #VALUE! | O50: =OR($B50=0,$C50=0,$E50=0,AND($E50<>0,$F50=0),AND($E50=O$36,$G50=0),$H50=0) -> TRUE | Q50: =IF($E50=Q$35,1,0) -> 0 | R50: =IF($E50=R$35,$G50,0) -> 0 | S50: =IF(AND($E50=S$35,$F50=S$36),$J50,0) -> 0 | T50: =IF(AND($E50=T$35,$F50=T$36),$J50,0) -> 0 | U50: =IF(AND($E50=U$35,$F50=U$36),$J50,0) -> 0 | V50: =IF(AND($E50=V$35,$F50=V$36),$J50,0) -> 0 | W50: =IF($E50=W$35,$J50,0) -> 0
A51: =A50+1 -> 13 | G51: =IFERROR(INDEX('【様式３】シフト表 '!$AK$7:$AK$106,MATCH($M51,'【様式３】シフト表 '!$B$7:$B$106,0),1),0) -> 0 | J51: =IF(L51,IF(OR(O51,N51),"エラー",C51),"-") -> - | L51: =$D51=$L$36 -> FALSE | M51: =IF($E51<>$M$36,0,COUNTIF($E$39:E51,$M$36)) -> 0 | N51: =OR($H51>$H$37,AND($E51=$AA$26,$F51<>$AB$26,$F51<>$AB$27,$F51<>$AB$28,$F51<>$AB$29),AND($E51=$AA$27,$F51<>$AC$26,$F51<>$AC$27,$F51<>$AC$28,$F51<>$AC$29)) -> #VALUE! | O51: =OR($B51=0,$C51=0,$E51=0,AND($E51<>0,$F51=0),AND($E51=O$36,$G51=0),$H51=0) -> TRUE | Q51: =IF($E51=Q$35,1,0) -> 0 | R51: =IF($E51=R$35,$G51,0) -> 0 | S51: =IF(AND($E51=S$35,$F51=S$36),$J51,0) -> 0 | T51: =IF(AND($E51=T$35,$F51=T$36),$J51,0) -> 0 | U51: =IF(AND($E51=U$35,$F51=U$36),$J51,0) -> 0 | V51: =IF(AND($E51=V$35,$F51=V$36),$J51,0) -> 0 | W51: =IF($E51=W$35,$J51,0) -> 0
... A138: =A137+1 -> 100 | G138: =IFERROR(INDEX('【様式３】シフト表 '!$AK$7:$AK$106,MATCH($M138,'【様式３】シフト表 '!$B$7:$B$106,0),1),0) -> 0 | J138: =IF(L138,IF(OR(O138,N138),"エラー",C138),"-") -> - | L138: =$D138=$L$36 -> FALSE | M138: =IF($E138<>$M$36,0,COUNTIF($E$39:E138,$M$36)) -> 0 | N138: =OR($H138>$H$37,AND($E138=$AA$26,$F138<>$AB$26,$F138<>$AB$27,$F138<>$AB$28,$F138<>$AB$29),AND($E138=$AA$27,$F138<>$AC$26,$F138<>$AC$27,$F138<>$AC$28,$F138<>$AC$29)) -> #VALUE! | O138: =OR($B138=0,$C138=0,$E138=0,AND($E138<>0,$F138=0),AND($E138=O$36,$G138=0),$H138=0) -> TRUE | Q138: =IF($E138=Q$35,1,0) -> 0 | R138: =IF($E138=R$35,$G138,0) -> 0 | S138: =IF(AND($E138=S$35,$F138=S$36),$J138,0) -> 0 | T138: =IF(AND($E138=T$35,$F138=T$36),$J138,0) -> 0 | U138: =IF(AND($E138=U$35,$F138=U$36),$J138,0) -> 0 | V138: =IF(AND($E138=V$35,$F138=V$36),$J138,0) -> 0 | W138: =IF($E138=W$35,$J138,0) -> 0
P139: =Y26 -> 家庭的保育者 | Q139: =SUMIFS(Q$39:Q$138,$J$39:$J$138,$P139) -> 0 | R139: =SUM(SUMIFS(R$39:R$138,$J$39:$J$138,$P139),SUMIFS(R$28:R$33,$J$28:$J$33,$P139)) -> 0 | S139: =COUNTIF(S$39:S$138,$P139) -> 0 | T139: =COUNTIF(T$39:T$138,$P139) -> 0 | U139: =COUNTIF(U$39:U$138,$P139) -> 0 | V139: =COUNTIF(V$39:V$138,$P139) -> 0 | W139: =COUNTIF(W$39:W$138,$P139) -> 0
P140: =Y27 -> 家庭的保育補助者 | Q140: =SUMIFS(Q$39:Q$138,$J$39:$J$138,$P140) -> 0 | R140: =SUM(SUMIFS(R$39:R$138,$J$39:$J$138,$P140),SUMIFS(R$28:R$33,$J$28:$J$33,$P140)) -> 0 | S140: =COUNTIF(S$39:S$138,$P140) -> 0 | T140: =COUNTIF(T$39:T$138,$P140) -> 0 | U140: =COUNTIF(U$39:U$138,$P140) -> 0 | V140: =COUNTIF(V$39:V$138,$P140) -> 0 | W140: =COUNTIF(W$39:W$138,$P140) -> 0
P141: =Y28 -> 栄養士 | Q141: =SUMIFS(Q$39:Q$138,$J$39:$J$138,$P141) -> 0 | R141: =SUMIFS(R$39:R$138,$J$39:$J$138,$P141) -> 0 | S141: =COUNTIF(S$39:S$138,$P141) -> 0 | T141: =COUNTIF(T$39:T$138,$P141) -> 0 | U141: =COUNTIF(U$39:U$138,$P141) -> 0 | V141: =COUNTIF(V$39:V$138,$P141) -> 0 | W141: =COUNTIF(W$39:W$138,$P141) -> 0
P142: =Y29 -> 調理員 | Q142: =SUMIFS(Q$39:Q$138,$J$39:$J$138,$P142) -> 0 | R142: =SUMIFS(R$39:R$138,$J$39:$J$138,$P142) -> 0 | S142: =COUNTIF(S$39:S$138,$P142) -> 0 | T142: =COUNTIF(T$39:T$138,$P142) -> 0 | U142: =COUNTIF(U$39:U$138,$P142) -> 0 | V142: =COUNTIF(V$39:V$138,$P142) -> 0 | W142: =COUNTIF(W$39:W$138,$P142) -> 0
P143: =Y30 -> 事務員 | Q143: =SUMIFS(Q$39:Q$138,$J$39:$J$138,$P143) -> 0 | R143: =SUMIFS(R$39:R$138,$J$39:$J$138,$P143) -> 0 | S143: =COUNTIF(S$39:S$138,$P143) -> 0 | T143: =COUNTIF(T$39:T$138,$P143) -> 0 | U143: =COUNTIF(U$39:U$138,$P143) -> 0 | V143: =COUNTIF(V$39:V$138,$P143) -> 0 | W143: =COUNTIF(W$39:W$138,$P143) -> 0
P144: =Y31 -> その他 | Q144: =SUMIFS(Q$39:Q$138,$J$39:$J$138,$P144) -> 0 | R144: =SUMIFS(R$39:R$138,$J$39:$J$138,$P144) -> 0 | S144: =COUNTIF(S$39:S$138,$P144) -> 0 | T144: =COUNTIF(T$39:T$138,$P144) -> 0 | U144: =COUNTIF(U$39:U$138,$P144) -> 0 | V144: =COUNTIF(V$39:V$138,$P144) -> 0 | W144: =COUNTIF(W$39:W$138,$P144) -> 0

Sheet 【様式３】シフト表 
B1: 【様式3】 | G1: =AO1 | I1: 年 | J1: =AO2 -> 0 | K1: 月 | L1: 非常勤職員勤務シフト表 | AC1: =AM2&"様式3"&AM3 -> 加-23_月申-様式3-家_Ver.2.00 | AM1: 様式名 | AN1: 年 | AO1: =【様式１】総括表・個票!D10 | AP1: 値 | AQ1: 1 | AR1: 2 | AS1: 3 | AT1: 4 | AU1: 5 | AV1: 6 | AW1: 7
B2: ○ | C2: 提出日 | F2: =【様式１】総括表・個票!W4 -> #N/A | K2: ・ 入力する時間は実勤務時間とし、休憩時間は含めないでください。 | AA2: 換算表 | AE2: 時 | AF2: ⇒ | AH2: =SUM(AC2,ROUND(AC3/60,2)) -> 0 | AJ2: 時間 | AM2: =【様式１】総括表・個票!$AI$2 -> 加-23_月申- | AN2: 月 | AO2: =【様式１】総括表・個票!I10 -> 0 | AP2: 曜日 | AQ2: （日） | AR2: （月） | AS2: （火） | AT2: （水） | AU2: （木） | AV2: （金） | AW2: （土）
B3: ○ | C3: 施設名 | F3: =【様式１】総括表・個票!D12 -> 0 | K3: ・ 単位は「時間」のため、１時間30分⇒1.5（時間）となります。不明な場合は右の換算表をご使用ください。 | AE3: 分 | AK3: 【時間】 | AM3: =【様式１】総括表・個票!$AI$3 -> -家_Ver.2.00
B4: No. | C4: 氏名 | D4: 日にち | F4: 1 | G4: 2 | H4: 3 | I4: 4 | J4: 5 | K4: 6 | L4: 7 | M4: 8 | N4: 9 | O4: 10 | P4: 11 | Q4: 12 | R4: 13 | S4: 14 | T4: 15 | U4: 16 | V4: 17 | W4: 18 | X4: 19 | Y4: 20 | Z4: 21 | AA4: 22 | AB4: 23 | AC4: 24 | AD4: 25 | AE4: 26 | AF4: 27 | AG4: 28 | AH4: =IF(AG4="","",IF(MONTH(DATE($AO$1,$AO$2,AG4+1))=$AO$2,AG4+1,"")) -> #VALUE! | AI4: =IF(AH4="","",IF(MONTH(DATE($AO$1,$AO$2,AH4+1))=$AO$2,AH4+1,"")) -> #VALUE! | AJ4: =IF(AI4="","",IF(MONTH(DATE($AO$1,$AO$2,AI4+1))=$AO$2,AI4+1,"")) -> #VALUE! | AK4: 合計
D5: 土・祝・休日 | F5: =IF(F4<>"",IF(OR(WEEKDAY(DATE($AO$1,$AO$2,F$4),2)>6,COUNTIF('休日情報(要更新) '!$A$5:$J$32,DATE($AO$1,$AO$2,F$4)) >=1),"○",""),"") -> #VALUE! | G5: =IF(G4<>"",IF(OR(WEEKDAY(DATE($AO$1,$AO$2,G$4),2)>6,COUNTIF('休日情報(要更新) '!$A$5:$J$32,DATE($AO$1,$AO$2,G$4)) >=1),"○",""),"") -> #VALUE! | H5: =IF(H4<>"",IF(OR(WEEKDAY(DATE($AO$1,$AO$2,H$4),2)>6,COUNTIF('休日情報(要更新) '!$A$5:$J$32,DATE($AO$1,$AO$2,H$4)) >=1),"○",""),"") -> #VALUE! | I5: =IF(I4<>"",IF(OR(WEEKDAY(DATE($AO$1,$AO$2,I$4),2)>6,COUNTIF('休日情報(要更新) '!$A$5:$J$32,DATE($AO$1,$AO$2,I$4)) >=1),"○",""),"") -> #VALUE! | J5: =IF(J4<>"",IF(OR(WEEKDAY(DATE($AO$1,$AO$2,J$4),2)>6,COUNTIF('休日情報(要更新) '!$A$5:$J$32,DATE($AO$1,$AO$2,J$4)) >=1),"○",""),"") -> #VALUE! | K5: =IF(K4<>"",IF(OR(WEEKDAY(DATE($AO$1,$AO$2,K$4),2)>6,COUNTIF('休日情報(要更新) '!$A$5:$J$32,DATE($AO$1,$AO$2,K$4)) >=1),"○",""),"") -> #VALUE! | L5: =IF(L4<>"",IF(OR(WEEKDAY(DATE($AO$1,$AO$2,L$4),2)>6,COUNTIF('休日情報(要更新) '!$A$5:$J$32,DATE($AO$1,$AO$2,L$4)) >=1),"○",""),"") -> #VALUE! | M5: =IF(M4<>"",IF(OR(WEEKDAY(DATE($AO$1,$AO$2,M$4),2)>6,COUNTIF('休日情報(要更新) '!$A$5:$J$32,DATE($AO$1,$AO$2,M$4)) >=1),"○",""),"") -> #VALUE! | ... AJ5: =IF(AJ4<>"",IF(OR(WEEKDAY(DATE($AO$1,$AO$2,AJ$4),2)>6,COUNTIF('休日情報(要更新) '!$A$5:$J$32,DATE($AO$1,$AO$2,AJ$4)) >=1),"○",""),"") -> #VALUE!
D6: 曜日 | F6: =HLOOKUP(WEEKDAY(DATE($AO$1,$AO$2,F$4)),$AQ$1:$AW$2,2,FALSE) -> #VALUE! | G6: =HLOOKUP(WEEKDAY(DATE($AO$1,$AO$2,G$4)),$AQ$1:$AW$2,2,FALSE) -> #VALUE! | H6: =HLOOKUP(WEEKDAY(DATE($AO$1,$AO$2,H$4)),$AQ$1:$AW$2,2,FALSE) -> #VALUE! | I6: =HLOOKUP(WEEKDAY(DATE($AO$1,$AO$2,I$4)),$AQ$1:$AW$2,2,FALSE) -> #VALUE! | J6: =HLOOKUP(WEEKDAY(DATE($AO$1,$AO$2,J$4)),$AQ$1:$AW$2,2,FALSE) -> #VALUE! | K6: =HLOOKUP(WEEKDAY(DATE($AO$1,$AO$2,K$4)),$AQ$1:$AW$2,2,FALSE) -> #VALUE! | L6: =HLOOKUP(WEEKDAY(DATE($AO$1,$AO$2,L$4)),$AQ$1:$AW$2,2,FALSE) -> #VALUE! | M6: =HLOOKUP(WEEKDAY(DATE($AO$1,$AO$2,M$4)),$AQ$1:$AW$2,2,FALSE) -> #VALUE! | ... AG6: =HLOOKUP(WEEKDAY(DATE($AO$1,$AO$2,AG$4)),$AQ$1:$AW$2,2,FALSE) -> #VALUE! | AH6: =IF(AH4<>"",HLOOKUP(WEEKDAY(DATE($AO$1,$AO$2,AH$4)),$AQ$1:$AW$2,2,FALSE),"") -> #VALUE! | AI6: =IF(AI4<>"",HLOOKUP(WEEKDAY(DATE($AO$1,$AO$2,AI$4)),$AQ$1:$AW$2,2,FALSE),"") -> #VALUE! | AJ6: =IF(AJ4<>"",HLOOKUP(WEEKDAY(DATE($AO$1,$AO$2,AJ$4)),$AQ$1:$AW$2,2,FALSE),"") -> #VALUE!
B7: =ROW()-6 -> 1 | C7: =IFERROR(INDEX(【様式2】職員名簿!$B$39:$B$138,MATCH($B7,【様式2】職員名簿!$M$39:$M$138,0),1),"") | D7: 時間数 | AK7: =MIN(SUMIF($F$4:$AJ$4,">0",F7:AJ7),【様式2】職員名簿!$F$5) -> 0
B8: =ROW()-6 -> 2 | C8: =IFERROR(INDEX(【様式2】職員名簿!$B$39:$B$138,MATCH($B8,【様式2】職員名簿!$M$39:$M$138,0),1),"") | D8: 時間数 | AK8: =MIN(SUMIF($F$4:$AJ$4,">0",F8:AJ8),【様式2】職員名簿!$F$5) -> 0
B9: =ROW()-6 -> 3 | C9: =IFERROR(INDEX(【様式2】職員名簿!$B$39:$B$138,MATCH($B9,【様式2】職員名簿!$M$39:$M$138,0),1),"") | D9: 時間数 | AK9: =MIN(SUMIF($F$4:$AJ$4,">0",F9:AJ9),【様式2】職員名簿!$F$5) -> 0
B10: =ROW()-6 -> 4 | C10: =IFERROR(INDEX(【様式2】職員名簿!$B$39:$B$138,MATCH($B10,【様式2】職員名簿!$M$39:$M$138,0),1),"") | D10: 時間数 | AK10: =MIN(SUMIF($F$4:$AJ$4,">0",F10:AJ10),【様式2】職員名簿!$F$5) -> 0
B11: =ROW()-6 -> 5 | C11: =IFERROR(INDEX(【様式2】職員名簿!$B$39:$B$138,MATCH($B11,【様式2】職員名簿!$M$39:$M$138,0),1),"") | D11: 時間数 | AK11: =MIN(SUMIF($F$4:$AJ$4,">0",F11:AJ11),【様式2】職員名簿!$F$5) -> 0
B12: =ROW()-6 -> 6 | C12: =IFERROR(INDEX(【様式2】職員名簿!$B$39:$B$138,MATCH($B12,【様式2】職員名簿!$M$39:$M$138,0),1),"") | D12: 時間数 | AK12: =MIN(SUMIF($F$4:$AJ$4,">0",F12:AJ12),【様式2】職員名簿!$F$5) -> 0
B13: =ROW()-6 -> 7 | C13: =IFERROR(INDEX(【様式2】職員名簿!$B$39:$B$138,MATCH($B13,【様式2】職員名簿!$M$39:$M$138,0),1),"") | D13: 時間数 | AK13: =MIN(SUMIF($F$4:$AJ$4,">0",F13:AJ13),【様式2】職員名簿!$F$5) -> 0
B14: =ROW()-6 -> 8 | C14: =IFERROR(INDEX(【様式2】職員名簿!$B$39:$B$138,MATCH($B14,【様式2】職員名簿!$M$39:$M$138,0),1),"") | D14: 時間数 | AK14: =MIN(SUMIF($F$4:$AJ$4,">0",F14:AJ14),【様式2】職員名簿!$F$5) -> 0
B15: =ROW()-6 -> 9 | C15: =IFERROR(INDEX(【様式2】職員名簿!$B$39:$B$138,MATCH($B15,【様式2】職員名簿!$M$39:$M$138,0),1),"") | D15: 時間数 | AK15: =MIN(SUMIF($F$4:$AJ$4,">0",F15:AJ15),【様式2】職員名簿!$F$5) -> 0
B16: =ROW()-6 -> 10 | C16: =IFERROR(INDEX(【様式2】職員名簿!$B$39:$B$138,MATCH($B16,【様式2】職員名簿!$M$39:$M$138,0),1),"") | D16: 時間数 | AK16: =MIN(SUMIF($F$4:$AJ$4,">0",F16:AJ16),【様式2】職員名簿!$F$5) -> 0
B17: =ROW()-6 -> 11 | C17: =IFERROR(INDEX(【様式2】職員名簿!$B$39:$B$138,MATCH($B17,【様式2】職員名簿!$M$39:$M$138,0),1),"") | D17: 時間数 | AK17: =MIN(SUMIF($F$4:$AJ$4,">0",F17:AJ17),【様式2】職員名簿!$F$5) -> 0
B18: =ROW()-6 -> 12 | C18: =IFERROR(INDEX(【様式2】職員名簿!$B$39:$B$138,MATCH($B18,【様式2】職員名簿!$M$39:$M$138,0),1),"") | D18: 時間数 | AK18: =MIN(SUMIF($F$4:$AJ$4,">0",F18:AJ18),【様式2】職員名簿!$F$5) -> 0
... B106: =ROW()-6 -> 100 | C106: =IFERROR(INDEX(【様式2】職員名簿!$B$39:$B$138,MATCH($B106,【様式2】職員名簿!$M$39:$M$138,0),1),"") | D106: 時間数 | AK106: =MIN(SUMIF($F$4:$AJ$4,">0",F106:AJ106),【様式2】職員名簿!$F$5) -> 0
B107: 計 | F107: =SUM(F7:F106) -> 0 | G107: =SUM(G7:G106) -> 0 | H107: =SUM(H7:H106) -> 0 | I107: =SUM(I7:I106) -> 0 | J107: =SUM(J7:J106) -> 0 | K107: =SUM(K7:K106) -> 0 | L107: =SUM(L7:L106) -> 0 | M107: =SUM(M7:M106) -> 0 | ... AG107: =SUM(AG7:AG106) -> 0 | AH107: =IF(AH4="",0,SUM(AH7:AH106)) -> #VALUE! | AI107: =IF(AI4="",0,SUM(AI7:AI106)) -> #VALUE! | AJ107: =IF(AJ4="",0,SUM(AJ7:AJ106)) -> #VALUE! | AK107: =SUM(AK7:AK106) -> 0

Sheet 【様式５】職員数算出表
A1: 【様式5】 | J1: =Q2&"様式5"&Q3 -> 加-23_月申-様式5-家_Ver.2.00 | Q1: 様式名 | AL1: 非常勤下限設定 | AM1: 就業規則に定める時間 | AN1: 選択 | AO1: チーム保育加配加算 | AR1: 選択 | AS1: 職種 | AT1: リスト登録(数式＞定義された名前＞選択範囲から作成＞上端 で二重線囲部分を名前登録する➡ドロップダウンの範囲登録に使用)
Q2: =【様式１】総括表・個票!$AI$2 -> 加-23_月申- | AL2: =AND(OR(AL3>0,AL4>0),ISNUMBER(AL3)) -> FALSE | AM2: =【様式2】職員名簿!$F$5 -> 0 | AO2: 1 | AP2: 1 | AS2: =【様式2】職員名簿!Y26 -> 家庭的保育者 | AT2: 様式2 | AY2: 家庭的保育者 | BA2: 家庭的保育補助者 | BC2: 栄養士 | BE2: 調理員 | BG2: 事務員 | BI2: 全員 | BK2: 業務委託
B3: =【様式2】職員名簿!$A$2 -> 2023年度 | D3: 特定教育・保育等に要する費用の額の算定に係る職員数算出表 | K3: =+"【"&【様式１】総括表・個票!I10&"月分】" -> 【月分】 | Q3: =【様式１】総括表・個票!$AI$3 -> -家_Ver.2.00 | AK3: 下限時間①→ | AL3: =AM2/2 -> 0 | AN3: ○ | AO3: 46 | AP3: 2 | AQ3: 1 | AR3: =IFERROR(IF(AND(#REF!>=0,AQ3<=#REF!),AQ3,""),"") | AS3: =【様式2】職員名簿!Y27 -> 家庭的保育補助者 | AY3: =AS2 -> 家庭的保育者 | AZ3: 名前登録～上端行で登録↓ | BA3: =AS3 -> 家庭的保育補助者 | BB3: 名前登録～上端行で登録↓ | BC3: =AS4 -> 栄養士 | BD3: 名前登録～上端行で登録↓ | BE3: =AS4 -> 栄養士 | BF3: 名前登録～上端行で登録↓ | BG3: =AS6 -> 事務員 | BH3: 名前登録～上端行で登録↓ | BI3: - | BJ3: 名前登録～上端行で登録↓
A4: 1 利用児童状況(クラス年齢) | AK4: 下限時間②→ | AL4: =AM2/5*2 -> 0 | AN4: × | AO4: 151 | AP4: 3 | AQ4: 2 | AR4: =IFERROR(IF(AND(#REF!>=0,AQ4<=#REF!),AQ4,""),"") | AS4: =【様式2】職員名簿!Y28 -> 栄養士 | BE4: =AS5 -> 調理員
A5: 「月初日(1日時点)」かつ「クラス年齢」の児童数を下記に入力すること。 | AO5: 241 | AP5: 3.5 | AQ5: 3 | AR5: =IFERROR(IF(AND(#REF!>=0,AQ5<=#REF!),AQ5,""),"") | AS5: =【様式2】職員名簿!Y29 -> 調理員
A6: 区分 | B6: 利用定員 | C6: 各月初日における利用児童数(市外児童含む) | M6: （総計） | AO6: 271 | AP6: 5 | AQ6: 3.5 | AR6: =IFERROR(IF(AND(#REF!>=0,AQ6<=#REF!),AQ6,""),"") | AS6: =【様式2】職員名簿!Y30 -> 事務員 | AT6: No | AU6: 氏名 | AV6: 常勤・非常勤 | AW6: 入力 | AX6: 勤務時間 | AY6: カウント | AZ6: 家庭的保育者 | BA6: カウント | BB6: 家庭的保育補助者 | BC6: カウント | BD6: 栄養士 | BE6: カウント | BF6: 調理員 | BG6: カウント | BH6: 事務員 | BI6: カウント | BJ6: 全職種 | BL6: 業務委託
B7: 3号 | C7: 市内/外 | D7: 児童区分 | E7: 5歳児 | F7: 4歳児 | G7: 3歳児 | H7: 満3歳児 | I7: 2歳児 | J7: 1歳児 | K7: 0歳児（乳児） | L7: 計 | AO7: 301 | AP7: 6 | AQ7: 4 | AR7: =IFERROR(IF(AND(#REF!>=0,AQ7<=#REF!),AQ7,""),"") | AS7: =【様式2】職員名簿!Y31 -> その他 | AT7: 0 | BK7: =【様式2】職員名簿!C28 -> 家庭的保育者 | BL7: =IFERROR(IF(BK7=【様式2】職員名簿!$J28,【様式2】職員名簿!$B28,"×"),"×") -> × | BM7: =【様式2】職員名簿!G28 -> 0
A8: 本園 | B8: =【様式１】総括表・個票!R14 -> 0 | C8: 市内 | D8: 通常 | H8: - | L8: =SUM(E8:K8) -> 0 | M8: =SUM(L8,L10) -> 0 | AO8: 451 | AP8: 8 | AQ8: 4.5 | AR8: =IFERROR(IF(AND(#REF!>=0,AQ8<=#REF!),AQ8,""),"") | AT8: =ROW()-ROW($AT$7) -> 1 | AU8: =AT8&" "&IF(AW8<>"-",【様式2】職員名簿!B39&"/"&AV8&"/"&AW8,"") -> 1 | AV8: =【様式2】職員名簿!E39 -> 0 | AW8: =IF(【様式2】職員名簿!J39="エラー","-",【様式2】職員名簿!J39) -> - | AX8: =IF($AV8="常勤",$AM$2,IF($AV8="非常勤",【様式2】職員名簿!G39,0)) -> 0 | AY8: =IF($AW8=AY$3,COUNTIF($AW$8:$AW8,AY$3),0) -> 0 | AZ8: =IFERROR(INDEX($AU$8:$AU$107,MATCH($AT8,AY$8:AY$107,0),1),"") | BA8: =IF($AW8=BA$3,COUNTIF($AW$8:$AW8,BA$3),0) -> 0 | BB8: =IFERROR(INDEX($AU$8:$AU$107,MATCH($AT8,BA$8:BA$107,0),1),"") | BC8: =IF($AW8=BC$3,COUNTIF($AW$8:$AW8,BC$3),0) -> 0 | BD8: =IFERROR(INDEX($AU$8:$AU$107,MATCH($AT8,BC$8:BC$107,0),1),"") | BE8: =IF(OR($AW8=BE$3,$AW8=BE$4),COUNTIF($AW$8:$AW8,BE$3)+COUNTIF($AW$8:$AW8,BE$4),0) -> 0 | BF8: =IFERROR(INDEX($AU$8:$AU$107,MATCH($AT8,BE$8:BE$107,0),1),"") | BG8: =IF($AW8=BG$3,COUNTIF($AW$8:$AW8,BG$3),0) -> 0 | BH8: =IFERROR(INDEX($AU$8:$AU$107,MATCH($AT8,BG$8:BG$107,0),1),"") | BI8: =IF($AW8<>BI$3,COUNTIF($AW$8:$AW8,"<>"&BI$3),0) -> 0 | BJ8: =IFERROR(INDEX($AU$8:$AU$107,MATCH($AT8,BI$8:BI$107,0),1),"") | BK8: =【様式2】職員名簿!C29 -> 家庭的保育補助者 | BL8: =IFERROR(IF(BK8=【様式2】職員名簿!$J29,【様式2】職員名簿!$B29,"×"),"×") -> × | BM8: =【様式2】職員名簿!G29 -> 0
D9: 障がい児 | H9: - | L9: =SUM(E9:K9) -> 0 | M9: =SUM(L9,L11) -> 0 | AQ9: 5 | AR9: =IFERROR(IF(AND(#REF!>=0,AQ9<=#REF!),AQ9,""),"") | AT9: =ROW()-ROW($AT$7) -> 2 | AU9: =AT9&" "&IF(AW9<>"-",【様式2】職員名簿!B40&"/"&AV9&"/"&AW9,"") -> 2 | AV9: =【様式2】職員名簿!E40 -> 0 | AW9: =IF(【様式2】職員名簿!J40="エラー","-",【様式2】職員名簿!J40) -> - | AX9: =IF($AV9="常勤",$AM$2,IF($AV9="非常勤",【様式2】職員名簿!G40,0)) -> 0 | AY9: =IF($AW9=AY$3,COUNTIF($AW$8:$AW9,AY$3),0) -> 0 | AZ9: =IFERROR(INDEX($AU$8:$AU$107,MATCH($AT9,AY$8:AY$107,0),1),"") | BA9: =IF($AW9=BA$3,COUNTIF($AW$8:$AW9,BA$3),0) -> 0 | BB9: =IFERROR(INDEX($AU$8:$AU$107,MATCH($AT9,BA$8:BA$107,0),1),"") | BC9: =IF($AW9=BC$3,COUNTIF($AW$8:$AW9,BC$3),0) -> 0 | BD9: =IFERROR(INDEX($AU$8:$AU$107,MATCH($AT9,BC$8:BC$107,0),1),"") | BE9: =IF(OR($AW9=BE$3,$AW9=BE$4),COUNTIF($AW$8:$AW9,BE$3)+COUNTIF($AW$8:$AW9,BE$4),0) -> 0 | BF9: =IFERROR(INDEX($AU$8:$AU$107,MATCH($AT9,BE$8:BE$107,0),1),"") | BG9: =IF($AW9=BG$3,COUNTIF($AW$8:$AW9,BG$3),0) -> 0 | BH9: =IFERROR(INDEX($AU$8:$AU$107,MATCH($AT9,BG$8:BG$107,0),1),"") | BI9: =IF($AW9<>BI$3,COUNTIF($AW$8:$AW9,"<>"&BI$3),0) -> 0 | BJ9: =IFERROR(INDEX($AU$8:$AU$107,MATCH($AT9,BI$8:BI$107,0),1),"") | BK9: =【様式2】職員名簿!C30 -> 栄養士（委託） | BL9: =IFERROR(IF(BK9=【様式2】職員名簿!$J30,【様式2】職員名簿!$B30,"×"),"×") -> × | BM9: =【様式2】職員名簿!G30 -> 0
C10: 市外 | D10: 通常 | H10: - | L10: =SUM(E10:K10) -> 0 | M10: - | AQ10: 5.5 | AR10: =IFERROR(IF(AND(#REF!>=0,AQ10<=#REF!),AQ10,""),"") | AT10: =ROW()-ROW($AT$7) -> 3 | AU10: =AT10&" "&IF(AW10<>"-",【様式2】職員名簿!B41&"/"&AV10&"/"&AW10,"") -> 3 | AV10: =【様式2】職員名簿!E41 -> 0 | AW10: =IF(【様式2】職員名簿!J41="エラー","-",【様式2】職員名簿!J41) -> - | AX10: =IF($AV10="常勤",$AM$2,IF($AV10="非常勤",【様式2】職員名簿!G41,0)) -> 0 | AY10: =IF($AW10=AY$3,COUNTIF($AW$8:$AW10,AY$3),0) -> 0 | AZ10: =IFERROR(INDEX($AU$8:$AU$107,MATCH($AT10,AY$8:AY$107,0),1),"") | BA10: =IF($AW10=BA$3,COUNTIF($AW$8:$AW10,BA$3),0) -> 0 | BB10: =IFERROR(INDEX($AU$8:$AU$107,MATCH($AT10,BA$8:BA$107,0),1),"") | BC10: =IF($AW10=BC$3,COUNTIF($AW$8:$AW10,BC$3),0) -> 0 | BD10: =IFERROR(INDEX($AU$8:$AU$107,MATCH($AT10,BC$8:BC$107,0),1),"") | BE10: =IF(OR($AW10=BE$3,$AW10=BE$4),COUNTIF($AW$8:$AW10,BE$3)+COUNTIF($AW$8:$AW10,BE$4),0) -> 0 | BF10: =IFERROR(INDEX($AU$8:$AU$107,MATCH($AT10,BE$8:BE$107,0),1),"") | BG10: =IF($AW10=BG$3,COUNTIF($AW$8:$AW10,BG$3),0) -> 0 | BH10: =IFERROR(INDEX($AU$8:$AU$107,MATCH($AT10,BG$8:BG$107,0),1),"") | BI10: =IF($AW10<>BI$3,COUNTIF($AW$8:$AW10,"<>"&BI$3),0) -> 0 | BJ10: =IFERROR(INDEX($AU$8:$AU$107,MATCH($AT10,BI$8:BI$107,0),1),"") | BK10: =【様式2】職員名簿!C31 -> 調理員（委託） | BL10: =IFERROR(IF(BK10=【様式2】職員名簿!$J31,【様式2】職員名簿!$B31,"×"),"×") -> × | BM10: =【様式2】職員名簿!G31 -> 0
D11: 障がい児 | H11: - | L11: =SUM(E11:K11) -> 0 | M11: - | AQ11: 6 | AR11: =IFERROR(IF(AND(#REF!>=0,AQ11<=#REF!),AQ11,""),"") | AT11: =ROW()-ROW($AT$7) -> 4 | AU11: =AT11&" "&IF(AW11<>"-",【様式2】職員名簿!B42&"/"&AV11&"/"&AW11,"") -> 4 | AV11: =【様式2】職員名簿!E42 -> 0 | AW11: =IF(【様式2】職員名簿!J42="エラー","-",【様式2】職員名簿!J42) -> - | AX11: =IF($AV11="常勤",$AM$2,IF($AV11="非常勤",【様式2】職員名簿!G42,0)) -> 0 | AY11: =IF($AW11=AY$3,COUNTIF($AW$8:$AW11,AY$3),0) -> 0 | AZ11: =IFERROR(INDEX($AU$8:$AU$107,MATCH($AT11,AY$8:AY$107,0),1),"") | BA11: =IF($AW11=BA$3,COUNTIF($AW$8:$AW11,BA$3),0) -> 0 | BB11: =IFERROR(INDEX($AU$8:$AU$107,MATCH($AT11,BA$8:BA$107,0),1),"") | BC11: =IF($AW11=BC$3,COUNTIF($AW$8:$AW11,BC$3),0) -> 0 | BD11: =IFERROR(INDEX($AU$8:$AU$107,MATCH($AT11,BC$8:BC$107,0),1),"") | BE11: =IF(OR($AW11=BE$3,$AW11=BE$4),COUNTIF($AW$8:$AW11,BE$3)+COUNTIF($AW$8:$AW11,BE$4),0) -> 0 | BF11: =IFERROR(INDEX($AU$8:$AU$107,MATCH($AT11,BE$8:BE$107,0),1),"") | BG11: =IF($AW11=BG$3,COUNTIF($AW$8:$AW11,BG$3),0) -> 0 | BH11: =IFERROR(INDEX($AU$8:$AU$107,MATCH($AT11,BG$8:BG$107,0),1),"") | BI11: =IF($AW11<>BI$3,COUNTIF($AW$8:$AW11,"<>"&BI$3),0) -> 0 | BJ11: =IFERROR(INDEX($AU$8:$AU$107,MATCH($AT11,BI$8:BI$107,0),1),"") | BK11: =【様式2】職員名簿!C32 -> 事務員（委託） | BL11: =IFERROR(IF(BK11=【様式2】職員名簿!$J32,【様式2】職員名簿!$B32,"×"),"×") -> × | BM11: =【様式2】職員名簿!G32 -> 0
A12: 総計 | B12: =SUM(B8:B8) -> 0 | E12: =SUM(E8:E11) -> 0 | F12: =SUM(F8:F11) -> 0 | G12: =SUM(G8:G11) -> 0 | H12: =SUM(H8:H11) -> 0 | I12: =SUM(I8:I11) -> 0 | J12: =SUM(J8:J11) -> 0 | K12: =SUM(K8:K11) -> 0 | L12: =SUM(L8:L11) -> 0 | M12: =SUM(M8:M11) -> 0 | AQ12: 6.5 | AR12: =IFERROR(IF(AND(#REF!>=0,AQ12<=#REF!),AQ12,""),"") | AT12: =ROW()-ROW($AT$7) -> 5 | AU12: =AT12&" "&IF(AW12<>"-",【様式2】職員名簿!B43&"/"&AV12&"/"&AW12,"") -> 5 | AV12: =【様式2】職員名簿!E43 -> 0 | AW12: =IF(【様式2】職員名簿!J43="エラー","-",【様式2】職員名簿!J43) -> - | AX12: =IF($AV12="常勤",$AM$2,IF($AV12="非常勤",【様式2】職員名簿!G43,0)) -> 0 | AY12: =IF($AW12=AY$3,COUNTIF($AW$8:$AW12,AY$3),0) -> 0 | AZ12: =IFERROR(INDEX($AU$8:$AU$107,MATCH($AT12,AY$8:AY$107,0),1),"") | BA12: =IF($AW12=BA$3,COUNTIF($AW$8:$AW12,BA$3),0) -> 0 | BB12: =IFERROR(INDEX($AU$8:$AU$107,MATCH($AT12,BA$8:BA$107,0),1),"") | BC12: =IF($AW12=BC$3,COUNTIF($AW$8:$AW12,BC$3),0) -> 0 | BD12: =IFERROR(INDEX($AU$8:$AU$107,MATCH($AT12,BC$8:BC$107,0),1),"") | BE12: =IF(OR($AW12=BE$3,$AW12=BE$4),COUNTIF($AW$8:$AW12,BE$3)+COUNTIF($AW$8:$AW12,BE$4),0) -> 0 | BF12: =IFERROR(INDEX($AU$8:$AU$107,MATCH($AT12,BE$8:BE$107,0),1),"") | BG12: =IF($AW12=BG$3,COUNTIF($AW$8:$AW12,BG$3),0) -> 0 | BH12: =IFERROR(INDEX($AU$8:$AU$107,MATCH($AT12,BG$8:BG$107,0),1),"") | BI12: =IF($AW12<>BI$3,COUNTIF($AW$8:$AW12,"<>"&BI$3),0) -> 0 | BJ12: =IFERROR(INDEX($AU$8:$AU$107,MATCH($AT12,BI$8:BI$107,0),1),"") | BK12: =【様式2】職員名簿!C33 -> その他（委託） | BL12: =IFERROR(IF(BK12=【様式2】職員名簿!$J33,【様式2】職員名簿!$B33,"×"),"×") -> × | BM12: =【様式2】職員名簿!G33 -> 0
AQ13: 7 | AR13: =IFERROR(IF(AND(#REF!>=0,AQ13<=#REF!),AQ13,""),"") | AT13: =ROW()-ROW($AT$7) -> 6 | AU13: =AT13&" "&IF(AW13<>"-",【様式2】職員名簿!B44&"/"&AV13&"/"&AW13,"") -> 6 | AV13: =【様式2】職員名簿!E44 -> 0 | AW13: =IF(【様式2】職員名簿!J44="エラー","-",【様式2】職員名簿!J44) -> - | AX13: =IF($AV13="常勤",$AM$2,IF($AV13="非常勤",【様式2】職員名簿!G44,0)) -> 0 | AY13: =IF($AW13=AY$3,COUNTIF($AW$8:$AW13,AY$3),0) -> 0 | AZ13: =IFERROR(INDEX($AU$8:$AU$107,MATCH($AT13,AY$8:AY$107,0),1),"") | BA13: =IF($AW13=BA$3,COUNTIF($AW$8:$AW13,BA$3),0) -> 0 | BB13: =IFERROR(INDEX($AU$8:$AU$107,MATCH($AT13,BA$8:BA$107,0),1),"") | BC13: =IF($AW13=BC$3,COUNTIF($AW$8:$AW13,BC$3),0) -> 0 | BD13: =IFERROR(INDEX($AU$8:$AU$107,MATCH($AT13,BC$8:BC$107,0),1),"") | BE13: =IF(OR($AW13=BE$3,$AW13=BE$4),COUNTIF($AW$8:$AW13,BE$3)+COUNTIF($AW$8:$AW13,BE$4),0) -> 0 | BF13: =IFERROR(INDEX($AU$8:$AU$107,MATCH($AT13,BE$8:BE$107,0),1),"") | BG13: =IF($AW13=BG$3,COUNTIF($AW$8:$AW13,BG$3),0) -> 0 | BH13: =IFERROR(INDEX($AU$8:$AU$107,MATCH($AT13,BG$8:BG$107,0),1),"") | BI13: =IF($AW13<>BI$3,COUNTIF($AW$8:$AW13,"<>"&BI$3),0) -> 0 | BJ13: =IFERROR(INDEX($AU$8:$AU$107,MATCH($AT13,BI$8:BI$107,0),1),"")
A14: 2 加算・減算等 | AQ14: 7.5 | AR14: =IFERROR(IF(AND(#REF!>=0,AQ14<=#REF!),AQ14,""),"") | AT14: =ROW()-ROW($AT$7) -> 7 | AU14: =AT14&" "&IF(AW14<>"-",【様式2】職員名簿!B45&"/"&AV14&"/"&AW14,"") -> 7 | AV14: =【様式2】職員名簿!E45 -> 0 | AW14: =IF(【様式2】職員名簿!J45="エラー","-",【様式2】職員名簿!J45) -> - | AX14: =IF($AV14="常勤",$AM$2,IF($AV14="非常勤",【様式2】職員名簿!G45,0)) -> 0 | AY14: =IF($AW14=AY$3,COUNTIF($AW$8:$AW14,AY$3),0) -> 0 | AZ14: =IFERROR(INDEX($AU$8:$AU$107,MATCH($AT14,AY$8:AY$107,0),1),"") | BA14: =IF($AW14=BA$3,COUNTIF($AW$8:$AW14,BA$3),0) -> 0 | BB14: =IFERROR(INDEX($AU$8:$AU$107,MATCH($AT14,BA$8:BA$107,0),1),"") | BC14: =IF($AW14=BC$3,COUNTIF($AW$8:$AW14,BC$3),0) -> 0 | BD14: =IFERROR(INDEX($AU$8:$AU$107,MATCH($AT14,BC$8:BC$107,0),1),"") | BE14: =IF(OR($AW14=BE$3,$AW14=BE$4),COUNTIF($AW$8:$AW14,BE$3)+COUNTIF($AW$8:$AW14,BE$4),0) -> 0 | BF14: =IFERROR(INDEX($AU$8:$AU$107,MATCH($AT14,BE$8:BE$107,0),1),"") | BG14: =IF($AW14=BG$3,COUNTIF($AW$8:$AW14,BG$3),0) -> 0 | BH14: =IFERROR(INDEX($AU$8:$AU$107,MATCH($AT14,BG$8:BG$107,0),1),"") | BI14: =IF($AW14<>BI$3,COUNTIF($AW$8:$AW14,"<>"&BI$3),0) -> 0 | BJ14: =IFERROR(INDEX($AU$8:$AU$107,MATCH($AT14,BI$8:BI$107,0),1),"")
A15: 項目 | D15: 担当（通常給与で対応している分のみを計上し、超過勤務対応した分は除く） | N15: 判定（取得数） | Q15: 個票 | S15: 判定 | T15: 職種・リスト名 | U15: 時間数 | V15: エラー確認 | AF15: 調整 | AH15: 下限調整 | AQ15: 8 | AR15: =IFERROR(IF(AND(#REF!>=0,AQ15<=#REF!),AQ15,""),"") | AT15: =ROW()-ROW($AT$7) -> 8 | AU15: =AT15&" "&IF(AW15<>"-",【様式2】職員名簿!B46&"/"&AV15&"/"&AW15,"") -> 8 | AV15: =【様式2】職員名簿!E46 -> 0 | AW15: =IF(【様式2】職員名簿!J46="エラー","-",【様式2】職員名簿!J46) -> - | AX15: =IF($AV15="常勤",$AM$2,IF($AV15="非常勤",【様式2】職員名簿!G46,0)) -> 0 | AY15: =IF($AW15=AY$3,COUNTIF($AW$8:$AW15,AY$3),0) -> 0 | AZ15: =IFERROR(INDEX($AU$8:$AU$107,MATCH($AT15,AY$8:AY$107,0),1),"") | BA15: =IF($AW15=BA$3,COUNTIF($AW$8:$AW15,BA$3),0) -> 0 | BB15: =IFERROR(INDEX($AU$8:$AU$107,MATCH($AT15,BA$8:BA$107,0),1),"") | BC15: =IF($AW15=BC$3,COUNTIF($AW$8:$AW15,BC$3),0) -> 0 | BD15: =IFERROR(INDEX($AU$8:$AU$107,MATCH($AT15,BC$8:BC$107,0),1),"") | BE15: =IF(OR($AW15=BE$3,$AW15=BE$4),COUNTIF($AW$8:$AW15,BE$3)+COUNTIF($AW$8:$AW15,BE$4),0) -> 0 | BF15: =IFERROR(INDEX($AU$8:$AU$107,MATCH($AT15,BE$8:BE$107,0),1),"") | BG15: =IF($AW15=BG$3,COUNTIF($AW$8:$AW15,BG$3),0) -> 0 | BH15: =IFERROR(INDEX($AU$8:$AU$107,MATCH($AT15,BG$8:BG$107,0),1),"") | BI15: =IF($AW15<>BI$3,COUNTIF($AW$8:$AW15,"<>"&BI$3),0) -> 0 | BJ15: =IFERROR(INDEX($AU$8:$AU$107,MATCH($AT15,BI$8:BI$107,0),1),"")
A16: 区分 | B16: 加算・減算等 | D16: 職種 | F16: 配置者/条件 | L16: 常勤換算数【人/月】 | N16: 申請状況 | V16: パターン | W16: 対象 | X16: 名簿有無 | Y16: 重複 | AD16: 時間 | AE16: 常勤 | AH16: パターン | AI16: 判定 | AJ16: 時間数 | AT16: =ROW()-ROW($AT$7) -> 9 | AU16: =AT16&" "&IF(AW16<>"-",【様式2】職員名簿!B47&"/"&AV16&"/"&AW16,"") -> 9 | AV16: =【様式2】職員名簿!E47 -> 0 | AW16: =IF(【様式2】職員名簿!J47="エラー","-",【様式2】職員名簿!J47) -> - | AX16: =IF($AV16="常勤",$AM$2,IF($AV16="非常勤",【様式2】職員名簿!G47,0)) -> 0 | AY16: =IF($AW16=AY$3,COUNTIF($AW$8:$AW16,AY$3),0) -> 0 | AZ16: =IFERROR(INDEX($AU$8:$AU$107,MATCH($AT16,AY$8:AY$107,0),1),"") | BA16: =IF($AW16=BA$3,COUNTIF($AW$8:$AW16,BA$3),0) -> 0 | BB16: =IFERROR(INDEX($AU$8:$AU$107,MATCH($AT16,BA$8:BA$107,0),1),"") | BC16: =IF($AW16=BC$3,COUNTIF($AW$8:$AW16,BC$3),0) -> 0 | BD16: =IFERROR(INDEX($AU$8:$AU$107,MATCH($AT16,BC$8:BC$107,0),1),"") | BE16: =IF(OR($AW16=BE$3,$AW16=BE$4),COUNTIF($AW$8:$AW16,BE$3)+COUNTIF($AW$8:$AW16,BE$4),0) -> 0 | BF16: =IFERROR(INDEX($AU$8:$AU$107,MATCH($AT16,BE$8:BE$107,0),1),"") | BG16: =IF($AW16=BG$3,COUNTIF($AW$8:$AW16,BG$3),0) -> 0 | BH16: =IFERROR(INDEX($AU$8:$AU$107,MATCH($AT16,BG$8:BG$107,0),1),"") | BI16: =IF($AW16<>BI$3,COUNTIF($AW$8:$AW16,"<>"&BI$3),0) -> 0 | BJ16: =IFERROR(INDEX($AU$8:$AU$107,MATCH($AT16,BI$8:BI$107,0),1),"")
F17: 担当者名 | I17: 勤務時間【時間】 | J17: 確認 | K17: 担当時間【時間】 | L17: =IF($AL$2,"下限:","") | M17: =IF($AL$2,IF($AL$3>0,"①"&$AL$3/$AM$2,"")&IF($AL$4>0," ②"&$AL$4/$AM$2,""),"") | Q17: 申請 | R17: 条件 | Y17: 判定 | Z17: 特例① | AA17: 特例② | AB17: 特例③ | AC17: 0 | AF17: 項目 | AG17: 人/月 | AT17: =ROW()-ROW($AT$7) -> 10 | AU17: =AT17&" "&IF(AW17<>"-",【様式2】職員名簿!B48&"/"&AV17&"/"&AW17,"") -> 10 | AV17: =【様式2】職員名簿!E48 -> 0 | AW17: =IF(【様式2】職員名簿!J48="エラー","-",【様式2】職員名簿!J48) -> - | AX17: =IF($AV17="常勤",$AM$2,IF($AV17="非常勤",【様式2】職員名簿!G48,0)) -> 0 | AY17: =IF($AW17=AY$3,COUNTIF($AW$8:$AW17,AY$3),0) -> 0 | AZ17: =IFERROR(INDEX($AU$8:$AU$107,MATCH($AT17,AY$8:AY$107,0),1),"") | BA17: =IF($AW17=BA$3,COUNTIF($AW$8:$AW17,BA$3),0) -> 0 | BB17: =IFERROR(INDEX($AU$8:$AU$107,MATCH($AT17,BA$8:BA$107,0),1),"") | BC17: =IF($AW17=BC$3,COUNTIF($AW$8:$AW17,BC$3),0) -> 0 | BD17: =IFERROR(INDEX($AU$8:$AU$107,MATCH($AT17,BC$8:BC$107,0),1),"") | BE17: =IF(OR($AW17=BE$3,$AW17=BE$4),COUNTIF($AW$8:$AW17,BE$3)+COUNTIF($AW$8:$AW17,BE$4),0) -> 0 | BF17: =IFERROR(INDEX($AU$8:$AU$107,MATCH($AT17,BE$8:BE$107,0),1),"") | BG17: =IF($AW17=BG$3,COUNTIF($AW$8:$AW17,BG$3),0) -> 0 | BH17: =IFERROR(INDEX($AU$8:$AU$107,MATCH($AT17,BG$8:BG$107,0),1),"") | BI17: =IF($AW17<>BI$3,COUNTIF($AW$8:$AW17,"<>"&BI$3),0) -> 0 | BJ17: =IFERROR(INDEX($AU$8:$AU$107,MATCH($AT17,BI$8:BI$107,0),1),"")
A18: 基本配置 | B18: 家庭的保育者 ↓ 家庭的保育補助者 への振替え | D18: =IF(W18,T18,"") -> 家庭的保育者 | I18: =IF(OR(NOT(W18),U18=0),"",U18) | J18: =IF(OR(F18=0,F18=""),"",IF(W18,IF(X18,IF(OR(Y18,V18=3),IF(AD18,IF(OR(AE18,V18=2,V18=3),"○","要常勤"),"時間無"),"重複"),"名簿無"),"対象外")) | L18: =IF(AI18=1,"調整①→",IF(AI18=5,"調整②→",IF(AI18=2,"",IF(AI18=3,"全計上→","エラー")))) | M18: =IF(OR(AND(J18<>"",J18<>"○"),AI18=4),"×",IF(J18="",0,AJ18/$AM$2)) -> 0 | N18: =SUM(M18:M27) -> 0 | O18: =IF(Q18,IF(S18,"○","×"),"-") -> ○ | Q18: =TRUE() -> TRUE | R18: - | S18: =AND(O81>=0,O83>=0) -> TRUE | T18: =$AZ$6 -> 家庭的保育者 | U18: =IFERROR(VLOOKUP($F18,$AU$8:$AX$107,4,FALSE),0) -> 0 | V18: 2 | W18: =$Q$18 -> TRUE | X18: =COUNTIF(INDIRECT(T18),F18)>0 -> FALSE | Y18: =COUNTIF($AC$17:AC17,AC18)+COUNTIF(AC19:$AC$65,AC18)-COUNTIF(Z18:AB18,AC18)=0 -> FALSE | Z18: - | AA18: - | AB18: - | AC18: =IF(V18=3,0,IFERROR(INDEX($AT$8:$AT$107,MATCH($F18,AU$8:AU$107,0),1),0)) -> 0 | AD18: =U18>0 -> FALSE | AE18: =IFERROR(VLOOKUP($F18,$AU$8:$AX$107,2,FALSE),"")="常勤" -> FALSE | AF18: - | AG18: =M18 -> 0 | AH18: 2 | AI18: =IF(AND($W18,$J18="○"),IF($K18="-",IF($U18<IF($AH18=5,$AL$4,$AL$3),$AH18,2),IF($K18=0,IF($U18<IF($AH18=5,$AL$4,$AL$3),IF(OR($AH18=1,$AH18=5),$AH18,3),3),IF(K18<IF($AH18=5,$AL$4,$AL$3),$AH18,IF($K18>$U18,4,2)))),2) -> 2 | AJ18: =IF(AI18=1,$AL$3,IF(AI18=5,$AL$4,IF(AI18=2,IF(K18="-",U18,K18),IF(AI18=3,U18,"×")))) -> 0 | AT18: =ROW()-ROW($AT$7) -> 11 | AU18: =AT18&" "&IF(AW18<>"-",【様式2】職員名簿!B49&"/"&AV18&"/"&AW18,"") -> 11 | AV18: =【様式2】職員名簿!E49 -> 0 | AW18: =IF(【様式2】職員名簿!J49="エラー","-",【様式2】職員名簿!J49) -> - | AX18: =IF($AV18="常勤",$AM$2,IF($AV18="非常勤",【様式2】職員名簿!G49,0)) -> 0 | AY18: =IF($AW18=AY$3,COUNTIF($AW$8:$AW18,AY$3),0) -> 0 | AZ18: =IFERROR(INDEX($AU$8:$AU$107,MATCH($AT18,AY$8:AY$107,0),1),"") | BA18: =IF($AW18=BA$3,COUNTIF($AW$8:$AW18,BA$3),0) -> 0 | BB18: =IFERROR(INDEX($AU$8:$AU$107,MATCH($AT18,BA$8:BA$107,0),1),"") | BC18: =IF($AW18=BC$3,COUNTIF($AW$8:$AW18,BC$3),0) -> 0 | BD18: =IFERROR(INDEX($AU$8:$AU$107,MATCH($AT18,BC$8:BC$107,0),1),"") | BE18: =IF(OR($AW18=BE$3,$AW18=BE$4),COUNTIF($AW$8:$AW18,BE$3)+COUNTIF($AW$8:$AW18,BE$4),0) -> 0 | BF18: =IFERROR(INDEX($AU$8:$AU$107,MATCH($AT18,BE$8:BE$107,0),1),"") | BG18: =IF($AW18=BG$3,COUNTIF($AW$8:$AW18,BG$3),0) -> 0 | BH18: =IFERROR(INDEX($AU$8:$AU$107,MATCH($AT18,BG$8:BG$107,0),1),"") | BI18: =IF($AW18<>BI$3,COUNTIF($AW$8:$AW18,"<>"&BI$3),0) -> 0 | BJ18: =IFERROR(INDEX($AU$8:$AU$107,MATCH($AT18,BI$8:BI$107,0),1),"")
D19: =IF(W19,T19,"") -> 家庭的保育者 | I19: =IF(OR(NOT(W19),U19=0),"",U19) | J19: =IF(OR(F19=0,F19=""),"",IF(W19,IF(X19,IF(OR(Y19,V19=3),IF(AD19,IF(OR(AE19,V19=2,V19=3),"○","要常勤"),"時間無"),"重複"),"名簿無"),"対象外")) | L19: =IF(AI19=1,"調整①→",IF(AI19=5,"調整②→",IF(AI19=2,"",IF(AI19=3,"全計上→","エラー")))) | M19: =IF(OR(AND(J19<>"",J19<>"○"),AI19=4),"×",IF(J19="",0,AJ19/$AM$2)) -> 0 | T19: =$AZ$6 -> 家庭的保育者 | U19: =IFERROR(VLOOKUP($F19,$AU$8:$AX$107,4,FALSE),0) -> 0 | V19: 2 | W19: =$Q$18 -> TRUE | X19: =COUNTIF(INDIRECT(T19),F19)>0 -> FALSE | Y19: =COUNTIF($AC$17:AC18,AC19)+COUNTIF(AC20:$AC$65,AC19)-COUNTIF(Z19:AB19,AC19)=0 -> FALSE | Z19: - | AA19: - | AB19: - | AC19: =IF(V19=3,0,IFERROR(INDEX($AT$8:$AT$107,MATCH($F19,AU$8:AU$107,0),1),0)) -> 0 | AD19: =U19>0 -> FALSE | AE19: =IFERROR(VLOOKUP($F19,$AU$8:$AX$107,2,FALSE),"")="常勤" -> FALSE | AF19: - | AG19: =M19 -> 0 | AH19: 2 | AI19: =IF(AND($W19,$J19="○"),IF($K19="-",IF($U19<IF($AH19=5,$AL$4,$AL$3),$AH19,2),IF($K19=0,IF($U19<IF($AH19=5,$AL$4,$AL$3),IF(OR($AH19=1,$AH19=5),$AH19,3),3),IF(K19<IF($AH19=5,$AL$4,$AL$3),$AH19,IF($K19>$U19,4,2)))),2) -> 2 | AJ19: =IF(AI19=1,$AL$3,IF(AI19=5,$AL$4,IF(AI19=2,IF(K19="-",U19,K19),IF(AI19=3,U19,"×")))) -> 0 | AT19: =ROW()-ROW($AT$7) -> 12 | AU19: =AT19&" "&IF(AW19<>"-",【様式2】職員名簿!B50&"/"&AV19&"/"&AW19,"") -> 12 | AV19: =【様式2】職員名簿!E50 -> 0 | AW19: =IF(【様式2】職員名簿!J50="エラー","-",【様式2】職員名簿!J50) -> - | AX19: =IF($AV19="常勤",$AM$2,IF($AV19="非常勤",【様式2】職員名簿!G50,0)) -> 0 | AY19: =IF($AW19=AY$3,COUNTIF($AW$8:$AW19,AY$3),0) -> 0 | AZ19: =IFERROR(INDEX($AU$8:$AU$107,MATCH($AT19,AY$8:AY$107,0),1),"") | BA19: =IF($AW19=BA$3,COUNTIF($AW$8:$AW19,BA$3),0) -> 0 | BB19: =IFERROR(INDEX($AU$8:$AU$107,MATCH($AT19,BA$8:BA$107,0),1),"") | BC19: =IF($AW19=BC$3,COUNTIF($AW$8:$AW19,BC$3),0) -> 0 | BD19: =IFERROR(INDEX($AU$8:$AU$107,MATCH($AT19,BC$8:BC$107,0),1),"") | BE19: =IF(OR($AW19=BE$3,$AW19=BE$4),COUNTIF($AW$8:$AW19,BE$3)+COUNTIF($AW$8:$AW19,BE$4),0) -> 0 | BF19: =IFERROR(INDEX($AU$8:$AU$107,MATCH($AT19,BE$8:BE$107,0),1),"") | BG19: =IF($AW19=BG$3,COUNTIF($AW$8:$AW19,BG$3),0) -> 0 | BH19: =IFERROR(INDEX($AU$8:$AU$107,MATCH($AT19,BG$8:BG$107,0),1),"") | BI19: =IF($AW19<>BI$3,COUNTIF($AW$8:$AW19,"<>"&BI$3),0) -> 0 | BJ19: =IFERROR(INDEX($AU$8:$AU$107,MATCH($AT19,BI$8:BI$107,0),1),"")
D20: =IF(W20,T20,"") -> 家庭的保育者 | I20: =IF(OR(NOT(W20),U20=0),"",U20) | J20: =IF(OR(F20=0,F20=""),"",IF(W20,IF(X20,IF(OR(Y20,V20=3),IF(AD20,IF(OR(AE20,V20=2,V20=3),"○","要常勤"),"時間無"),"重複"),"名簿無"),"対象外")) | L20: =IF(AI20=1,"調整①→",IF(AI20=5,"調整②→",IF(AI20=2,"",IF(AI20=3,"全計上→","エラー")))) | M20: =IF(OR(AND(J20<>"",J20<>"○"),AI20=4),"×",IF(J20="",0,AJ20/$AM$2)) -> 0 | T20: =$AZ$6 -> 家庭的保育者 | U20: =IFERROR(VLOOKUP($F20,$AU$8:$AX$107,4,FALSE),0) -> 0 | V20: 2 | W20: =$Q$18 -> TRUE | X20: =COUNTIF(INDIRECT(T20),F20)>0 -> FALSE | Y20: =COUNTIF($AC$17:AC19,AC20)+COUNTIF(AC21:$AC$65,AC20)-COUNTIF(Z20:AB20,AC20)=0 -> FALSE | Z20: - | AA20: - | AB20: - | AC20: =IF(V20=3,0,IFERROR(INDEX($AT$8:$AT$107,MATCH($F20,AU$8:AU$107,0),1),0)) -> 0 | AD20: =U20>0 -> FALSE | AE20: =IFERROR(VLOOKUP($F20,$AU$8:$AX$107,2,FALSE),"")="常勤" -> FALSE | AF20: - | AG20: =M20 -> 0 | AH20: 2 | AI20: =IF(AND($W20,$J20="○"),IF($K20="-",IF($U20<IF($AH20=5,$AL$4,$AL$3),$AH20,2),IF($K20=0,IF($U20<IF($AH20=5,$AL$4,$AL$3),IF(OR($AH20=1,$AH20=5),$AH20,3),3),IF(K20<IF($AH20=5,$AL$4,$AL$3),$AH20,IF($K20>$U20,4,2)))),2) -> 2 | AJ20: =IF(AI20=1,$AL$3,IF(AI20=5,$AL$4,IF(AI20=2,IF(K20="-",U20,K20),IF(AI20=3,U20,"×")))) -> 0 | AT20: =ROW()-ROW($AT$7) -> 13 | AU20: =AT20&" "&IF(AW20<>"-",【様式2】職員名簿!B51&"/"&AV20&"/"&AW20,"") -> 13 | AV20: =【様式2】職員名簿!E51 -> 0 | AW20: =IF(【様式2】職員名簿!J51="エラー","-",【様式2】職員名簿!J51) -> - | AX20: =IF($AV20="常勤",$AM$2,IF($AV20="非常勤",【様式2】職員名簿!G51,0)) -> 0 | AY20: =IF($AW20=AY$3,COUNTIF($AW$8:$AW20,AY$3),0) -> 0 | AZ20: =IFERROR(INDEX($AU$8:$AU$107,MATCH($AT20,AY$8:AY$107,0),1),"") | BA20: =IF($AW20=BA$3,COUNTIF($AW$8:$AW20,BA$3),0) -> 0 | BB20: =IFERROR(INDEX($AU$8:$AU$107,MATCH($AT20,BA$8:BA$107,0),1),"") | BC20: =IF($AW20=BC$3,COUNTIF($AW$8:$AW20,BC$3),0) -> 0 | BD20: =IFERROR(INDEX($AU$8:$AU$107,MATCH($AT20,BC$8:BC$107,0),1),"") | BE20: =IF(OR($AW20=BE$3,$AW20=BE$4),COUNTIF($AW$8:$AW20,BE$3)+COUNTIF($AW$8:$AW20,BE$4),0) -> 0 | BF20: =IFERROR(INDEX($AU$8:$AU$107,MATCH($AT20,BE$8:BE$107,0),1),"") | BG20: =IF($AW20=BG$3,COUNTIF($AW$8:$AW20,BG$3),0) -> 0 | BH20: =IFERROR(INDEX($AU$8:$AU$107,MATCH($AT20,BG$8:BG$107,0),1),"") | BI20: =IF($AW20<>BI$3,COUNTIF($AW$8:$AW20,"<>"&BI$3),0) -> 0 | BJ20: =IFERROR(INDEX($AU$8:$AU$107,MATCH($AT20,BI$8:BI$107,0),1),"")
D21: =IF(W21,T21,"") -> 家庭的保育者 | I21: =IF(OR(NOT(W21),U21=0),"",U21) | J21: =IF(OR(F21=0,F21=""),"",IF(W21,IF(X21,IF(OR(Y21,V21=3),IF(AD21,IF(OR(AE21,V21=2,V21=3),"○","要常勤"),"時間無"),"重複"),"名簿無"),"対象外")) | L21: =IF(AI21=1,"調整①→",IF(AI21=5,"調整②→",IF(AI21=2,"",IF(AI21=3,"全計上→","エラー")))) | M21: =IF(OR(AND(J21<>"",J21<>"○"),AI21=4),"×",IF(J21="",0,AJ21/$AM$2)) -> 0 | T21: =$AZ$6 -> 家庭的保育者 | U21: =IFERROR(VLOOKUP($F21,$AU$8:$AX$107,4,FALSE),0) -> 0 | V21: 2 | W21: =$Q$18 -> TRUE | X21: =COUNTIF(INDIRECT(T21),F21)>0 -> FALSE | Y21: =COUNTIF($AC$17:AC20,AC21)+COUNTIF(AC22:$AC$65,AC21)-COUNTIF(Z21:AB21,AC21)=0 -> FALSE | Z21: - | AA21: - | AB21: - | AC21: =IF(V21=3,0,IFERROR(INDEX($AT$8:$AT$107,MATCH($F21,AU$8:AU$107,0),1),0)) -> 0 | AD21: =U21>0 -> FALSE | AE21: =IFERROR(VLOOKUP($F21,$AU$8:$AX$107,2,FALSE),"")="常勤" -> FALSE | AF21: - | AG21: =M21 -> 0 | AH21: 2 | AI21: =IF(AND($W21,$J21="○"),IF($K21="-",IF($U21<IF($AH21=5,$AL$4,$AL$3),$AH21,2),IF($K21=0,IF($U21<IF($AH21=5,$AL$4,$AL$3),IF(OR($AH21=1,$AH21=5),$AH21,3),3),IF(K21<IF($AH21=5,$AL$4,$AL$3),$AH21,IF($K21>$U21,4,2)))),2) -> 2 | AJ21: =IF(AI21=1,$AL$3,IF(AI21=5,$AL$4,IF(AI21=2,IF(K21="-",U21,K21),IF(AI21=3,U21,"×")))) -> 0 | AT21: =ROW()-ROW($AT$7) -> 14 | AU21: =AT21&" "&IF(AW21<>"-",【様式2】職員名簿!B52&"/"&AV21&"/"&AW21,"") -> 14 | AV21: =【様式2】職員名簿!E52 -> 0 | AW21: =IF(【様式2】職員名簿!J52="エラー","-",【様式2】職員名簿!J52) -> - | AX21: =IF($AV21="常勤",$AM$2,IF($AV21="非常勤",【様式2】職員名簿!G52,0)) -> 0 | AY21: =IF($AW21=AY$3,COUNTIF($AW$8:$AW21,AY$3),0) -> 0 | AZ21: =IFERROR(INDEX($AU$8:$AU$107,MATCH($AT21,AY$8:AY$107,0),1),"") | BA21: =IF($AW21=BA$3,COUNTIF($AW$8:$AW21,BA$3),0) -> 0 | BB21: =IFERROR(INDEX($AU$8:$AU$107,MATCH($AT21,BA$8:BA$107,0),1),"") | BC21: =IF($AW21=BC$3,COUNTIF($AW$8:$AW21,BC$3),0) -> 0 | BD21: =IFERROR(INDEX($AU$8:$AU$107,MATCH($AT21,BC$8:BC$107,0),1),"") | BE21: =IF(OR($AW21=BE$3,$AW21=BE$4),COUNTIF($AW$8:$AW21,BE$3)+COUNTIF($AW$8:$AW21,BE$4),0) -> 0 | BF21: =IFERROR(INDEX($AU$8:$AU$107,MATCH($AT21,BE$8:BE$107,0),1),"") | BG21: =IF($AW21=BG$3,COUNTIF($AW$8:$AW21,BG$3),0) -> 0 | BH21: =IFERROR(INDEX($AU$8:$AU$107,MATCH($AT21,BG$8:BG$107,0),1),"") | BI21: =IF($AW21<>BI$3,COUNTIF($AW$8:$AW21,"<>"&BI$3),0) -> 0 | BJ21: =IFERROR(INDEX($AU$8:$AU$107,MATCH($AT21,BI$8:BI$107,0),1),"")
D22: =IF(W22,T22,"") -> 家庭的保育者 | I22: =IF(OR(NOT(W22),U22=0),"",U22) | J22: =IF(OR(F22=0,F22=""),"",IF(W22,IF(X22,IF(OR(Y22,V22=3),IF(AD22,IF(OR(AE22,V22=2,V22=3),"○","要常勤"),"時間無"),"重複"),"名簿無"),"対象外")) | L22: =IF(AI22=1,"調整①→",IF(AI22=5,"調整②→",IF(AI22=2,"",IF(AI22=3,"全計上→","エラー")))) | M22: =IF(OR(AND(J22<>"",J22<>"○"),AI22=4),"×",IF(J22="",0,AJ22/$AM$2)) -> 0 | T22: =$AZ$6 -> 家庭的保育者 | U22: =IFERROR(VLOOKUP($F22,$AU$8:$AX$107,4,FALSE),0) -> 0 | V22: 2 | W22: =$Q$18 -> TRUE | X22: =COUNTIF(INDIRECT(T22),F22)>0 -> FALSE | Y22: =COUNTIF($AC$17:AC21,AC22)+COUNTIF(AC23:$AC$65,AC22)-COUNTIF(Z22:AB22,AC22)=0 -> FALSE | Z22: - | AA22: - | AB22: - | AC22: =IF(V22=3,0,IFERROR(INDEX($AT$8:$AT$107,MATCH($F22,AU$8:AU$107,0),1),0)) -> 0 | AD22: =U22>0 -> FALSE | AE22: =IFERROR(VLOOKUP($F22,$AU$8:$AX$107,2,FALSE),"")="常勤" -> FALSE | AF22: - | AG22: =M22 -> 0 | AH22: 2 | AI22: =IF(AND($W22,$J22="○"),IF($K22="-",IF($U22<IF($AH22=5,$AL$4,$AL$3),$AH22,2),IF($K22=0,IF($U22<IF($AH22=5,$AL$4,$AL$3),IF(OR($AH22=1,$AH22=5),$AH22,3),3),IF(K22<IF($AH22=5,$AL$4,$AL$3),$AH22,IF($K22>$U22,4,2)))),2) -> 2 | AJ22: =IF(AI22=1,$AL$3,IF(AI22=5,$AL$4,IF(AI22=2,IF(K22="-",U22,K22),IF(AI22=3,U22,"×")))) -> 0 | AT22: =ROW()-ROW($AT$7) -> 15 | AU22: =AT22&" "&IF(AW22<>"-",【様式2】職員名簿!B53&"/"&AV22&"/"&AW22,"") -> 15 | AV22: =【様式2】職員名簿!E53 -> 0 | AW22: =IF(【様式2】職員名簿!J53="エラー","-",【様式2】職員名簿!J53) -> - | AX22: =IF($AV22="常勤",$AM$2,IF($AV22="非常勤",【様式2】職員名簿!G53,0)) -> 0 | AY22: =IF($AW22=AY$3,COUNTIF($AW$8:$AW22,AY$3),0) -> 0 | AZ22: =IFERROR(INDEX($AU$8:$AU$107,MATCH($AT22,AY$8:AY$107,0),1),"") | BA22: =IF($AW22=BA$3,COUNTIF($AW$8:$AW22,BA$3),0) -> 0 | BB22: =IFERROR(INDEX($AU$8:$AU$107,MATCH($AT22,BA$8:BA$107,0),1),"") | BC22: =IF($AW22=BC$3,COUNTIF($AW$8:$AW22,BC$3),0) -> 0 | BD22: =IFERROR(INDEX($AU$8:$AU$107,MATCH($AT22,BC$8:BC$107,0),1),"") | BE22: =IF(OR($AW22=BE$3,$AW22=BE$4),COUNTIF($AW$8:$AW22,BE$3)+COUNTIF($AW$8:$AW22,BE$4),0) -> 0 | BF22: =IFERROR(INDEX($AU$8:$AU$107,MATCH($AT22,BE$8:BE$107,0),1),"") | BG22: =IF($AW22=BG$3,COUNTIF($AW$8:$AW22,BG$3),0) -> 0 | BH22: =IFERROR(INDEX($AU$8:$AU$107,MATCH($AT22,BG$8:BG$107,0),1),"") | BI22: =IF($AW22<>BI$3,COUNTIF($AW$8:$AW22,"<>"&BI$3),0) -> 0 | BJ22: =IFERROR(INDEX($AU$8:$AU$107,MATCH($AT22,BI$8:BI$107,0),1),"")
D23: =IF(W23,T23,"") -> 家庭的保育者 | I23: =IF(OR(NOT(W23),U23=0),"",U23) | J23: =IF(OR(F23=0,F23=""),"",IF(W23,IF(X23,IF(OR(Y23,V23=3),IF(AD23,IF(OR(AE23,V23=2,V23=3),"○","要常勤"),"時間無"),"重複"),"名簿無"),"対象外")) | L23: =IF(AI23=1,"調整①→",IF(AI23=5,"調整②→",IF(AI23=2,"",IF(AI23=3,"全計上→","エラー")))) | M23: =IF(OR(AND(J23<>"",J23<>"○"),AI23=4),"×",IF(J23="",0,AJ23/$AM$2)) -> 0 | T23: =$AZ$6 -> 家庭的保育者 | U23: =IFERROR(VLOOKUP($F23,$AU$8:$AX$107,4,FALSE),0) -> 0 | V23: 2 | W23: =$Q$18 -> TRUE | X23: =COUNTIF(INDIRECT(T23),F23)>0 -> FALSE | Y23: =COUNTIF($AC$17:AC22,AC23)+COUNTIF(AC24:$AC$65,AC23)-COUNTIF(Z23:AB23,AC23)=0 -> FALSE | Z23: - | AA23: - | AB23: - | AC23: =IF(V23=3,0,IFERROR(INDEX($AT$8:$AT$107,MATCH($F23,AU$8:AU$107,0),1),0)) -> 0 | AD23: =U23>0 -> FALSE | AE23: =IFERROR(VLOOKUP($F23,$AU$8:$AX$107,2,FALSE),"")="常勤" -> FALSE | AF23: - | AG23: =M23 -> 0 | AH23: 2 | AI23: =IF(AND($W23,$J23="○"),IF($K23="-",IF($U23<IF($AH23=5,$AL$4,$AL$3),$AH23,2),IF($K23=0,IF($U23<IF($AH23=5,$AL$4,$AL$3),IF(OR($AH23=1,$AH23=5),$AH23,3),3),IF(K23<IF($AH23=5,$AL$4,$AL$3),$AH23,IF($K23>$U23,4,2)))),2) -> 2 | AJ23: =IF(AI23=1,$AL$3,IF(AI23=5,$AL$4,IF(AI23=2,IF(K23="-",U23,K23),IF(AI23=3,U23,"×")))) -> 0 | AT23: =ROW()-ROW($AT$7) -> 16 | AU23: =AT23&" "&IF(AW23<>"-",【様式2】職員名簿!B54&"/"&AV23&"/"&AW23,"") -> 16 | AV23: =【様式2】職員名簿!E54 -> 0 | AW23: =IF(【様式2】職員名簿!J54="エラー","-",【様式2】職員名簿!J54) -> - | AX23: =IF($AV23="常勤",$AM$2,IF($AV23="非常勤",【様式2】職員名簿!G54,0)) -> 0 | AY23: =IF($AW23=AY$3,COUNTIF($AW$8:$AW23,AY$3),0) -> 0 | AZ23: =IFERROR(INDEX($AU$8:$AU$107,MATCH($AT23,AY$8:AY$107,0),1),"") | BA23: =IF($AW23=BA$3,COUNTIF($AW$8:$AW23,BA$3),0) -> 0 | BB23: =IFERROR(INDEX($AU$8:$AU$107,MATCH($AT23,BA$8:BA$107,0),1),"") | BC23: =IF($AW23=BC$3,COUNTIF($AW$8:$AW23,BC$3),0) -> 0 | BD23: =IFERROR(INDEX($AU$8:$AU$107,MATCH($AT23,BC$8:BC$107,0),1),"") | BE23: =IF(OR($AW23=BE$3,$AW23=BE$4),COUNTIF($AW$8:$AW23,BE$3)+COUNTIF($AW$8:$AW23,BE$4),0) -> 0 | BF23: =IFERROR(INDEX($AU$8:$AU$107,MATCH($AT23,BE$8:BE$107,0),1),"") | BG23: =IF($AW23=BG$3,COUNTIF($AW$8:$AW23,BG$3),0) -> 0 | BH23: =IFERROR(INDEX($AU$8:$AU$107,MATCH($AT23,BG$8:BG$107,0),1),"") | BI23: =IF($AW23<>BI$3,COUNTIF($AW$8:$AW23,"<>"&BI$3),0) -> 0 | BJ23: =IFERROR(INDEX($AU$8:$AU$107,MATCH($AT23,BI$8:BI$107,0),1),"")
D24: =IF(W24,T24,"") -> 家庭的保育者 | I24: =IF(OR(NOT(W24),U24=0),"",U24) | J24: =IF(OR(F24=0,F24=""),"",IF(W24,IF(X24,IF(OR(Y24,V24=3),IF(AD24,IF(OR(AE24,V24=2,V24=3),"○","要常勤"),"時間無"),"重複"),"名簿無"),"対象外")) | L24: =IF(AI24=1,"調整①→",IF(AI24=5,"調整②→",IF(AI24=2,"",IF(AI24=3,"全計上→","エラー")))) | M24: =IF(OR(AND(J24<>"",J24<>"○"),AI24=4),"×",IF(J24="",0,AJ24/$AM$2)) -> 0 | T24: =$AZ$6 -> 家庭的保育者 | U24: =IFERROR(VLOOKUP($F24,$AU$8:$AX$107,4,FALSE),0) -> 0 | V24: 2 | W24: =$Q$18 -> TRUE | X24: =COUNTIF(INDIRECT(T24),F24)>0 -> FALSE | Y24: =COUNTIF($AC$17:AC23,AC24)+COUNTIF(AC25:$AC$65,AC24)-COUNTIF(Z24:AB24,AC24)=0 -> FALSE | Z24: - | AA24: - | AB24: - | AC24: =IF(V24=3,0,IFERROR(INDEX($AT$8:$AT$107,MATCH($F24,AU$8:AU$107,0),1),0)) -> 0 | AD24: =U24>0 -> FALSE | AE24: =IFERROR(VLOOKUP($F24,$AU$8:$AX$107,2,FALSE),"")="常勤" -> FALSE | AF24: - | AG24: =M24 -> 0 | AH24: 2 | AI24: =IF(AND($W24,$J24="○"),IF($K24="-",IF($U24<IF($AH24=5,$AL$4,$AL$3),$AH24,2),IF($K24=0,IF($U24<IF($AH24=5,$AL$4,$AL$3),IF(OR($AH24=1,$AH24=5),$AH24,3),3),IF(K24<IF($AH24=5,$AL$4,$AL$3),$AH24,IF($K24>$U24,4,2)))),2) -> 2 | AJ24: =IF(AI24=1,$AL$3,IF(AI24=5,$AL$4,IF(AI24=2,IF(K24="-",U24,K24),IF(AI24=3,U24,"×")))) -> 0 | AT24: =ROW()-ROW($AT$7) -> 17 | AU24: =AT24&" "&IF(AW24<>"-",【様式2】職員名簿!B55&"/"&AV24&"/"&AW24,"") -> 17 | AV24: =【様式2】職員名簿!E55 -> 0 | AW24: =IF(【様式2】職員名簿!J55="エラー","-",【様式2】職員名簿!J55) -> - | AX24: =IF($AV24="常勤",$AM$2,IF($AV24="非常勤",【様式2】職員名簿!G55,0)) -> 0 | AY24: =IF($AW24=AY$3,COUNTIF($AW$8:$AW24,AY$3),0) -> 0 | AZ24: =IFERROR(INDEX($AU$8:$AU$107,MATCH($AT24,AY$8:AY$107,0),1),"") | BA24: =IF($AW24=BA$3,COUNTIF($AW$8:$AW24,BA$3),0) -> 0 | BB24: =IFERROR(INDEX($AU$8:$AU$107,MATCH($AT24,BA$8:BA$107,0),1),"") | BC24: =IF($AW24=BC$3,COUNTIF($AW$8:$AW24,BC$3),0) -> 0 | BD24: =IFERROR(INDEX($AU$8:$AU$107,MATCH($AT24,BC$8:BC$107,0),1),"") | BE24: =IF(OR($AW24=BE$3,$AW24=BE$4),COUNTIF($AW$8:$AW24,BE$3)+COUNTIF($AW$8:$AW24,BE$4),0) -> 0 | BF24: =IFERROR(INDEX($AU$8:$AU$107,MATCH($AT24,BE$8:BE$107,0),1),"") | BG24: =IF($AW24=BG$3,COUNTIF($AW$8:$AW24,BG$3),0) -> 0 | BH24: =IFERROR(INDEX($AU$8:$AU$107,MATCH($AT24,BG$8:BG$107,0),1),"") | BI24: =IF($AW24<>BI$3,COUNTIF($AW$8:$AW24,"<>"&BI$3),0) -> 0 | BJ24: =IFERROR(INDEX($AU$8:$AU$107,MATCH($AT24,BI$8:BI$107,0),1),"")
D25: =IF(W25,T25,"") -> 家庭的保育者 | I25: =IF(OR(NOT(W25),U25=0),"",U25) | J25: =IF(OR(F25=0,F25=""),"",IF(W25,IF(X25,IF(OR(Y25,V25=3),IF(AD25,IF(OR(AE25,V25=2,V25=3),"○","要常勤"),"時間無"),"重複"),"名簿無"),"対象外")) | L25: =IF(AI25=1,"調整①→",IF(AI25=5,"調整②→",IF(AI25=2,"",IF(AI25=3,"全計上→","エラー")))) | M25: =IF(OR(AND(J25<>"",J25<>"○"),AI25=4),"×",IF(J25="",0,AJ25/$AM$2)) -> 0 | T25: =$AZ$6 -> 家庭的保育者 | U25: =IFERROR(VLOOKUP($F25,$AU$8:$AX$107,4,FALSE),0) -> 0 | V25: 2 | W25: =$Q$18 -> TRUE | X25: =COUNTIF(INDIRECT(T25),F25)>0 -> FALSE | Y25: =COUNTIF($AC$17:AC24,AC25)+COUNTIF(AC26:$AC$65,AC25)-COUNTIF(Z25:AB25,AC25)=0 -> FALSE | Z25: - | AA25: - | AB25: - | AC25: =IF(V25=3,0,IFERROR(INDEX($AT$8:$AT$107,MATCH($F25,AU$8:AU$107,0),1),0)) -> 0 | AD25: =U25>0 -> FALSE | AE25: =IFERROR(VLOOKUP($F25,$AU$8:$AX$107,2,FALSE),"")="常勤" -> FALSE | AF25: - | AG25: =M25 -> 0 | AH25: 2 | AI25: =IF(AND($W25,$J25="○"),IF($K25="-",IF($U25<IF($AH25=5,$AL$4,$AL$3),$AH25,2),IF($K25=0,IF($U25<IF($AH25=5,$AL$4,$AL$3),IF(OR($AH25=1,$AH25=5),$AH25,3),3),IF(K25<IF($AH25=5,$AL$4,$AL$3),$AH25,IF($K25>$U25,4,2)))),2) -> 2 | AJ25: =IF(AI25=1,$AL$3,IF(AI25=5,$AL$4,IF(AI25=2,IF(K25="-",U25,K25),IF(AI25=3,U25,"×")))) -> 0 | AT25: =ROW()-ROW($AT$7) -> 18 | AU25: =AT25&" "&IF(AW25<>"-",【様式2】職員名簿!B56&"/"&AV25&"/"&AW25,"") -> 18 | AV25: =【様式2】職員名簿!E56 -> 0 | AW25: =IF(【様式2】職員名簿!J56="エラー","-",【様式2】職員名簿!J56) -> - | AX25: =IF($AV25="常勤",$AM$2,IF($AV25="非常勤",【様式2】職員名簿!G56,0)) -> 0 | AY25: =IF($AW25=AY$3,COUNTIF($AW$8:$AW25,AY$3),0) -> 0 | AZ25: =IFERROR(INDEX($AU$8:$AU$107,MATCH($AT25,AY$8:AY$107,0),1),"") | BA25: =IF($AW25=BA$3,COUNTIF($AW$8:$AW25,BA$3),0) -> 0 | BB25: =IFERROR(INDEX($AU$8:$AU$107,MATCH($AT25,BA$8:BA$107,0),1),"") | BC25: =IF($AW25=BC$3,COUNTIF($AW$8:$AW25,BC$3),0) -> 0 | BD25: =IFERROR(INDEX($AU$8:$AU$107,MATCH($AT25,BC$8:BC$107,0),1),"") | BE25: =IF(OR($AW25=BE$3,$AW25=BE$4),COUNTIF($AW$8:$AW25,BE$3)+COUNTIF($AW$8:$AW25,BE$4),0) -> 0 | BF25: =IFERROR(INDEX($AU$8:$AU$107,MATCH($AT25,BE$8:BE$107,0),1),"") | BG25: =IF($AW25=BG$3,COUNTIF($AW$8:$AW25,BG$3),0) -> 0 | BH25: =IFERROR(INDEX($AU$8:$AU$107,MATCH($AT25,BG$8:BG$107,0),1),"") | BI25: =IF($AW25<>BI$3,COUNTIF($AW$8:$AW25,"<>"&BI$3),0) -> 0 | BJ25: =IFERROR(INDEX($AU$8:$AU$107,MATCH($AT25,BI$8:BI$107,0),1),"")
D26: =IF(W26,T26,"") -> 家庭的保育者 | I26: =IF(OR(NOT(W26),U26=0),"",U26) | J26: =IF(OR(F26=0,F26=""),"",IF(W26,IF(X26,IF(OR(Y26,V26=3),IF(AD26,IF(OR(AE26,V26=2,V26=3),"○","要常勤"),"時間無"),"重複"),"名簿無"),"対象外")) | L26: =IF(AI26=1,"調整①→",IF(AI26=5,"調整②→",IF(AI26=2,"",IF(AI26=3,"全計上→","エラー")))) | M26: =IF(OR(AND(J26<>"",J26<>"○"),AI26=4),"×",IF(J26="",0,AJ26/$AM$2)) -> 0 | T26: =$AZ$6 -> 家庭的保育者 | U26: =IFERROR(VLOOKUP($F26,$AU$8:$AX$107,4,FALSE),0) -> 0 | V26: 2 | W26: =$Q$18 -> TRUE | X26: =COUNTIF(INDIRECT(T26),F26)>0 -> FALSE | Y26: =COUNTIF($AC$17:AC25,AC26)+COUNTIF(AC27:$AC$65,AC26)-COUNTIF(Z26:AB26,AC26)=0 -> FALSE | Z26: - | AA26: - | AB26: - | AC26: =IF(V26=3,0,IFERROR(INDEX($AT$8:$AT$107,MATCH($F26,AU$8:AU$107,0),1),0)) -> 0 | AD26: =U26>0 -> FALSE | AE26: =IFERROR(VLOOKUP($F26,$AU$8:$AX$107,2,FALSE),"")="常勤" -> FALSE | AF26: - | AG26: =M26 -> 0 | AH26: 2 | AI26: =IF(AND($W26,$J26="○"),IF($K26="-",IF($U26<IF($AH26=5,$AL$4,$AL$3),$AH26,2),IF($K26=0,IF($U26<IF($AH26=5,$AL$4,$AL$3),IF(OR($AH26=1,$AH26=5),$AH26,3),3),IF(K26<IF($AH26=5,$AL$4,$AL$3),$AH26,IF($K26>$U26,4,2)))),2) -> 2 | AJ26: =IF(AI26=1,$AL$3,IF(AI26=5,$AL$4,IF(AI26=2,IF(K26="-",U26,K26),IF(AI26=3,U26,"×")))) -> 0 | AT26: =ROW()-ROW($AT$7) -> 19 | AU26: =AT26&" "&IF(AW26<>"-",【様式2】職員名簿!B57&"/"&AV26&"/"&AW26,"") -> 19 | AV26: =【様式2】職員名簿!E57 -> 0 | AW26: =IF(【様式2】職員名簿!J57="エラー","-",【様式2】職員名簿!J57) -> - | AX26: =IF($AV26="常勤",$AM$2,IF($AV26="非常勤",【様式2】職員名簿!G57,0)) -> 0 | AY26: =IF($AW26=AY$3,COUNTIF($AW$8:$AW26,AY$3),0) -> 0 | AZ26: =IFERROR(INDEX($AU$8:$AU$107,MATCH($AT26,AY$8:AY$107,0),1),"") | BA26: =IF($AW26=BA$3,COUNTIF($AW$8:$AW26,BA$3),0) -> 0 | BB26: =IFERROR(INDEX($AU$8:$AU$107,MATCH($AT26,BA$8:BA$107,0),1),"") | BC26: =IF($AW26=BC$3,COUNTIF($AW$8:$AW26,BC$3),0) -> 0 | BD26: =IFERROR(INDEX($AU$8:$AU$107,MATCH($AT26,BC$8:BC$107,0),1),"") | BE26: =IF(OR($AW26=BE$3,$AW26=BE$4),COUNTIF($AW$8:$AW26,BE$3)+COUNTIF($AW$8:$AW26,BE$4),0) -> 0 | BF26: =IFERROR(INDEX($AU$8:$AU$107,MATCH($AT26,BE$8:BE$107,0),1),"") | BG26: =IF($AW26=BG$3,COUNTIF($AW$8:$AW26,BG$3),0) -> 0 | BH26: =IFERROR(INDEX($AU$8:$AU$107,MATCH($AT26,BG$8:BG$107,0),1),"") | BI26: =IF($AW26<>BI$3,COUNTIF($AW$8:$AW26,"<>"&BI$3),0) -> 0 | BJ26: =IFERROR(INDEX($AU$8:$AU$107,MATCH($AT26,BI$8:BI$107,0),1),"")
D27: =IF(W27,T27,"") -> 家庭的保育者 | I27: =IF(OR(NOT(W27),U27=0),"",U27) | J27: =IF(OR(F27=0,F27=""),"",IF(W27,IF(X27,IF(OR(Y27,V27=3),IF(AD27,IF(OR(AE27,V27=2,V27=3),"○","要常勤"),"時間無"),"重複"),"名簿無"),"対象外")) | L27: =IF(AI27=1,"調整①→",IF(AI27=5,"調整②→",IF(AI27=2,"",IF(AI27=3,"全計上→","エラー")))) | M27: =IF(OR(AND(J27<>"",J27<>"○"),AI27=4),"×",IF(J27="",0,AJ27/$AM$2)) -> 0 | T27: =$AZ$6 -> 家庭的保育者 | U27: =IFERROR(VLOOKUP($F27,$AU$8:$AX$107,4,FALSE),0) -> 0 | V27: 2 | W27: =$Q$18 -> TRUE | X27: =COUNTIF(INDIRECT(T27),F27)>0 -> FALSE | Y27: =COUNTIF($AC$17:AC26,AC27)+COUNTIF(AC28:$AC$65,AC27)-COUNTIF(Z27:AB27,AC27)=0 -> FALSE | Z27: - | AA27: - | AB27: - | AC27: =IF(V27=3,0,IFERROR(INDEX($AT$8:$AT$107,MATCH($F27,AU$8:AU$107,0),1),0)) -> 0 | AD27: =U27>0 -> FALSE | AE27: =IFERROR(VLOOKUP($F27,$AU$8:$AX$107,2,FALSE),"")="常勤" -> FALSE | AF27: - | AG27: =M27 -> 0 | AH27: 2 | AI27: =IF(AND($W27,$J27="○"),IF($K27="-",IF($U27<IF($AH27=5,$AL$4,$AL$3),$AH27,2),IF($K27=0,IF($U27<IF($AH27=5,$AL$4,$AL$3),IF(OR($AH27=1,$AH27=5),$AH27,3),3),IF(K27<IF($AH27=5,$AL$4,$AL$3),$AH27,IF($K27>$U27,4,2)))),2) -> 2 | AJ27: =IF(AI27=1,$AL$3,IF(AI27=5,$AL$4,IF(AI27=2,IF(K27="-",U27,K27),IF(AI27=3,U27,"×")))) -> 0 | AT27: =ROW()-ROW($AT$7) -> 20 | AU27: =AT27&" "&IF(AW27<>"-",【様式2】職員名簿!B58&"/"&AV27&"/"&AW27,"") -> 20 | AV27: =【様式2】職員名簿!E58 -> 0 | AW27: =IF(【様式2】職員名簿!J58="エラー","-",【様式2】職員名簿!J58) -> - | AX27: =IF($AV27="常勤",$AM$2,IF($AV27="非常勤",【様式2】職員名簿!G58,0)) -> 0 | AY27: =IF($AW27=AY$3,COUNTIF($AW$8:$AW27,AY$3),0) -> 0 | AZ27: =IFERROR(INDEX($AU$8:$AU$107,MATCH($AT27,AY$8:AY$107,0),1),"") | BA27: =IF($AW27=BA$3,COUNTIF($AW$8:$AW27,BA$3),0) -> 0 | BB27: =IFERROR(INDEX($AU$8:$AU$107,MATCH($AT27,BA$8:BA$107,0),1),"") | BC27: =IF($AW27=BC$3,COUNTIF($AW$8:$AW27,BC$3),0) -> 0 | BD27: =IFERROR(INDEX($AU$8:$AU$107,MATCH($AT27,BC$8:BC$107,0),1),"") | BE27: =IF(OR($AW27=BE$3,$AW27=BE$4),COUNTIF($AW$8:$AW27,BE$3)+COUNTIF($AW$8:$AW27,BE$4),0) -> 0 | BF27: =IFERROR(INDEX($AU$8:$AU$107,MATCH($AT27,BE$8:BE$107,0),1),"") | BG27: =IF($AW27=BG$3,COUNTIF($AW$8:$AW27,BG$3),0) -> 0 | BH27: =IFERROR(INDEX($AU$8:$AU$107,MATCH($AT27,BG$8:BG$107,0),1),"") | BI27: =IF($AW27<>BI$3,COUNTIF($AW$8:$AW27,"<>"&BI$3),0) -> 0 | BJ27: =IFERROR(INDEX($AU$8:$AU$107,MATCH($AT27,BI$8:BI$107,0),1),"")
B28: 調理員 | D28: =IF(W28,T28,"") -> 調理員 | F28: =IF(R28=1,"非常勤１名",IF(R28=2,"業務委託","エラー：個票0を見直すこと")) -> エラー：個票0を見直すこと | L28: - | M28: - | N28: =IF(Q28,"○","×") -> ○ | O28: =IF(Q28,IF(S28,"○","×"),"-") -> × | Q28: =TRUE() -> TRUE | R28: =IF(【様式１】総括表・個票!AI55,1,IF(【様式１】総括表・個票!AI56,2,0)) -> 0 | S28: =AND(O85>=0,IF(Q29,S29,TRUE),IF(Q30,S30,TRUE),OR(Q29,Q30)) -> FALSE | T28: =$BF$6 -> 調理員 | U28: - | V28: - | W28: =Q28 -> TRUE | X28: - | Y28: - | Z28: - | AA28: - | AB28: - | AC28: - | AD28: - | AE28: - | AF28: - | AG28: - | AH28: - | AI28: - | AJ28: - | AT28: =ROW()-ROW($AT$7) -> 21 | AU28: =AT28&" "&IF(AW28<>"-",【様式2】職員名簿!B59&"/"&AV28&"/"&AW28,"") -> 21 | AV28: =【様式2】職員名簿!E59 -> 0 | AW28: =IF(【様式2】職員名簿!J59="エラー","-",【様式2】職員名簿!J59) -> - | AX28: =IF($AV28="常勤",$AM$2,IF($AV28="非常勤",【様式2】職員名簿!G59,0)) -> 0 | AY28: =IF($AW28=AY$3,COUNTIF($AW$8:$AW28,AY$3),0) -> 0 | AZ28: =IFERROR(INDEX($AU$8:$AU$107,MATCH($AT28,AY$8:AY$107,0),1),"") | BA28: =IF($AW28=BA$3,COUNTIF($AW$8:$AW28,BA$3),0) -> 0 | BB28: =IFERROR(INDEX($AU$8:$AU$107,MATCH($AT28,BA$8:BA$107,0),1),"") | BC28: =IF($AW28=BC$3,COUNTIF($AW$8:$AW28,BC$3),0) -> 0 | BD28: =IFERROR(INDEX($AU$8:$AU$107,MATCH($AT28,BC$8:BC$107,0),1),"") | BE28: =IF(OR($AW28=BE$3,$AW28=BE$4),COUNTIF($AW$8:$AW28,BE$3)+COUNTIF($AW$8:$AW28,BE$4),0) -> 0 | BF28: =IFERROR(INDEX($AU$8:$AU$107,MATCH($AT28,BE$8:BE$107,0),1),"") | BG28: =IF($AW28=BG$3,COUNTIF($AW$8:$AW28,BG$3),0) -> 0 | BH28: =IFERROR(INDEX($AU$8:$AU$107,MATCH($AT28,BG$8:BG$107,0),1),"") | BI28: =IF($AW28<>BI$3,COUNTIF($AW$8:$AW28,"<>"&BI$3),0) -> 0 | BJ28: =IFERROR(INDEX($AU$8:$AU$107,MATCH($AT28,BI$8:BI$107,0),1),"")
D29: =IF(R28=1,"雇用",IF(R28=2,"委託","エラー")) -> エラー | E29: =IF(W29,T29,"") | I29: =IF(OR(NOT(W29),U29=0),"",U29) | J29: =IF(OR(F29=0,F29=""),"",IF(W29,IF(X29,IF(OR(Y29,V29=3),IF(AD29,IF(OR(AE29,V29=2,V29=3),"○","要常勤"),"時間無"),"重複"),"名簿無"),"対象外")) | K29: - | L29: =IF(AI29=1,"調整①→",IF(AI29=5,"調整②→",IF(AI29=2,"",IF(AI29=3,"全計上→","エラー")))) | M29: =IF(OR(AND(J29<>"",J29<>"○"),AI29=4),"×",IF(J29="",0,AJ29/$AM$2)) -> 0 | N29: =IF(Q29,"○","×") -> × | Q29: =R29 -> FALSE | R29: =R28=1 -> FALSE | S29: =AND(J29="○",O85>=0) -> FALSE | T29: =$BF$6 -> 調理員 | U29: =IFERROR(VLOOKUP($F29,$AU$8:$AX$107,4,FALSE),0) -> 0 | V29: 2 | W29: =AND(Q29,R29) -> FALSE | X29: =COUNTIF(INDIRECT(T29),F29)>0 -> FALSE | Y29: =COUNTIF($AC$17:AC28,AC29)+COUNTIF(AC30:$AC$65,AC29)-COUNTIF(Z29:AB29,AC29)=0 -> FALSE | Z29: - | AA29: - | AB29: - | AC29: =IF(V29=3,0,IFERROR(INDEX($AT$8:$AT$107,MATCH($F29,AU$8:AU$107,0),1),0)) -> 0 | AD29: =U29>0 -> FALSE | AE29: =IFERROR(VLOOKUP($F29,$AU$8:$AX$107,2,FALSE),"")="常勤" -> FALSE | AF29: - | AG29: - | AH29: 1 | AI29: =IF(AND($W29,$J29="○"),IF($K29="-",IF($U29<IF($AH29=5,$AL$4,$AL$3),$AH29,2),IF($K29=0,IF($U29<IF($AH29=5,$AL$4,$AL$3),IF(OR($AH29=1,$AH29=5),$AH29,3),3),IF(K29<IF($AH29=5,$AL$4,$AL$3),$AH29,IF($K29>$U29,4,2)))),2) -> 2 | AJ29: =IF(AI29=1,$AL$3,IF(AI29=5,$AL$4,IF(AI29=2,IF(K29="-",U29,K29),IF(AI29=3,U29,"×")))) -> 0 | AT29: =ROW()-ROW($AT$7) -> 22 | AU29: =AT29&" "&IF(AW29<>"-",【様式2】職員名簿!B60&"/"&AV29&"/"&AW29,"") -> 22 | AV29: =【様式2】職員名簿!E60 -> 0 | AW29: =IF(【様式2】職員名簿!J60="エラー","-",【様式2】職員名簿!J60) -> - | AX29: =IF($AV29="常勤",$AM$2,IF($AV29="非常勤",【様式2】職員名簿!G60,0)) -> 0 | AY29: =IF($AW29=AY$3,COUNTIF($AW$8:$AW29,AY$3),0) -> 0 | AZ29: =IFERROR(INDEX($AU$8:$AU$107,MATCH($AT29,AY$8:AY$107,0),1),"") | BA29: =IF($AW29=BA$3,COUNTIF($AW$8:$AW29,BA$3),0) -> 0 | BB29: =IFERROR(INDEX($AU$8:$AU$107,MATCH($AT29,BA$8:BA$107,0),1),"") | BC29: =IF($AW29=BC$3,COUNTIF($AW$8:$AW29,BC$3),0) -> 0 | BD29: =IFERROR(INDEX($AU$8:$AU$107,MATCH($AT29,BC$8:BC$107,0),1),"") | BE29: =IF(OR($AW29=BE$3,$AW29=BE$4),COUNTIF($AW$8:$AW29,BE$3)+COUNTIF($AW$8:$AW29,BE$4),0) -> 0 | BF29: =IFERROR(INDEX($AU$8:$AU$107,MATCH($AT29,BE$8:BE$107,0),1),"") | BG29: =IF($AW29=BG$3,COUNTIF($AW$8:$AW29,BG$3),0) -> 0 | BH29: =IFERROR(INDEX($AU$8:$AU$107,MATCH($AT29,BG$8:BG$107,0),1),"") | BI29: =IF($AW29<>BI$3,COUNTIF($AW$8:$AW29,"<>"&BI$3),0) -> 0 | BJ29: =IFERROR(INDEX($AU$8:$AU$107,MATCH($AT29,BI$8:BI$107,0),1),"")
E30: =IF(W30,T30,"") | F30: =IF(W30,BL10,"") | I30: =IF(OR(NOT(W30),U30=0),"",U30) | J30: =IF(OR(F30=0,F30=""),"",IF(W30,IF(X30,IF(OR(Y30,V30=3),IF(AD30,IF(OR(AE30,V30=2,V30=3),"○","要常勤"),"時間無"),"重複"),"名簿無"),"対象外")) | K30: - | L30: - | M30: - | N30: =IF(Q30,"○","×") -> × | Q30: =R30 -> FALSE | R30: =R28=2 -> FALSE | S30: =AND(J30="○",$O$85>=0) -> FALSE | T30: =BL6 -> 業務委託 | U30: =BM10 -> 0 | V30: 3 | W30: =AND(Q30,R30) -> FALSE | X30: =COUNTIF(INDIRECT(T30),F30)>0 -> FALSE | Y30: =COUNTIF($AC$17:AC29,AC30)+COUNTIF(AC31:$AC$65,AC30)-COUNTIF(Z30:AB30,AC30)=0 -> FALSE | Z30: - | AA30: - | AB30: - | AC30: =IF(V30=3,0,IFERROR(INDEX($AT$8:$AT$107,MATCH($F30,AU$8:AU$107,0),1),0)) -> 0 | AD30: =U30>0 -> FALSE | AE30: =IFERROR(VLOOKUP($F30,$AU$8:$AX$107,2,FALSE),"")="常勤" -> FALSE | AF30: - | AG30: - | AH30: 2 | AI30: =IF(AND($W30,$J30="○"),IF($K30="-",IF($U30<IF($AH30=5,$AL$4,$AL$3),$AH30,2),IF($K30=0,IF($U30<IF($AH30=5,$AL$4,$AL$3),IF(OR($AH30=1,$AH30=5),$AH30,3),3),IF(K30<IF($AH30=5,$AL$4,$AL$3),$AH30,IF($K30>$U30,4,2)))),2) -> 2 | AJ30: =IF(AI30=1,$AL$3,IF(AI30=5,$AL$4,IF(AI30=2,IF(K30="-",U30,K30),IF(AI30=3,U30,"×")))) -> 0 | AT30: =ROW()-ROW($AT$7) -> 23 | AU30: =AT30&" "&IF(AW30<>"-",【様式2】職員名簿!B61&"/"&AV30&"/"&AW30,"") -> 23 | AV30: =【様式2】職員名簿!E61 -> 0 | AW30: =IF(【様式2】職員名簿!J61="エラー","-",【様式2】職員名簿!J61) -> - | AX30: =IF($AV30="常勤",$AM$2,IF($AV30="非常勤",【様式2】職員名簿!G61,0)) -> 0 | AY30: =IF($AW30=AY$3,COUNTIF($AW$8:$AW30,AY$3),0) -> 0 | AZ30: =IFERROR(INDEX($AU$8:$AU$107,MATCH($AT30,AY$8:AY$107,0),1),"") | BA30: =IF($AW30=BA$3,COUNTIF($AW$8:$AW30,BA$3),0) -> 0 | BB30: =IFERROR(INDEX($AU$8:$AU$107,MATCH($AT30,BA$8:BA$107,0),1),"") | BC30: =IF($AW30=BC$3,COUNTIF($AW$8:$AW30,BC$3),0) -> 0 | BD30: =IFERROR(INDEX($AU$8:$AU$107,MATCH($AT30,BC$8:BC$107,0),1),"") | BE30: =IF(OR($AW30=BE$3,$AW30=BE$4),COUNTIF($AW$8:$AW30,BE$3)+COUNTIF($AW$8:$AW30,BE$4),0) -> 0 | BF30: =IFERROR(INDEX($AU$8:$AU$107,MATCH($AT30,BE$8:BE$107,0),1),"") | BG30: =IF($AW30=BG$3,COUNTIF($AW$8:$AW30,BG$3),0) -> 0 | BH30: =IFERROR(INDEX($AU$8:$AU$107,MATCH($AT30,BG$8:BG$107,0),1),"") | BI30: =IF($AW30<>BI$3,COUNTIF($AW$8:$AW30,"<>"&BI$3),0) -> 0 | BJ30: =IFERROR(INDEX($AU$8:$AU$107,MATCH($AT30,BI$8:BI$107,0),1),"")
B31: 事務 | D31: 事務員 | F31: =IF(R31=1,"非常勤１名",IF(R31=2,"兼務１名",IF(R31=3,"業務委託",IF(R31=4,"配置免除","エラー：個票0を見直すこと")))) -> エラー：個票0を見直すこと | L31: - | M31: - | N31: =IF(Q31,"○","×") -> ○ | O31: =IF(Q31,IF(S31,"○","×"),"-") -> × | Q31: =TRUE() -> TRUE | R31: =IF(【様式１】総括表・個票!AI51,1,IF(【様式１】総括表・個票!AI52,2,IF(【様式１】総括表・個票!AI53,3,IF(【様式１】総括表・個票!AI48,4,0)))) -> 0 | S31: =AND(O87>=0,OR(AND(IF(Q32,S32,TRUE),IF(Q33,S33,TRUE),IF(Q34,S34,TRUE),OR(Q32,Q33,Q34)),R31=4)) -> FALSE | T31: =$BH$6 -> 事務員 | U31: - | V31: - | W31: =Q31 -> TRUE | X31: - | Y31: - | Z31: - | AA31: - | AB31: - | AC31: - | AD31: - | AE31: - | AF31: - | AG31: - | AH31: - | AI31: - | AJ31: - | AT31: =ROW()-ROW($AT$7) -> 24 | AU31: =AT31&" "&IF(AW31<>"-",【様式2】職員名簿!B62&"/"&AV31&"/"&AW31,"") -> 24 | AV31: =【様式2】職員名簿!E62 -> 0 | AW31: =IF(【様式2】職員名簿!J62="エラー","-",【様式2】職員名簿!J62) -> - | AX31: =IF($AV31="常勤",$AM$2,IF($AV31="非常勤",【様式2】職員名簿!G62,0)) -> 0 | AY31: =IF($AW31=AY$3,COUNTIF($AW$8:$AW31,AY$3),0) -> 0 | AZ31: =IFERROR(INDEX($AU$8:$AU$107,MATCH($AT31,AY$8:AY$107,0),1),"") | BA31: =IF($AW31=BA$3,COUNTIF($AW$8:$AW31,BA$3),0) -> 0 | BB31: =IFERROR(INDEX($AU$8:$AU$107,MATCH($AT31,BA$8:BA$107,0),1),"") | BC31: =IF($AW31=BC$3,COUNTIF($AW$8:$AW31,BC$3),0) -> 0 | BD31: =IFERROR(INDEX($AU$8:$AU$107,MATCH($AT31,BC$8:BC$107,0),1),"") | BE31: =IF(OR($AW31=BE$3,$AW31=BE$4),COUNTIF($AW$8:$AW31,BE$3)+COUNTIF($AW$8:$AW31,BE$4),0) -> 0 | BF31: =IFERROR(INDEX($AU$8:$AU$107,MATCH($AT31,BE$8:BE$107,0),1),"") | BG31: =IF($AW31=BG$3,COUNTIF($AW$8:$AW31,BG$3),0) -> 0 | BH31: =IFERROR(INDEX($AU$8:$AU$107,MATCH($AT31,BG$8:BG$107,0),1),"") | BI31: =IF($AW31<>BI$3,COUNTIF($AW$8:$AW31,"<>"&BI$3),0) -> 0 | BJ31: =IFERROR(INDEX($AU$8:$AU$107,MATCH($AT31,BI$8:BI$107,0),1),"")
D32: =IF(R31=1,"専任",IF(R31=2,"兼務",IF(R31=3,"委託",IF(R31=4,"免除","エラー")))) -> エラー | E32: =IF(W32,T32,"") | I32: =IF(OR(NOT(W32),U32=0),"",U32) | J32: =IF(OR(F32=0,F32=""),"",IF(W32,IF(X32,IF(OR(Y32,V32=3),IF(AD32,IF(OR(AE32,V32=2,V32=3),"○","要常勤"),"時間無"),"重複"),"名簿無"),"対象外")) | K32: - | L32: =IF(AI32=1,"調整①→",IF(AI32=5,"調整②→",IF(AI32=2,"",IF(AI32=3,"全計上→","エラー")))) | M32: =IF(OR(AND(J32<>"",J32<>"○"),AI32=4),"×",IF(J32="",0,AJ32/$AM$2)) -> 0 | N32: =IF(Q32,"○","×") -> × | O32: =IF(Q32,IF(S32,"○","×"),"-") -> - | Q32: =R32 -> FALSE | R32: =R31=1 -> FALSE | S32: =AND(J32="○",$O$87>=0) -> FALSE | T32: =$BH$6 -> 事務員 | U32: =IFERROR(VLOOKUP($F32,$AU$8:$AX$107,4,FALSE),0) -> 0 | V32: 2 | W32: =R32 -> FALSE | X32: =COUNTIF(INDIRECT(T32),F32)>0 -> FALSE | Y32: =COUNTIF($AC$17:AC31,AC32)+COUNTIF(AC33:$AC$65,AC32)-COUNTIF(Z32:AB32,AC32)=0 -> FALSE | Z32: - | AA32: - | AB32: - | AC32: =IF(V32=3,0,IFERROR(INDEX($AT$8:$AT$107,MATCH($F32,AU$8:AU$107,0),1),0)) -> 0 | AD32: =U32>0 -> FALSE | AE32: =IFERROR(VLOOKUP($F32,$AU$8:$AX$107,2,FALSE),"")="常勤" -> FALSE | AF32: - | AG32: - | AH32: 1 | AI32: =IF(AND($W32,$J32="○"),IF($K32="-",IF($U32<IF($AH32=5,$AL$4,$AL$3),$AH32,2),IF($K32=0,IF($U32<IF($AH32=5,$AL$4,$AL$3),IF(OR($AH32=1,$AH32=5),$AH32,3),3),IF(K32<IF($AH32=5,$AL$4,$AL$3),$AH32,IF($K32>$U32,4,2)))),2) -> 2 | AJ32: =IF(AI32=1,$AL$3,IF(AI32=5,$AL$4,IF(AI32=2,IF(K32="-",U32,K32),IF(AI32=3,U32,"×")))) -> 0 | AT32: =ROW()-ROW($AT$7) -> 25 | AU32: =AT32&" "&IF(AW32<>"-",【様式2】職員名簿!B63&"/"&AV32&"/"&AW32,"") -> 25 | AV32: =【様式2】職員名簿!E63 -> 0 | AW32: =IF(【様式2】職員名簿!J63="エラー","-",【様式2】職員名簿!J63) -> - | AX32: =IF($AV32="常勤",$AM$2,IF($AV32="非常勤",【様式2】職員名簿!G63,0)) -> 0 | AY32: =IF($AW32=AY$3,COUNTIF($AW$8:$AW32,AY$3),0) -> 0 | AZ32: =IFERROR(INDEX($AU$8:$AU$107,MATCH($AT32,AY$8:AY$107,0),1),"") | BA32: =IF($AW32=BA$3,COUNTIF($AW$8:$AW32,BA$3),0) -> 0 | BB32: =IFERROR(INDEX($AU$8:$AU$107,MATCH($AT32,BA$8:BA$107,0),1),"") | BC32: =IF($AW32=BC$3,COUNTIF($AW$8:$AW32,BC$3),0) -> 0 | BD32: =IFERROR(INDEX($AU$8:$AU$107,MATCH($AT32,BC$8:BC$107,0),1),"") | BE32: =IF(OR($AW32=BE$3,$AW32=BE$4),COUNTIF($AW$8:$AW32,BE$3)+COUNTIF($AW$8:$AW32,BE$4),0) -> 0 | BF32: =IFERROR(INDEX($AU$8:$AU$107,MATCH($AT32,BE$8:BE$107,0),1),"") | BG32: =IF($AW32=BG$3,COUNTIF($AW$8:$AW32,BG$3),0) -> 0 | BH32: =IFERROR(INDEX($AU$8:$AU$107,MATCH($AT32,BG$8:BG$107,0),1),"") | BI32: =IF($AW32<>BI$3,COUNTIF($AW$8:$AW32,"<>"&BI$3),0) -> 0 | BJ32: =IFERROR(INDEX($AU$8:$AU$107,MATCH($AT32,BI$8:BI$107,0),1),"")
E33: =IF(W33,T33,"") | I33: =IF(OR(NOT(W33),U33=0),"",U33) | J33: =IF(OR(F33=0,F33=""),"",IF(W33,IF(X33,IF(OR(Y33,V33=3),IF(AD33,IF(OR(AE33,V33=2,V33=3),"○","要常勤"),"時間無"),"重複"),"名簿無"),"対象外")) | L33: =IF(AI33=1,"調整①→",IF(AI33=5,"調整②→",IF(AI33=2,"",IF(AI33=3,"全計上→","エラー")))) | M33: =IF(OR(AND(J33<>"",J33<>"○"),AI33=4),"×",IF(J33="",0,AJ33/$AM$2)) -> 0 | N33: =IF(Q33,"○","×") -> × | O33: =IF(Q33,IF(S33,"○","×"),"-") -> - | Q33: =R33 -> FALSE | R33: =R31=2 -> FALSE | S33: =AND(J33="○",$O$87>=0) -> FALSE | T33: =$BJ$6 -> 全職種 | U33: =IFERROR(VLOOKUP($F33,$AU$8:$AX$107,4,FALSE),0) -> 0 | V33: 3 | W33: =R33 -> FALSE | X33: =COUNTIF(INDIRECT(T33),F33)>0 -> FALSE | Y33: =COUNTIF($AC$17:AC32,AC33)+COUNTIF(AC34:$AC$65,AC33)-COUNTIF(Z33:AB33,AC33)=0 -> FALSE | Z33: - | AA33: - | AB33: - | AC33: =IF(V33=3,0,IFERROR(INDEX($AT$8:$AT$107,MATCH($F33,AU$8:AU$107,0),1),0)) -> 0 | AD33: =U33>0 -> FALSE | AE33: =IFERROR(VLOOKUP($F33,$AU$8:$AX$107,2,FALSE),"")="常勤" -> FALSE | AF33: =IFERROR(VLOOKUP(F33,$AU$8:$AX$107,3,FALSE),"") | AG33: =M33 -> 0 | AH33: 2 | AI33: =IF(AND($W33,$J33="○"),IF($K33="-",IF($U33<IF($AH33=5,$AL$4,$AL$3),$AH33,2),IF($K33=0,IF($U33<IF($AH33=5,$AL$4,$AL$3),IF(OR($AH33=1,$AH33=5),$AH33,3),3),IF(K33<IF($AH33=5,$AL$4,$AL$3),$AH33,IF($K33>$U33,4,2)))),2) -> 2 | AJ33: =IF(AI33=1,$AL$3,IF(AI33=5,$AL$4,IF(AI33=2,IF(K33="-",U33,K33),IF(AI33=3,U33,"×")))) -> 0 | AT33: =ROW()-ROW($AT$7) -> 26 | AU33: =AT33&" "&IF(AW33<>"-",【様式2】職員名簿!B64&"/"&AV33&"/"&AW33,"") -> 26 | AV33: =【様式2】職員名簿!E64 -> 0 | AW33: =IF(【様式2】職員名簿!J64="エラー","-",【様式2】職員名簿!J64) -> - | AX33: =IF($AV33="常勤",$AM$2,IF($AV33="非常勤",【様式2】職員名簿!G64,0)) -> 0 | AY33: =IF($AW33=AY$3,COUNTIF($AW$8:$AW33,AY$3),0) -> 0 | AZ33: =IFERROR(INDEX($AU$8:$AU$107,MATCH($AT33,AY$8:AY$107,0),1),"") | BA33: =IF($AW33=BA$3,COUNTIF($AW$8:$AW33,BA$3),0) -> 0 | BB33: =IFERROR(INDEX($AU$8:$AU$107,MATCH($AT33,BA$8:BA$107,0),1),"") | BC33: =IF($AW33=BC$3,COUNTIF($AW$8:$AW33,BC$3),0) -> 0 | BD33: =IFERROR(INDEX($AU$8:$AU$107,MATCH($AT33,BC$8:BC$107,0),1),"") | BE33: =IF(OR($AW33=BE$3,$AW33=BE$4),COUNTIF($AW$8:$AW33,BE$3)+COUNTIF($AW$8:$AW33,BE$4),0) -> 0 | BF33: =IFERROR(INDEX($AU$8:$AU$107,MATCH($AT33,BE$8:BE$107,0),1),"") | BG33: =IF($AW33=BG$3,COUNTIF($AW$8:$AW33,BG$3),0) -> 0 | BH33: =IFERROR(INDEX($AU$8:$AU$107,MATCH($AT33,BG$8:BG$107,0),1),"") | BI33: =IF($AW33<>BI$3,COUNTIF($AW$8:$AW33,"<>"&BI$3),0) -> 0 | BJ33: =IFERROR(INDEX($AU$8:$AU$107,MATCH($AT33,BI$8:BI$107,0),1),"")
E34: =IF(W34,T34,"") | F34: =IF(W34,BL11,"") | I34: =IF(OR(NOT(W34),U34=0),"",U34) | J34: =IF(OR(F34=0,F34=""),"",IF(W34,IF(X34,IF(OR(Y34,V34=3),IF(AD34,IF(OR(AE34,V34=2,V34=3),"○","要常勤"),"時間無"),"重複"),"名簿無"),"対象外")) | K34: - | L34: - | M34: - | N34: =IF(Q34,"○","×") -> × | O34: =IF(Q34,IF(S34,"○","×"),"-") -> - | Q34: =R34 -> FALSE | R34: =R31=3 -> FALSE | S34: =AND(J34="○",$O$87>=0) -> FALSE | T34: =$BL$6 -> 業務委託 | U34: =BM11 -> 0 | V34: 3 | W34: =R34 -> FALSE | X34: =COUNTIF(INDIRECT(T34),F34)>0 -> FALSE | Y34: =COUNTIF($AC$17:AC33,AC34)+COUNTIF(AC35:$AC$65,AC34)-COUNTIF(Z34:AB34,AC34)=0 -> FALSE | Z34: - | AA34: - | AB34: - | AC34: =IF(V34=3,0,IFERROR(INDEX($AT$8:$AT$107,MATCH($F34,AU$8:AU$107,0),1),0)) -> 0 | AD34: =U34>0 -> FALSE | AE34: =IFERROR(VLOOKUP($F34,$AU$8:$AX$107,2,FALSE),"")="常勤" -> FALSE | AF34: - | AG34: - | AH34: 2 | AI34: =IF(AND($W34,$J34="○"),IF($K34="-",IF($U34<IF($AH34=5,$AL$4,$AL$3),$AH34,2),IF($K34=0,IF($U34<IF($AH34=5,$AL$4,$AL$3),IF(OR($AH34=1,$AH34=5),$AH34,3),3),IF(K34<IF($AH34=5,$AL$4,$AL$3),$AH34,IF($K34>$U34,4,2)))),2) -> 2 | AJ34: =IF(AI34=1,$AL$3,IF(AI34=5,$AL$4,IF(AI34=2,IF(K34="-",U34,K34),IF(AI34=3,U34,"×")))) -> 0 | AT34: =ROW()-ROW($AT$7) -> 27 | AU34: =AT34&" "&IF(AW34<>"-",【様式2】職員名簿!B65&"/"&AV34&"/"&AW34,"") -> 27 | AV34: =【様式2】職員名簿!E65 -> 0 | AW34: =IF(【様式2】職員名簿!J65="エラー","-",【様式2】職員名簿!J65) -> - | AX34: =IF($AV34="常勤",$AM$2,IF($AV34="非常勤",【様式2】職員名簿!G65,0)) -> 0 | AY34: =IF($AW34=AY$3,COUNTIF($AW$8:$AW34,AY$3),0) -> 0 | AZ34: =IFERROR(INDEX($AU$8:$AU$107,MATCH($AT34,AY$8:AY$107,0),1),"") | BA34: =IF($AW34=BA$3,COUNTIF($AW$8:$AW34,BA$3),0) -> 0 | BB34: =IFERROR(INDEX($AU$8:$AU$107,MATCH($AT34,BA$8:BA$107,0),1),"") | BC34: =IF($AW34=BC$3,COUNTIF($AW$8:$AW34,BC$3),0) -> 0 | BD34: =IFERROR(INDEX($AU$8:$AU$107,MATCH($AT34,BC$8:BC$107,0),1),"") | BE34: =IF(OR($AW34=BE$3,$AW34=BE$4),COUNTIF($AW$8:$AW34,BE$3)+COUNTIF($AW$8:$AW34,BE$4),0) -> 0 | BF34: =IFERROR(INDEX($AU$8:$AU$107,MATCH($AT34,BE$8:BE$107,0),1),"") | BG34: =IF($AW34=BG$3,COUNTIF($AW$8:$AW34,BG$3),0) -> 0 | BH34: =IFERROR(INDEX($AU$8:$AU$107,MATCH($AT34,BG$8:BG$107,0),1),"") | BI34: =IF($AW34<>BI$3,COUNTIF($AW$8:$AW34,"<>"&BI$3),0) -> 0 | BJ34: =IFERROR(INDEX($AU$8:$AU$107,MATCH($AT34,BI$8:BI$107,0),1),"")
B35: 嘱託医・嘱託歯科医 | D35: =IF(W35,T35,"") -> 嘱託医等 | F35: =IF(Q35,"嘱託医を配置","個票0未選択のため見直すこと") -> 嘱託医を配置 | L35: - | M35: - | N35: =IF(Q35,"○","×") -> ○ | O35: =IF(Q35,IF(S35,"○","×"),"-") -> × | Q35: =TRUE() -> TRUE | R35: =【様式１】総括表・個票!AI58 -> FALSE | S35: =R35 -> FALSE | T35: 嘱託医等 | U35: - | V35: - | W35: =Q35 -> TRUE | X35: - | Y35: - | Z35: - | AA35: - | AB35: - | AC35: - | AD35: - | AE35: - | AF35: - | AG35: - | AH35: - | AI35: - | AJ35: - | AT35: =ROW()-ROW($AT$7) -> 28 | AU35: =AT35&" "&IF(AW35<>"-",【様式2】職員名簿!B66&"/"&AV35&"/"&AW35,"") -> 28 | AV35: =【様式2】職員名簿!E66 -> 0 | AW35: =IF(【様式2】職員名簿!J66="エラー","-",【様式2】職員名簿!J66) -> - | AX35: =IF($AV35="常勤",$AM$2,IF($AV35="非常勤",【様式2】職員名簿!G66,0)) -> 0 | AY35: =IF($AW35=AY$3,COUNTIF($AW$8:$AW35,AY$3),0) -> 0 | AZ35: =IFERROR(INDEX($AU$8:$AU$107,MATCH($AT35,AY$8:AY$107,0),1),"") | BA35: =IF($AW35=BA$3,COUNTIF($AW$8:$AW35,BA$3),0) -> 0 | BB35: =IFERROR(INDEX($AU$8:$AU$107,MATCH($AT35,BA$8:BA$107,0),1),"") | BC35: =IF($AW35=BC$3,COUNTIF($AW$8:$AW35,BC$3),0) -> 0 | BD35: =IFERROR(INDEX($AU$8:$AU$107,MATCH($AT35,BC$8:BC$107,0),1),"") | BE35: =IF(OR($AW35=BE$3,$AW35=BE$4),COUNTIF($AW$8:$AW35,BE$3)+COUNTIF($AW$8:$AW35,BE$4),0) -> 0 | BF35: =IFERROR(INDEX($AU$8:$AU$107,MATCH($AT35,BE$8:BE$107,0),1),"") | BG35: =IF($AW35=BG$3,COUNTIF($AW$8:$AW35,BG$3),0) -> 0 | BH35: =IFERROR(INDEX($AU$8:$AU$107,MATCH($AT35,BG$8:BG$107,0),1),"") | BI35: =IF($AW35<>BI$3,COUNTIF($AW$8:$AW35,"<>"&BI$3),0) -> 0 | BJ35: =IFERROR(INDEX($AU$8:$AU$107,MATCH($AT35,BI$8:BI$107,0),1),"")
A36: 家庭的保育（補助）者 | B36: 家庭的保育補助者加算 | D36: =IF(W36,T36,"") | F36: =IF(Q36,IF(Q37,"障がい児を除く児童について","全児童について")&"１：５","") | L36: - | M36: - | N36: =IF(Q36,"○","×") -> × | O36: =IF(Q36,IF(S36,"○","×"),"-") -> - | Q36: =【様式１】総括表・個票!AI75 -> FALSE | R36: - | S36: =AND(O81>=0,O83>=0) -> TRUE | T36: =$BB$6 -> 家庭的保育補助者 | U36: - | V36: - | W36: =Q36 -> FALSE | X36: - | Y36: - | Z36: - | AA36: - | AB36: - | AC36: - | AD36: - | AE36: - | AF36: - | AG36: - | AH36: - | AI36: - | AJ36: - | AT36: =ROW()-ROW($AT$7) -> 29 | AU36: =AT36&" "&IF(AW36<>"-",【様式2】職員名簿!B67&"/"&AV36&"/"&AW36,"") -> 29 | AV36: =【様式2】職員名簿!E67 -> 0 | AW36: =IF(【様式2】職員名簿!J67="エラー","-",【様式2】職員名簿!J67) -> - | AX36: =IF($AV36="常勤",$AM$2,IF($AV36="非常勤",【様式2】職員名簿!G67,0)) -> 0 | AY36: =IF($AW36=AY$3,COUNTIF($AW$8:$AW36,AY$3),0) -> 0 | AZ36: =IFERROR(INDEX($AU$8:$AU$107,MATCH($AT36,AY$8:AY$107,0),1),"") | BA36: =IF($AW36=BA$3,COUNTIF($AW$8:$AW36,BA$3),0) -> 0 | BB36: =IFERROR(INDEX($AU$8:$AU$107,MATCH($AT36,BA$8:BA$107,0),1),"") | BC36: =IF($AW36=BC$3,COUNTIF($AW$8:$AW36,BC$3),0) -> 0 | BD36: =IFERROR(INDEX($AU$8:$AU$107,MATCH($AT36,BC$8:BC$107,0),1),"") | BE36: =IF(OR($AW36=BE$3,$AW36=BE$4),COUNTIF($AW$8:$AW36,BE$3)+COUNTIF($AW$8:$AW36,BE$4),0) -> 0 | BF36: =IFERROR(INDEX($AU$8:$AU$107,MATCH($AT36,BE$8:BE$107,0),1),"") | BG36: =IF($AW36=BG$3,COUNTIF($AW$8:$AW36,BG$3),0) -> 0 | BH36: =IFERROR(INDEX($AU$8:$AU$107,MATCH($AT36,BG$8:BG$107,0),1),"") | BI36: =IF($AW36<>BI$3,COUNTIF($AW$8:$AW36,"<>"&BI$3),0) -> 0 | BJ36: =IFERROR(INDEX($AU$8:$AU$107,MATCH($AT36,BI$8:BI$107,0),1),"")
B37: 障がい児保育加算 | D37: =IF(W37,T37,"") | F37: =IF(Q37,"障がい児について１：２"&IF(M9=R37,"","（障がい児数不一致）")&IF(Q36,"","(家庭的保育補助者加算未申請）"),"") | L37: - | M37: - | N37: =IF(Q37,"○","×") -> × | O37: =IF(Q37,IF(S37,"○","×"),"-") -> - | Q37: =【様式１】総括表・個票!AI107 -> FALSE | R37: =【様式１】総括表・個票!AI117 -> 0 | S37: =AND(O81>=0,O83>=0,M9=R37,O36="○") -> FALSE | T37: =$BB$6 -> 家庭的保育補助者 | U37: - | V37: - | W37: =AND(Q37) -> FALSE | X37: - | Y37: - | Z37: - | AA37: - | AB37: - | AC37: - | AD37: - | AE37: - | AF37: - | AG37: - | AH37: - | AI37: - | AJ37: - | AT37: =ROW()-ROW($AT$7) -> 30 | AU37: =AT37&" "&IF(AW37<>"-",【様式2】職員名簿!B68&"/"&AV37&"/"&AW37,"") -> 30 | AV37: =【様式2】職員名簿!E68 -> 0 | AW37: =IF(【様式2】職員名簿!J68="エラー","-",【様式2】職員名簿!J68) -> - | AX37: =IF($AV37="常勤",$AM$2,IF($AV37="非常勤",【様式2】職員名簿!G68,0)) -> 0 | AY37: =IF($AW37=AY$3,COUNTIF($AW$8:$AW37,AY$3),0) -> 0 | AZ37: =IFERROR(INDEX($AU$8:$AU$107,MATCH($AT37,AY$8:AY$107,0),1),"") | BA37: =IF($AW37=BA$3,COUNTIF($AW$8:$AW37,BA$3),0) -> 0 | BB37: =IFERROR(INDEX($AU$8:$AU$107,MATCH($AT37,BA$8:BA$107,0),1),"") | BC37: =IF($AW37=BC$3,COUNTIF($AW$8:$AW37,BC$3),0) -> 0 | BD37: =IFERROR(INDEX($AU$8:$AU$107,MATCH($AT37,BC$8:BC$107,0),1),"") | BE37: =IF(OR($AW37=BE$3,$AW37=BE$4),COUNTIF($AW$8:$AW37,BE$3)+COUNTIF($AW$8:$AW37,BE$4),0) -> 0 | BF37: =IFERROR(INDEX($AU$8:$AU$107,MATCH($AT37,BE$8:BE$107,0),1),"") | BG37: =IF($AW37=BG$3,COUNTIF($AW$8:$AW37,BG$3),0) -> 0 | BH37: =IFERROR(INDEX($AU$8:$AU$107,MATCH($AT37,BG$8:BG$107,0),1),"") | BI37: =IF($AW37<>BI$3,COUNTIF($AW$8:$AW37,"<>"&BI$3),0) -> 0 | BJ37: =IFERROR(INDEX($AU$8:$AU$107,MATCH($AT37,BI$8:BI$107,0),1),"")
A38: 栄養士 | B38: ="栄養管理加算【"&IF(R38=1,"配置",IF(R38=2,"兼務",IF(R38=3,"嘱託","-")))&"】" -> 栄養管理加算【-】 | D38: =IF(W38,T38,"") | I38: =IF(OR(NOT(W38),U38=0),"",U38) | J38: =IF(OR(F38=0,F38=""),"",IF(W38,IF(X38,IF(OR(Y38,V38=3),IF(AD38,IF(OR(AE38,V38=2,V38=3),"○","要常勤"),"時間無"),"重複"),"名簿無"),"対象外")) | K38: - | L38: =IF(AI38=1,"調整①→",IF(AI38=5,"調整②→",IF(AI38=2,"",IF(AI38=3,"全計上→","エラー")))) | M38: =IF(OR(AND(J38<>"",J38<>"○"),AI38=4),"×",IF(J38="",0,AJ38/$AM$2)) -> 0 | N38: =IF(Q38,"○","×") -> × | O38: =IF(Q38,IF(S38,"○","×"),"-") -> - | Q38: =AND(【様式１】総括表・個票!AI183,OR(R38=1,R38=2)) -> FALSE | R38: =IF(【様式１】総括表・個票!AI188,1,IF(【様式１】総括表・個票!AI189,2,IF(【様式１】総括表・個票!AI191,3,0))) -> 0 | S38: =AND($J38="○",$O85>=0) -> FALSE | T38: =$BD$6 -> 栄養士 | U38: =IFERROR(VLOOKUP($F38,$AU$8:$AX$107,4,FALSE),0) -> 0 | V38: =IF(R38=2,3,2) -> 2 | W38: =AND(Q38,OR(R38=1,R38=2)) -> FALSE | X38: =COUNTIF(INDIRECT(T38),F38)>0 -> FALSE | Y38: =COUNTIF($AC$17:AC37,AC38)+COUNTIF(AC39:$AC$65,AC38)-COUNTIF(Z38:AB38,AC38)=0 -> FALSE | Z38: - | AA38: - | AB38: - | AC38: =IF(V38=3,0,IFERROR(INDEX($AT$8:$AT$107,MATCH($F38,AU$8:AU$107,0),1),0)) -> 0 | AD38: =U38>0 -> FALSE | AE38: =IFERROR(VLOOKUP($F38,$AU$8:$AX$107,2,FALSE),"")="常勤" -> FALSE | AF38: - | AG38: - | AH38: 2 | AI38: =IF(AND($W38,$J38="○"),IF($K38="-",IF($U38<IF($AH38=5,$AL$4,$AL$3),$AH38,2),IF($K38=0,IF($U38<IF($AH38=5,$AL$4,$AL$3),IF(OR($AH38=1,$AH38=5),$AH38,3),3),IF(K38<IF($AH38=5,$AL$4,$AL$3),$AH38,IF($K38>$U38,4,2)))),2) -> 2 | AJ38: =IF(AI38=1,$AL$3,IF(AI38=5,$AL$4,IF(AI38=2,IF(K38="-",U38,K38),IF(AI38=3,U38,"×")))) -> 0 | AT38: =ROW()-ROW($AT$7) -> 31 | AU38: =AT38&" "&IF(AW38<>"-",【様式2】職員名簿!B69&"/"&AV38&"/"&AW38,"") -> 31 | AV38: =【様式2】職員名簿!E69 -> 0 | AW38: =IF(【様式2】職員名簿!J69="エラー","-",【様式2】職員名簿!J69) -> - | AX38: =IF($AV38="常勤",$AM$2,IF($AV38="非常勤",【様式2】職員名簿!G69,0)) -> 0 | AY38: =IF($AW38=AY$3,COUNTIF($AW$8:$AW38,AY$3),0) -> 0 | AZ38: =IFERROR(INDEX($AU$8:$AU$107,MATCH($AT38,AY$8:AY$107,0),1),"") | BA38: =IF($AW38=BA$3,COUNTIF($AW$8:$AW38,BA$3),0) -> 0 | BB38: =IFERROR(INDEX($AU$8:$AU$107,MATCH($AT38,BA$8:BA$107,0),1),"") | BC38: =IF($AW38=BC$3,COUNTIF($AW$8:$AW38,BC$3),0) -> 0 | BD38: =IFERROR(INDEX($AU$8:$AU$107,MATCH($AT38,BC$8:BC$107,0),1),"") | BE38: =IF(OR($AW38=BE$3,$AW38=BE$4),COUNTIF($AW$8:$AW38,BE$3)+COUNTIF($AW$8:$AW38,BE$4),0) -> 0 | BF38: =IFERROR(INDEX($AU$8:$AU$107,MATCH($AT38,BE$8:BE$107,0),1),"") | BG38: =IF($AW38=BG$3,COUNTIF($AW$8:$AW38,BG$3),0) -> 0 | BH38: =IFERROR(INDEX($AU$8:$AU$107,MATCH($AT38,BG$8:BG$107,0),1),"") | BI38: =IF($AW38<>BI$3,COUNTIF($AW$8:$AW38,"<>"&BI$3),0) -> 0 | BJ38: =IFERROR(INDEX($AU$8:$AU$107,MATCH($AT38,BI$8:BI$107,0),1),"")
A39: 項目 | D39: 担当（各補助金で計上する人件費相当を計上。ただし、通常給与で対応している分のみを計上し、超過勤務対応した分は除く） | N39: 合計(参考) | AT39: =ROW()-ROW($AT$7) -> 32 | AU39: =AT39&" "&IF(AW39<>"-",【様式2】職員名簿!B70&"/"&AV39&"/"&AW39,"") -> 32 | AV39: =【様式2】職員名簿!E70 -> 0 | AW39: =IF(【様式2】職員名簿!J70="エラー","-",【様式2】職員名簿!J70) -> - | AX39: =IF($AV39="常勤",$AM$2,IF($AV39="非常勤",【様式2】職員名簿!G70,0)) -> 0 | AY39: =IF($AW39=AY$3,COUNTIF($AW$8:$AW39,AY$3),0) -> 0 | AZ39: =IFERROR(INDEX($AU$8:$AU$107,MATCH($AT39,AY$8:AY$107,0),1),"") | BA39: =IF($AW39=BA$3,COUNTIF($AW$8:$AW39,BA$3),0) -> 0 | BB39: =IFERROR(INDEX($AU$8:$AU$107,MATCH($AT39,BA$8:BA$107,0),1),"") | BC39: =IF($AW39=BC$3,COUNTIF($AW$8:$AW39,BC$3),0) -> 0 | BD39: =IFERROR(INDEX($AU$8:$AU$107,MATCH($AT39,BC$8:BC$107,0),1),"") | BE39: =IF(OR($AW39=BE$3,$AW39=BE$4),COUNTIF($AW$8:$AW39,BE$3)+COUNTIF($AW$8:$AW39,BE$4),0) -> 0 | BF39: =IFERROR(INDEX($AU$8:$AU$107,MATCH($AT39,BE$8:BE$107,0),1),"") | BG39: =IF($AW39=BG$3,COUNTIF($AW$8:$AW39,BG$3),0) -> 0 | BH39: =IFERROR(INDEX($AU$8:$AU$107,MATCH($AT39,BG$8:BG$107,0),1),"") | BI39: =IF($AW39<>BI$3,COUNTIF($AW$8:$AW39,"<>"&BI$3),0) -> 0 | BJ39: =IFERROR(INDEX($AU$8:$AU$107,MATCH($AT39,BI$8:BI$107,0),1),"")
A40: 補助金名 | D40: 職種 | F40: 配置者/条件 | L40: 常勤換算数【人/月】 | AT40: =ROW()-ROW($AT$7) -> 33 | AU40: =AT40&" "&IF(AW40<>"-",【様式2】職員名簿!B71&"/"&AV40&"/"&AW40,"") -> 33 | AV40: =【様式2】職員名簿!E71 -> 0 | AW40: =IF(【様式2】職員名簿!J71="エラー","-",【様式2】職員名簿!J71) -> - | AX40: =IF($AV40="常勤",$AM$2,IF($AV40="非常勤",【様式2】職員名簿!G71,0)) -> 0 | AY40: =IF($AW40=AY$3,COUNTIF($AW$8:$AW40,AY$3),0) -> 0 | AZ40: =IFERROR(INDEX($AU$8:$AU$107,MATCH($AT40,AY$8:AY$107,0),1),"") | BA40: =IF($AW40=BA$3,COUNTIF($AW$8:$AW40,BA$3),0) -> 0 | BB40: =IFERROR(INDEX($AU$8:$AU$107,MATCH($AT40,BA$8:BA$107,0),1),"") | BC40: =IF($AW40=BC$3,COUNTIF($AW$8:$AW40,BC$3),0) -> 0 | BD40: =IFERROR(INDEX($AU$8:$AU$107,MATCH($AT40,BC$8:BC$107,0),1),"") | BE40: =IF(OR($AW40=BE$3,$AW40=BE$4),COUNTIF($AW$8:$AW40,BE$3)+COUNTIF($AW$8:$AW40,BE$4),0) -> 0 | BF40: =IFERROR(INDEX($AU$8:$AU$107,MATCH($AT40,BE$8:BE$107,0),1),"") | BG40: =IF($AW40=BG$3,COUNTIF($AW$8:$AW40,BG$3),0) -> 0 | BH40: =IFERROR(INDEX($AU$8:$AU$107,MATCH($AT40,BG$8:BG$107,0),1),"") | BI40: =IF($AW40<>BI$3,COUNTIF($AW$8:$AW40,"<>"&BI$3),0) -> 0 | BJ40: =IFERROR(INDEX($AU$8:$AU$107,MATCH($AT40,BI$8:BI$107,0),1),"")
F41: 担当者名 | I41: 勤務時間【時間】 | J41: 確認 | K41: 担当時間【時間】 | AT41: =ROW()-ROW($AT$7) -> 34 | AU41: =AT41&" "&IF(AW41<>"-",【様式2】職員名簿!B72&"/"&AV41&"/"&AW41,"") -> 34 | AV41: =【様式2】職員名簿!E72 -> 0 | AW41: =IF(【様式2】職員名簿!J72="エラー","-",【様式2】職員名簿!J72) -> - | AX41: =IF($AV41="常勤",$AM$2,IF($AV41="非常勤",【様式2】職員名簿!G72,0)) -> 0 | AY41: =IF($AW41=AY$3,COUNTIF($AW$8:$AW41,AY$3),0) -> 0 | AZ41: =IFERROR(INDEX($AU$8:$AU$107,MATCH($AT41,AY$8:AY$107,0),1),"") | BA41: =IF($AW41=BA$3,COUNTIF($AW$8:$AW41,BA$3),0) -> 0 | BB41: =IFERROR(INDEX($AU$8:$AU$107,MATCH($AT41,BA$8:BA$107,0),1),"") | BC41: =IF($AW41=BC$3,COUNTIF($AW$8:$AW41,BC$3),0) -> 0 | BD41: =IFERROR(INDEX($AU$8:$AU$107,MATCH($AT41,BC$8:BC$107,0),1),"") | BE41: =IF(OR($AW41=BE$3,$AW41=BE$4),COUNTIF($AW$8:$AW41,BE$3)+COUNTIF($AW$8:$AW41,BE$4),0) -> 0 | BF41: =IFERROR(INDEX($AU$8:$AU$107,MATCH($AT41,BE$8:BE$107,0),1),"") | BG41: =IF($AW41=BG$3,COUNTIF($AW$8:$AW41,BG$3),0) -> 0 | BH41: =IFERROR(INDEX($AU$8:$AU$107,MATCH($AT41,BG$8:BG$107,0),1),"") | BI41: =IF($AW41<>BI$3,COUNTIF($AW$8:$AW41,"<>"&BI$3),0) -> 0 | BJ41: =IFERROR(INDEX($AU$8:$AU$107,MATCH($AT41,BI$8:BI$107,0),1),"")
A42: 時間外保育促進事業費等補助金 | D42: =T42 -> 全職種 | I42: =IF(OR(NOT(W42),U42=0),"",U42) | J42: =IF(OR(F42=0,F42=""),"",IF(W42,IF(X42,IF(OR(Y42,V42=3),IF(AD42,IF(OR(AE42,V42=2,V42=3),"○","要常勤"),"時間無"),"重複"),"名簿無"),"対象外")) | L42: =IF(AI42=1,"調整①→",IF(AI42=5,"調整②→",IF(AI42=2,"",IF(AI42=3,"全計上→","エラー")))) | M42: =IF(OR(AND(J42<>"",J42<>"○"),AI42=4),"×",IF(J42="",0,AJ42/$AM$2)) -> 0 | N42: =SUM(M42:M46) -> 0 | T42: =$BJ$6 -> 全職種 | U42: =IFERROR(VLOOKUP($F42,$AU$8:$AX$107,4,FALSE),0) -> 0 | V42: 2 | W42: =ISTEXT(F42) -> FALSE | X42: =COUNTIF(INDIRECT(T42),F42)>0 -> FALSE | Y42: =COUNTIF($AC$17:AC41,AC42)+COUNTIF(AC43:$AC$65,AC42)-COUNTIF(Z42:AB42,AC42)=0 -> FALSE | Z42: - | AA42: - | AB42: - | AC42: =IF(V42=3,0,IFERROR(INDEX($AT$8:$AT$107,MATCH($F42,AU$8:AU$107,0),1),0)) -> 0 | AD42: =U42>0 -> FALSE | AE42: =IFERROR(VLOOKUP($F42,$AU$8:$AX$107,2,FALSE),"")="常勤" -> FALSE | AF42: =IFERROR(VLOOKUP($F42,$AU$8:$AX$107,3,FALSE),"") | AG42: =M42 -> 0 | AH42: 2 | AI42: =IF(AND($W42,$J42="○"),IF($K42="-",IF($U42<IF($AH42=5,$AL$4,$AL$3),$AH42,2),IF($K42=0,IF($U42<IF($AH42=5,$AL$4,$AL$3),IF(OR($AH42=1,$AH42=5),$AH42,3),3),IF(K42<IF($AH42=5,$AL$4,$AL$3),$AH42,IF($K42>$U42,4,2)))),2) -> 2 | AJ42: =IF(AI42=1,$AL$3,IF(AI42=5,$AL$4,IF(AI42=2,IF(K42="-",U42,K42),IF(AI42=3,U42,"×")))) -> 0 | AT42: =ROW()-ROW($AT$7) -> 35 | AU42: =AT42&" "&IF(AW42<>"-",【様式2】職員名簿!B73&"/"&AV42&"/"&AW42,"") -> 35 | AV42: =【様式2】職員名簿!E73 -> 0 | AW42: =IF(【様式2】職員名簿!J73="エラー","-",【様式2】職員名簿!J73) -> - | AX42: =IF($AV42="常勤",$AM$2,IF($AV42="非常勤",【様式2】職員名簿!G73,0)) -> 0 | AY42: =IF($AW42=AY$3,COUNTIF($AW$8:$AW42,AY$3),0) -> 0 | AZ42: =IFERROR(INDEX($AU$8:$AU$107,MATCH($AT42,AY$8:AY$107,0),1),"") | BA42: =IF($AW42=BA$3,COUNTIF($AW$8:$AW42,BA$3),0) -> 0 | BB42: =IFERROR(INDEX($AU$8:$AU$107,MATCH($AT42,BA$8:BA$107,0),1),"") | BC42: =IF($AW42=BC$3,COUNTIF($AW$8:$AW42,BC$3),0) -> 0 | BD42: =IFERROR(INDEX($AU$8:$AU$107,MATCH($AT42,BC$8:BC$107,0),1),"") | BE42: =IF(OR($AW42=BE$3,$AW42=BE$4),COUNTIF($AW$8:$AW42,BE$3)+COUNTIF($AW$8:$AW42,BE$4),0) -> 0 | BF42: =IFERROR(INDEX($AU$8:$AU$107,MATCH($AT42,BE$8:BE$107,0),1),"") | BG42: =IF($AW42=BG$3,COUNTIF($AW$8:$AW42,BG$3),0) -> 0 | BH42: =IFERROR(INDEX($AU$8:$AU$107,MATCH($AT42,BG$8:BG$107,0),1),"") | BI42: =IF($AW42<>BI$3,COUNTIF($AW$8:$AW42,"<>"&BI$3),0) -> 0 | BJ42: =IFERROR(INDEX($AU$8:$AU$107,MATCH($AT42,BI$8:BI$107,0),1),"")
D43: =T43 -> 全職種 | I43: =IF(OR(NOT(W43),U43=0),"",U43) | J43: =IF(OR(F43=0,F43=""),"",IF(W43,IF(X43,IF(OR(Y43,V43=3),IF(AD43,IF(OR(AE43,V43=2,V43=3),"○","要常勤"),"時間無"),"重複"),"名簿無"),"対象外")) | L43: =IF(AI43=1,"調整①→",IF(AI43=5,"調整②→",IF(AI43=2,"",IF(AI43=3,"全計上→","エラー")))) | M43: =IF(OR(AND(J43<>"",J43<>"○"),AI43=4),"×",IF(J43="",0,AJ43/$AM$2)) -> 0 | T43: =$BJ$6 -> 全職種 | U43: =IFERROR(VLOOKUP($F43,$AU$8:$AX$107,4,FALSE),0) -> 0 | V43: 2 | W43: =ISTEXT(F43) -> FALSE | X43: =COUNTIF(INDIRECT(T43),F43)>0 -> FALSE | Y43: =COUNTIF($AC$17:AC42,AC43)+COUNTIF(AC44:$AC$65,AC43)-COUNTIF(Z43:AB43,AC43)=0 -> FALSE | Z43: - | AA43: - | AB43: - | AC43: =IF(V43=3,0,IFERROR(INDEX($AT$8:$AT$107,MATCH($F43,AU$8:AU$107,0),1),0)) -> 0 | AD43: =U43>0 -> FALSE | AE43: =IFERROR(VLOOKUP($F43,$AU$8:$AX$107,2,FALSE),"")="常勤" -> FALSE | AF43: =IFERROR(VLOOKUP($F43,$AU$8:$AX$107,3,FALSE),"") | AG43: =M43 -> 0 | AH43: 2 | AI43: =IF(AND($W43,$J43="○"),IF($K43="-",IF($U43<IF($AH43=5,$AL$4,$AL$3),$AH43,2),IF($K43=0,IF($U43<IF($AH43=5,$AL$4,$AL$3),IF(OR($AH43=1,$AH43=5),$AH43,3),3),IF(K43<IF($AH43=5,$AL$4,$AL$3),$AH43,IF($K43>$U43,4,2)))),2) -> 2 | AJ43: =IF(AI43=1,$AL$3,IF(AI43=5,$AL$4,IF(AI43=2,IF(K43="-",U43,K43),IF(AI43=3,U43,"×")))) -> 0 | AT43: =ROW()-ROW($AT$7) -> 36 | AU43: =AT43&" "&IF(AW43<>"-",【様式2】職員名簿!B74&"/"&AV43&"/"&AW43,"") -> 36 | AV43: =【様式2】職員名簿!E74 -> 0 | AW43: =IF(【様式2】職員名簿!J74="エラー","-",【様式2】職員名簿!J74) -> - | AX43: =IF($AV43="常勤",$AM$2,IF($AV43="非常勤",【様式2】職員名簿!G74,0)) -> 0 | AY43: =IF($AW43=AY$3,COUNTIF($AW$8:$AW43,AY$3),0) -> 0 | AZ43: =IFERROR(INDEX($AU$8:$AU$107,MATCH($AT43,AY$8:AY$107,0),1),"") | BA43: =IF($AW43=BA$3,COUNTIF($AW$8:$AW43,BA$3),0) -> 0 | BB43: =IFERROR(INDEX($AU$8:$AU$107,MATCH($AT43,BA$8:BA$107,0),1),"") | BC43: =IF($AW43=BC$3,COUNTIF($AW$8:$AW43,BC$3),0) -> 0 | BD43: =IFERROR(INDEX($AU$8:$AU$107,MATCH($AT43,BC$8:BC$107,0),1),"") | BE43: =IF(OR($AW43=BE$3,$AW43=BE$4),COUNTIF($AW$8:$AW43,BE$3)+COUNTIF($AW$8:$AW43,BE$4),0) -> 0 | BF43: =IFERROR(INDEX($AU$8:$AU$107,MATCH($AT43,BE$8:BE$107,0),1),"") | BG43: =IF($AW43=BG$3,COUNTIF($AW$8:$AW43,BG$3),0) -> 0 | BH43: =IFERROR(INDEX($AU$8:$AU$107,MATCH($AT43,BG$8:BG$107,0),1),"") | BI43: =IF($AW43<>BI$3,COUNTIF($AW$8:$AW43,"<>"&BI$3),0) -> 0 | BJ43: =IFERROR(INDEX($AU$8:$AU$107,MATCH($AT43,BI$8:BI$107,0),1),"")
D44: =T44 -> 全職種 | I44: =IF(OR(NOT(W44),U44=0),"",U44) | J44: =IF(OR(F44=0,F44=""),"",IF(W44,IF(X44,IF(OR(Y44,V44=3),IF(AD44,IF(OR(AE44,V44=2,V44=3),"○","要常勤"),"時間無"),"重複"),"名簿無"),"対象外")) | L44: =IF(AI44=1,"調整①→",IF(AI44=5,"調整②→",IF(AI44=2,"",IF(AI44=3,"全計上→","エラー")))) | M44: =IF(OR(AND(J44<>"",J44<>"○"),AI44=4),"×",IF(J44="",0,AJ44/$AM$2)) -> 0 | T44: =$BJ$6 -> 全職種 | U44: =IFERROR(VLOOKUP($F44,$AU$8:$AX$107,4,FALSE),0) -> 0 | V44: 2 | W44: =ISTEXT(F44) -> FALSE | X44: =COUNTIF(INDIRECT(T44),F44)>0 -> FALSE | Y44: =COUNTIF($AC$17:AC43,AC44)+COUNTIF(AC45:$AC$65,AC44)-COUNTIF(Z44:AB44,AC44)=0 -> FALSE | Z44: - | AA44: - | AB44: - | AC44: =IF(V44=3,0,IFERROR(INDEX($AT$8:$AT$107,MATCH($F44,AU$8:AU$107,0),1),0)) -> 0 | AD44: =U44>0 -> FALSE | AE44: =IFERROR(VLOOKUP($F44,$AU$8:$AX$107,2,FALSE),"")="常勤" -> FALSE | AF44: =IFERROR(VLOOKUP($F44,$AU$8:$AX$107,3,FALSE),"") | AG44: =M44 -> 0 | AH44: 2 | AI44: =IF(AND($W44,$J44="○"),IF($K44="-",IF($U44<IF($AH44=5,$AL$4,$AL$3),$AH44,2),IF($K44=0,IF($U44<IF($AH44=5,$AL$4,$AL$3),IF(OR($AH44=1,$AH44=5),$AH44,3),3),IF(K44<IF($AH44=5,$AL$4,$AL$3),$AH44,IF($K44>$U44,4,2)))),2) -> 2 | AJ44: =IF(AI44=1,$AL$3,IF(AI44=5,$AL$4,IF(AI44=2,IF(K44="-",U44,K44),IF(AI44=3,U44,"×")))) -> 0 | AT44: =ROW()-ROW($AT$7) -> 37 | AU44: =AT44&" "&IF(AW44<>"-",【様式2】職員名簿!B75&"/"&AV44&"/"&AW44,"") -> 37 | AV44: =【様式2】職員名簿!E75 -> 0 | AW44: =IF(【様式2】職員名簿!J75="エラー","-",【様式2】職員名簿!J75) -> - | AX44: =IF($AV44="常勤",$AM$2,IF($AV44="非常勤",【様式2】職員名簿!G75,0)) -> 0 | AY44: =IF($AW44=AY$3,COUNTIF($AW$8:$AW44,AY$3),0) -> 0 | AZ44: =IFERROR(INDEX($AU$8:$AU$107,MATCH($AT44,AY$8:AY$107,0),1),"") | BA44: =IF($AW44=BA$3,COUNTIF($AW$8:$AW44,BA$3),0) -> 0 | BB44: =IFERROR(INDEX($AU$8:$AU$107,MATCH($AT44,BA$8:BA$107,0),1),"") | BC44: =IF($AW44=BC$3,COUNTIF($AW$8:$AW44,BC$3),0) -> 0 | BD44: =IFERROR(INDEX($AU$8:$AU$107,MATCH($AT44,BC$8:BC$107,0),1),"") | BE44: =IF(OR($AW44=BE$3,$AW44=BE$4),COUNTIF($AW$8:$AW44,BE$3)+COUNTIF($AW$8:$AW44,BE$4),0) -> 0 | BF44: =IFERROR(INDEX($AU$8:$AU$107,MATCH($AT44,BE$8:BE$107,0),1),"") | BG44: =IF($AW44=BG$3,COUNTIF($AW$8:$AW44,BG$3),0) -> 0 | BH44: =IFERROR(INDEX($AU$8:$AU$107,MATCH($AT44,BG$8:BG$107,0),1),"") | BI44: =IF($AW44<>BI$3,COUNTIF($AW$8:$AW44,"<>"&BI$3),0) -> 0 | BJ44: =IFERROR(INDEX($AU$8:$AU$107,MATCH($AT44,BI$8:BI$107,0),1),"")
D45: =T45 -> 全職種 | I45: =IF(OR(NOT(W45),U45=0),"",U45) | J45: =IF(OR(F45=0,F45=""),"",IF(W45,IF(X45,IF(OR(Y45,V45=3),IF(AD45,IF(OR(AE45,V45=2,V45=3),"○","要常勤"),"時間無"),"重複"),"名簿無"),"対象外")) | L45: =IF(AI45=1,"調整①→",IF(AI45=5,"調整②→",IF(AI45=2,"",IF(AI45=3,"全計上→","エラー")))) | M45: =IF(OR(AND(J45<>"",J45<>"○"),AI45=4),"×",IF(J45="",0,AJ45/$AM$2)) -> 0 | T45: =$BJ$6 -> 全職種 | U45: =IFERROR(VLOOKUP($F45,$AU$8:$AX$107,4,FALSE),0) -> 0 | V45: 2 | W45: =ISTEXT(F45) -> FALSE | X45: =COUNTIF(INDIRECT(T45),F45)>0 -> FALSE | Y45: =COUNTIF($AC$17:AC44,AC45)+COUNTIF(AC46:$AC$65,AC45)-COUNTIF(Z45:AB45,AC45)=0 -> FALSE | Z45: - | AA45: - | AB45: - | AC45: =IF(V45=3,0,IFERROR(INDEX($AT$8:$AT$107,MATCH($F45,AU$8:AU$107,0),1),0)) -> 0 | AD45: =U45>0 -> FALSE | AE45: =IFERROR(VLOOKUP($F45,$AU$8:$AX$107,2,FALSE),"")="常勤" -> FALSE | AF45: =IFERROR(VLOOKUP($F45,$AU$8:$AX$107,3,FALSE),"") | AG45: =M45 -> 0 | AH45: 2 | AI45: =IF(AND($W45,$J45="○"),IF($K45="-",IF($U45<IF($AH45=5,$AL$4,$AL$3),$AH45,2),IF($K45=0,IF($U45<IF($AH45=5,$AL$4,$AL$3),IF(OR($AH45=1,$AH45=5),$AH45,3),3),IF(K45<IF($AH45=5,$AL$4,$AL$3),$AH45,IF($K45>$U45,4,2)))),2) -> 2 | AJ45: =IF(AI45=1,$AL$3,IF(AI45=5,$AL$4,IF(AI45=2,IF(K45="-",U45,K45),IF(AI45=3,U45,"×")))) -> 0 | AT45: =ROW()-ROW($AT$7) -> 38 | AU45: =AT45&" "&IF(AW45<>"-",【様式2】職員名簿!B76&"/"&AV45&"/"&AW45,"") -> 38 | AV45: =【様式2】職員名簿!E76 -> 0 | AW45: =IF(【様式2】職員名簿!J76="エラー","-",【様式2】職員名簿!J76) -> - | AX45: =IF($AV45="常勤",$AM$2,IF($AV45="非常勤",【様式2】職員名簿!G76,0)) -> 0 | AY45: =IF($AW45=AY$3,COUNTIF($AW$8:$AW45,AY$3),0) -> 0 | AZ45: =IFERROR(INDEX($AU$8:$AU$107,MATCH($AT45,AY$8:AY$107,0),1),"") | BA45: =IF($AW45=BA$3,COUNTIF($AW$8:$AW45,BA$3),0) -> 0 | BB45: =IFERROR(INDEX($AU$8:$AU$107,MATCH($AT45,BA$8:BA$107,0),1),"") | BC45: =IF($AW45=BC$3,COUNTIF($AW$8:$AW45,BC$3),0) -> 0 | BD45: =IFERROR(INDEX($AU$8:$AU$107,MATCH($AT45,BC$8:BC$107,0),1),"") | BE45: =IF(OR($AW45=BE$3,$AW45=BE$4),COUNTIF($AW$8:$AW45,BE$3)+COUNTIF($AW$8:$AW45,BE$4),0) -> 0 | BF45: =IFERROR(INDEX($AU$8:$AU$107,MATCH($AT45,BE$8:BE$107,0),1),"") | BG45: =IF($AW45=BG$3,COUNTIF($AW$8:$AW45,BG$3),0) -> 0 | BH45: =IFERROR(INDEX($AU$8:$AU$107,MATCH($AT45,BG$8:BG$107,0),1),"") | BI45: =IF($AW45<>BI$3,COUNTIF($AW$8:$AW45,"<>"&BI$3),0) -> 0 | BJ45: =IFERROR(INDEX($AU$8:$AU$107,MATCH($AT45,BI$8:BI$107,0),1),"")
D46: =T46 -> 全職種 | I46: =IF(OR(NOT(W46),U46=0),"",U46) | J46: =IF(OR(F46=0,F46=""),"",IF(W46,IF(X46,IF(OR(Y46,V46=3),IF(AD46,IF(OR(AE46,V46=2,V46=3),"○","要常勤"),"時間無"),"重複"),"名簿無"),"対象外")) | L46: =IF(AI46=1,"調整①→",IF(AI46=5,"調整②→",IF(AI46=2,"",IF(AI46=3,"全計上→","エラー")))) | M46: =IF(OR(AND(J46<>"",J46<>"○"),AI46=4),"×",IF(J46="",0,AJ46/$AM$2)) -> 0 | T46: =$BJ$6 -> 全職種 | U46: =IFERROR(VLOOKUP($F46,$AU$8:$AX$107,4,FALSE),0) -> 0 | V46: 2 | W46: =ISTEXT(F46) -> FALSE | X46: =COUNTIF(INDIRECT(T46),F46)>0 -> FALSE | Y46: =COUNTIF($AC$17:AC45,AC46)+COUNTIF(AC47:$AC$65,AC46)-COUNTIF(Z46:AB46,AC46)=0 -> FALSE | Z46: - | AA46: - | AB46: - | AC46: =IF(V46=3,0,IFERROR(INDEX($AT$8:$AT$107,MATCH($F46,AU$8:AU$107,0),1),0)) -> 0 | AD46: =U46>0 -> FALSE | AE46: =IFERROR(VLOOKUP($F46,$AU$8:$AX$107,2,FALSE),"")="常勤" -> FALSE | AF46: =IFERROR(VLOOKUP($F46,$AU$8:$AX$107,3,FALSE),"") | AG46: =M46 -> 0 | AH46: 2 | AI46: =IF(AND($W46,$J46="○"),IF($K46="-",IF($U46<IF($AH46=5,$AL$4,$AL$3),$AH46,2),IF($K46=0,IF($U46<IF($AH46=5,$AL$4,$AL$3),IF(OR($AH46=1,$AH46=5),$AH46,3),3),IF(K46<IF($AH46=5,$AL$4,$AL$3),$AH46,IF($K46>$U46,4,2)))),2) -> 2 | AJ46: =IF(AI46=1,$AL$3,IF(AI46=5,$AL$4,IF(AI46=2,IF(K46="-",U46,K46),IF(AI46=3,U46,"×")))) -> 0 | AT46: =ROW()-ROW($AT$7) -> 39 | AU46: =AT46&" "&IF(AW46<>"-",【様式2】職員名簿!B77&"/"&AV46&"/"&AW46,"") -> 39 | AV46: =【様式2】職員名簿!E77 -> 0 | AW46: =IF(【様式2】職員名簿!J77="エラー","-",【様式2】職員名簿!J77) -> - | AX46: =IF($AV46="常勤",$AM$2,IF($AV46="非常勤",【様式2】職員名簿!G77,0)) -> 0 | AY46: =IF($AW46=AY$3,COUNTIF($AW$8:$AW46,AY$3),0) -> 0 | AZ46: =IFERROR(INDEX($AU$8:$AU$107,MATCH($AT46,AY$8:AY$107,0),1),"") | BA46: =IF($AW46=BA$3,COUNTIF($AW$8:$AW46,BA$3),0) -> 0 | BB46: =IFERROR(INDEX($AU$8:$AU$107,MATCH($AT46,BA$8:BA$107,0),1),"") | BC46: =IF($AW46=BC$3,COUNTIF($AW$8:$AW46,BC$3),0) -> 0 | BD46: =IFERROR(INDEX($AU$8:$AU$107,MATCH($AT46,BC$8:BC$107,0),1),"") | BE46: =IF(OR($AW46=BE$3,$AW46=BE$4),COUNTIF($AW$8:$AW46,BE$3)+COUNTIF($AW$8:$AW46,BE$4),0) -> 0 | BF46: =IFERROR(INDEX($AU$8:$AU$107,MATCH($AT46,BE$8:BE$107,0),1),"") | BG46: =IF($AW46=BG$3,COUNTIF($AW$8:$AW46,BG$3),0) -> 0 | BH46: =IFERROR(INDEX($AU$8:$AU$107,MATCH($AT46,BG$8:BG$107,0),1),"") | BI46: =IF($AW46<>BI$3,COUNTIF($AW$8:$AW46,"<>"&BI$3),0) -> 0 | BJ46: =IFERROR(INDEX($AU$8:$AU$107,MATCH($AT46,BI$8:BI$107,0),1),"")
A47: 産休等代替職員雇用費補助金 | D47: =T47 -> 全職種 | I47: =IF(OR(NOT(W47),U47=0),"",U47) | J47: =IF(OR(F47=0,F47=""),"",IF(W47,IF(X47,IF(OR(Y47,V47=3),IF(AD47,IF(OR(AE47,V47=2,V47=3),"○","要常勤"),"時間無"),"重複"),"名簿無"),"対象外")) | L47: =IF(AI47=1,"調整①→",IF(AI47=5,"調整②→",IF(AI47=2,"",IF(AI47=3,"全計上→","エラー")))) | M47: =IF(OR(AND(J47<>"",J47<>"○"),AI47=4),"×",IF(J47="",0,AJ47/$AM$2)) -> 0 | N47: =SUM(M47:M49) -> 0 | T47: =$BJ$6 -> 全職種 | U47: =IFERROR(VLOOKUP($F47,$AU$8:$AX$107,4,FALSE),0) -> 0 | V47: 2 | W47: =ISTEXT(F47) -> FALSE | X47: =COUNTIF(INDIRECT(T47),F47)>0 -> FALSE | Y47: =COUNTIF($AC$17:AC46,AC47)+COUNTIF(AC48:$AC$65,AC47)-COUNTIF(Z47:AB47,AC47)=0 -> FALSE | Z47: - | AA47: - | AB47: - | AC47: =IF(V47=3,0,IFERROR(INDEX($AT$8:$AT$107,MATCH($F47,AU$8:AU$107,0),1),0)) -> 0 | AD47: =U47>0 -> FALSE | AE47: =IFERROR(VLOOKUP($F47,$AU$8:$AX$107,2,FALSE),"")="常勤" -> FALSE | AF47: =IFERROR(VLOOKUP($F47,$AU$8:$AX$107,3,FALSE),"") | AG47: =M47 -> 0 | AH47: 2 | AI47: =IF(AND($W47,$J47="○"),IF($K47="-",IF($U47<IF($AH47=5,$AL$4,$AL$3),$AH47,2),IF($K47=0,IF($U47<IF($AH47=5,$AL$4,$AL$3),IF(OR($AH47=1,$AH47=5),$AH47,3),3),IF(K47<IF($AH47=5,$AL$4,$AL$3),$AH47,IF($K47>$U47,4,2)))),2) -> 2 | AJ47: =IF(AI47=1,$AL$3,IF(AI47=5,$AL$4,IF(AI47=2,IF(K47="-",U47,K47),IF(AI47=3,U47,"×")))) -> 0 | AT47: =ROW()-ROW($AT$7) -> 40 | AU47: =AT47&" "&IF(AW47<>"-",【様式2】職員名簿!B78&"/"&AV47&"/"&AW47,"") -> 40 | AV47: =【様式2】職員名簿!E78 -> 0 | AW47: =IF(【様式2】職員名簿!J78="エラー","-",【様式2】職員名簿!J78) -> - | AX47: =IF($AV47="常勤",$AM$2,IF($AV47="非常勤",【様式2】職員名簿!G78,0)) -> 0 | AY47: =IF($AW47=AY$3,COUNTIF($AW$8:$AW47,AY$3),0) -> 0 | AZ47: =IFERROR(INDEX($AU$8:$AU$107,MATCH($AT47,AY$8:AY$107,0),1),"") | BA47: =IF($AW47=BA$3,COUNTIF($AW$8:$AW47,BA$3),0) -> 0 | BB47: =IFERROR(INDEX($AU$8:$AU$107,MATCH($AT47,BA$8:BA$107,0),1),"") | BC47: =IF($AW47=BC$3,COUNTIF($AW$8:$AW47,BC$3),0) -> 0 | BD47: =IFERROR(INDEX($AU$8:$AU$107,MATCH($AT47,BC$8:BC$107,0),1),"") | BE47: =IF(OR($AW47=BE$3,$AW47=BE$4),COUNTIF($AW$8:$AW47,BE$3)+COUNTIF($AW$8:$AW47,BE$4),0) -> 0 | BF47: =IFERROR(INDEX($AU$8:$AU$107,MATCH($AT47,BE$8:BE$107,0),1),"") | BG47: =IF($AW47=BG$3,COUNTIF($AW$8:$AW47,BG$3),0) -> 0 | BH47: =IFERROR(INDEX($AU$8:$AU$107,MATCH($AT47,BG$8:BG$107,0),1),"") | BI47: =IF($AW47<>BI$3,COUNTIF($AW$8:$AW47,"<>"&BI$3),0) -> 0 | BJ47: =IFERROR(INDEX($AU$8:$AU$107,MATCH($AT47,BI$8:BI$107,0),1),"")
D48: =T48 -> 全職種 | I48: =IF(OR(NOT(W48),U48=0),"",U48) | J48: =IF(OR(F48=0,F48=""),"",IF(W48,IF(X48,IF(OR(Y48,V48=3),IF(AD48,IF(OR(AE48,V48=2,V48=3),"○","要常勤"),"時間無"),"重複"),"名簿無"),"対象外")) | L48: =IF(AI48=1,"調整①→",IF(AI48=5,"調整②→",IF(AI48=2,"",IF(AI48=3,"全計上→","エラー")))) | M48: =IF(OR(AND(J48<>"",J48<>"○"),AI48=4),"×",IF(J48="",0,AJ48/$AM$2)) -> 0 | T48: =$BJ$6 -> 全職種 | U48: =IFERROR(VLOOKUP($F48,$AU$8:$AX$107,4,FALSE),0) -> 0 | V48: 2 | W48: =ISTEXT(F48) -> FALSE | X48: =COUNTIF(INDIRECT(T48),F48)>0 -> FALSE | Y48: =COUNTIF($AC$17:AC47,AC48)+COUNTIF(AC49:$AC$65,AC48)-COUNTIF(Z48:AB48,AC48)=0 -> FALSE | Z48: - | AA48: - | AB48: - | AC48: =IF(V48=3,0,IFERROR(INDEX($AT$8:$AT$107,MATCH($F48,AU$8:AU$107,0),1),0)) -> 0 | AD48: =U48>0 -> FALSE | AE48: =IFERROR(VLOOKUP($F48,$AU$8:$AX$107,2,FALSE),"")="常勤" -> FALSE | AF48: =IFERROR(VLOOKUP($F48,$AU$8:$AX$107,3,FALSE),"") | AG48: =M48 -> 0 | AH48: 2 | AI48: =IF(AND($W48,$J48="○"),IF($K48="-",IF($U48<IF($AH48=5,$AL$4,$AL$3),$AH48,2),IF($K48=0,IF($U48<IF($AH48=5,$AL$4,$AL$3),IF(OR($AH48=1,$AH48=5),$AH48,3),3),IF(K48<IF($AH48=5,$AL$4,$AL$3),$AH48,IF($K48>$U48,4,2)))),2) -> 2 | AJ48: =IF(AI48=1,$AL$3,IF(AI48=5,$AL$4,IF(AI48=2,IF(K48="-",U48,K48),IF(AI48=3,U48,"×")))) -> 0 | AT48: =ROW()-ROW($AT$7) -> 41 | AU48: =AT48&" "&IF(AW48<>"-",【様式2】職員名簿!B79&"/"&AV48&"/"&AW48,"") -> 41 | AV48: =【様式2】職員名簿!E79 -> 0 | AW48: =IF(【様式2】職員名簿!J79="エラー","-",【様式2】職員名簿!J79) -> - | AX48: =IF($AV48="常勤",$AM$2,IF($AV48="非常勤",【様式2】職員名簿!G79,0)) -> 0 | AY48: =IF($AW48=AY$3,COUNTIF($AW$8:$AW48,AY$3),0) -> 0 | AZ48: =IFERROR(INDEX($AU$8:$AU$107,MATCH($AT48,AY$8:AY$107,0),1),"") | BA48: =IF($AW48=BA$3,COUNTIF($AW$8:$AW48,BA$3),0) -> 0 | BB48: =IFERROR(INDEX($AU$8:$AU$107,MATCH($AT48,BA$8:BA$107,0),1),"") | BC48: =IF($AW48=BC$3,COUNTIF($AW$8:$AW48,BC$3),0) -> 0 | BD48: =IFERROR(INDEX($AU$8:$AU$107,MATCH($AT48,BC$8:BC$107,0),1),"") | BE48: =IF(OR($AW48=BE$3,$AW48=BE$4),COUNTIF($AW$8:$AW48,BE$3)+COUNTIF($AW$8:$AW48,BE$4),0) -> 0 | BF48: =IFERROR(INDEX($AU$8:$AU$107,MATCH($AT48,BE$8:BE$107,0),1),"") | BG48: =IF($AW48=BG$3,COUNTIF($AW$8:$AW48,BG$3),0) -> 0 | BH48: =IFERROR(INDEX($AU$8:$AU$107,MATCH($AT48,BG$8:BG$107,0),1),"") | BI48: =IF($AW48<>BI$3,COUNTIF($AW$8:$AW48,"<>"&BI$3),0) -> 0 | BJ48: =IFERROR(INDEX($AU$8:$AU$107,MATCH($AT48,BI$8:BI$107,0),1),"")
D49: =T49 -> 全職種 | I49: =IF(OR(NOT(W49),U49=0),"",U49) | J49: =IF(OR(F49=0,F49=""),"",IF(W49,IF(X49,IF(OR(Y49,V49=3),IF(AD49,IF(OR(AE49,V49=2,V49=3),"○","要常勤"),"時間無"),"重複"),"名簿無"),"対象外")) | L49: =IF(AI49=1,"調整①→",IF(AI49=5,"調整②→",IF(AI49=2,"",IF(AI49=3,"全計上→","エラー")))) | M49: =IF(OR(AND(J49<>"",J49<>"○"),AI49=4),"×",IF(J49="",0,AJ49/$AM$2)) -> 0 | T49: =$BJ$6 -> 全職種 | U49: =IFERROR(VLOOKUP($F49,$AU$8:$AX$107,4,FALSE),0) -> 0 | V49: 2 | W49: =ISTEXT(F49) -> FALSE | X49: =COUNTIF(INDIRECT(T49),F49)>0 -> FALSE | Y49: =COUNTIF($AC$17:AC48,AC49)+COUNTIF(AC50:$AC$65,AC49)-COUNTIF(Z49:AB49,AC49)=0 -> FALSE | Z49: - | AA49: - | AB49: - | AC49: =IF(V49=3,0,IFERROR(INDEX($AT$8:$AT$107,MATCH($F49,AU$8:AU$107,0),1),0)) -> 0 | AD49: =U49>0 -> FALSE | AE49: =IFERROR(VLOOKUP($F49,$AU$8:$AX$107,2,FALSE),"")="常勤" -> FALSE | AF49: =IFERROR(VLOOKUP($F49,$AU$8:$AX$107,3,FALSE),"") | AG49: =M49 -> 0 | AH49: 2 | AI49: =IF(AND($W49,$J49="○"),IF($K49="-",IF($U49<IF($AH49=5,$AL$4,$AL$3),$AH49,2),IF($K49=0,IF($U49<IF($AH49=5,$AL$4,$AL$3),IF(OR($AH49=1,$AH49=5),$AH49,3),3),IF(K49<IF($AH49=5,$AL$4,$AL$3),$AH49,IF($K49>$U49,4,2)))),2) -> 2 | AJ49: =IF(AI49=1,$AL$3,IF(AI49=5,$AL$4,IF(AI49=2,IF(K49="-",U49,K49),IF(AI49=3,U49,"×")))) -> 0 | AT49: =ROW()-ROW($AT$7) -> 42 | AU49: =AT49&" "&IF(AW49<>"-",【様式2】職員名簿!B80&"/"&AV49&"/"&AW49,"") -> 42 | AV49: =【様式2】職員名簿!E80 -> 0 | AW49: =IF(【様式2】職員名簿!J80="エラー","-",【様式2】職員名簿!J80) -> - | AX49: =IF($AV49="常勤",$AM$2,IF($AV49="非常勤",【様式2】職員名簿!G80,0)) -> 0 | AY49: =IF($AW49=AY$3,COUNTIF($AW$8:$AW49,AY$3),0) -> 0 | AZ49: =IFERROR(INDEX($AU$8:$AU$107,MATCH($AT49,AY$8:AY$107,0),1),"") | BA49: =IF($AW49=BA$3,COUNTIF($AW$8:$AW49,BA$3),0) -> 0 | BB49: =IFERROR(INDEX($AU$8:$AU$107,MATCH($AT49,BA$8:BA$107,0),1),"") | BC49: =IF($AW49=BC$3,COUNTIF($AW$8:$AW49,BC$3),0) -> 0 | BD49: =IFERROR(INDEX($AU$8:$AU$107,MATCH($AT49,BC$8:BC$107,0),1),"") | BE49: =IF(OR($AW49=BE$3,$AW49=BE$4),COUNTIF($AW$8:$AW49,BE$3)+COUNTIF($AW$8:$AW49,BE$4),0) -> 0 | BF49: =IFERROR(INDEX($AU$8:$AU$107,MATCH($AT49,BE$8:BE$107,0),1),"") | BG49: =IF($AW49=BG$3,COUNTIF($AW$8:$AW49,BG$3),0) -> 0 | BH49: =IFERROR(INDEX($AU$8:$AU$107,MATCH($AT49,BG$8:BG$107,0),1),"") | BI49: =IF($AW49<>BI$3,COUNTIF($AW$8:$AW49,"<>"&BI$3),0) -> 0 | BJ49: =IFERROR(INDEX($AU$8:$AU$107,MATCH($AT49,BI$8:BI$107,0),1),"")
A50: 食物アレルギー児保育事業費補助金 | D50: =T50 -> 調理員 | I50: =IF(OR(NOT(W50),U50=0),"",U50) | J50: =IF(OR(F50=0,F50=""),"",IF(W50,IF(X50,IF(OR(Y50,V50=3),IF(AD50,IF(OR(AE50,V50=2,V50=3),"○","要常勤"),"時間無"),"重複"),"名簿無"),"対象外")) | L50: =IF(AI50=1,"調整①→",IF(AI50=5,"調整②→",IF(AI50=2,"",IF(AI50=3,"全計上→","エラー")))) | M50: =IF(OR(AND(J50<>"",J50<>"○"),AI50=4),"×",IF(J50="",0,AJ50/$AM$2)) -> 0 | N50: =SUM(M50:M52) -> 0 | T50: =$BF$6 -> 調理員 | U50: =IFERROR(VLOOKUP($F50,$AU$8:$AX$107,4,FALSE),0) -> 0 | V50: 2 | W50: =ISTEXT(F50) -> FALSE | X50: =COUNTIF(INDIRECT(T50),F50)>0 -> FALSE | Y50: =COUNTIF($AC$17:AC49,AC50)+COUNTIF(AC51:$AC$65,AC50)-COUNTIF(Z50:AB50,AC50)=0 -> FALSE | Z50: - | AA50: - | AB50: - | AC50: =IF(V50=3,0,IFERROR(INDEX($AT$8:$AT$107,MATCH($F50,AU$8:AU$107,0),1),0)) -> 0 | AD50: =U50>0 -> FALSE | AE50: =IFERROR(VLOOKUP($F50,$AU$8:$AX$107,2,FALSE),"")="常勤" -> FALSE | AF50: =IFERROR(VLOOKUP($F50,$AU$8:$AX$107,3,FALSE),"") | AG50: =M50 -> 0 | AH50: 2 | AI50: =IF(AND($W50,$J50="○"),IF($K50="-",IF($U50<IF($AH50=5,$AL$4,$AL$3),$AH50,2),IF($K50=0,IF($U50<IF($AH50=5,$AL$4,$AL$3),IF(OR($AH50=1,$AH50=5),$AH50,3),3),IF(K50<IF($AH50=5,$AL$4,$AL$3),$AH50,IF($K50>$U50,4,2)))),2) -> 2 | AJ50: =IF(AI50=1,$AL$3,IF(AI50=5,$AL$4,IF(AI50=2,IF(K50="-",U50,K50),IF(AI50=3,U50,"×")))) -> 0 | AT50: =ROW()-ROW($AT$7) -> 43 | AU50: =AT50&" "&IF(AW50<>"-",【様式2】職員名簿!B81&"/"&AV50&"/"&AW50,"") -> 43 | AV50: =【様式2】職員名簿!E81 -> 0 | AW50: =IF(【様式2】職員名簿!J81="エラー","-",【様式2】職員名簿!J81) -> - | AX50: =IF($AV50="常勤",$AM$2,IF($AV50="非常勤",【様式2】職員名簿!G81,0)) -> 0 | AY50: =IF($AW50=AY$3,COUNTIF($AW$8:$AW50,AY$3),0) -> 0 | AZ50: =IFERROR(INDEX($AU$8:$AU$107,MATCH($AT50,AY$8:AY$107,0),1),"") | BA50: =IF($AW50=BA$3,COUNTIF($AW$8:$AW50,BA$3),0) -> 0 | BB50: =IFERROR(INDEX($AU$8:$AU$107,MATCH($AT50,BA$8:BA$107,0),1),"") | BC50: =IF($AW50=BC$3,COUNTIF($AW$8:$AW50,BC$3),0) -> 0 | BD50: =IFERROR(INDEX($AU$8:$AU$107,MATCH($AT50,BC$8:BC$107,0),1),"") | BE50: =IF(OR($AW50=BE$3,$AW50=BE$4),COUNTIF($AW$8:$AW50,BE$3)+COUNTIF($AW$8:$AW50,BE$4),0) -> 0 | BF50: =IFERROR(INDEX($AU$8:$AU$107,MATCH($AT50,BE$8:BE$107,0),1),"") | BG50: =IF($AW50=BG$3,COUNTIF($AW$8:$AW50,BG$3),0) -> 0 | BH50: =IFERROR(INDEX($AU$8:$AU$107,MATCH($AT50,BG$8:BG$107,0),1),"") | BI50: =IF($AW50<>BI$3,COUNTIF($AW$8:$AW50,"<>"&BI$3),0) -> 0 | BJ50: =IFERROR(INDEX($AU$8:$AU$107,MATCH($AT50,BI$8:BI$107,0),1),"")
D51: =T51 -> 調理員 | I51: =IF(OR(NOT(W51),U51=0),"",U51) | J51: =IF(OR(F51=0,F51=""),"",IF(W51,IF(X51,IF(OR(Y51,V51=3),IF(AD51,IF(OR(AE51,V51=2,V51=3),"○","要常勤"),"時間無"),"重複"),"名簿無"),"対象外")) | L51: =IF(AI51=1,"調整①→",IF(AI51=5,"調整②→",IF(AI51=2,"",IF(AI51=3,"全計上→","エラー")))) | M51: =IF(OR(AND(J51<>"",J51<>"○"),AI51=4),"×",IF(J51="",0,AJ51/$AM$2)) -> 0 | T51: =$BF$6 -> 調理員 | U51: =IFERROR(VLOOKUP($F51,$AU$8:$AX$107,4,FALSE),0) -> 0 | V51: 2 | W51: =ISTEXT(F51) -> FALSE | X51: =COUNTIF(INDIRECT(T51),F51)>0 -> FALSE | Y51: =COUNTIF($AC$17:AC50,AC51)+COUNTIF(AC52:$AC$65,AC51)-COUNTIF(Z51:AB51,AC51)=0 -> FALSE | Z51: - | AA51: - | AB51: - | AC51: =IF(V51=3,0,IFERROR(INDEX($AT$8:$AT$107,MATCH($F51,AU$8:AU$107,0),1),0)) -> 0 | AD51: =U51>0 -> FALSE | AE51: =IFERROR(VLOOKUP($F51,$AU$8:$AX$107,2,FALSE),"")="常勤" -> FALSE | AF51: =IFERROR(VLOOKUP($F51,$AU$8:$AX$107,3,FALSE),"") | AG51: =M51 -> 0 | AH51: 2 | AI51: =IF(AND($W51,$J51="○"),IF($K51="-",IF($U51<IF($AH51=5,$AL$4,$AL$3),$AH51,2),IF($K51=0,IF($U51<IF($AH51=5,$AL$4,$AL$3),IF(OR($AH51=1,$AH51=5),$AH51,3),3),IF(K51<IF($AH51=5,$AL$4,$AL$3),$AH51,IF($K51>$U51,4,2)))),2) -> 2 | AJ51: =IF(AI51=1,$AL$3,IF(AI51=5,$AL$4,IF(AI51=2,IF(K51="-",U51,K51),IF(AI51=3,U51,"×")))) -> 0 | AT51: =ROW()-ROW($AT$7) -> 44 | AU51: =AT51&" "&IF(AW51<>"-",【様式2】職員名簿!B82&"/"&AV51&"/"&AW51,"") -> 44 | AV51: =【様式2】職員名簿!E82 -> 0 | AW51: =IF(【様式2】職員名簿!J82="エラー","-",【様式2】職員名簿!J82) -> - | AX51: =IF($AV51="常勤",$AM$2,IF($AV51="非常勤",【様式2】職員名簿!G82,0)) -> 0 | AY51: =IF($AW51=AY$3,COUNTIF($AW$8:$AW51,AY$3),0) -> 0 | AZ51: =IFERROR(INDEX($AU$8:$AU$107,MATCH($AT51,AY$8:AY$107,0),1),"") | BA51: =IF($AW51=BA$3,COUNTIF($AW$8:$AW51,BA$3),0) -> 0 | BB51: =IFERROR(INDEX($AU$8:$AU$107,MATCH($AT51,BA$8:BA$107,0),1),"") | BC51: =IF($AW51=BC$3,COUNTIF($AW$8:$AW51,BC$3),0) -> 0 | BD51: =IFERROR(INDEX($AU$8:$AU$107,MATCH($AT51,BC$8:BC$107,0),1),"") | BE51: =IF(OR($AW51=BE$3,$AW51=BE$4),COUNTIF($AW$8:$AW51,BE$3)+COUNTIF($AW$8:$AW51,BE$4),0) -> 0 | BF51: =IFERROR(INDEX($AU$8:$AU$107,MATCH($AT51,BE$8:BE$107,0),1),"") | BG51: =IF($AW51=BG$3,COUNTIF($AW$8:$AW51,BG$3),0) -> 0 | BH51: =IFERROR(INDEX($AU$8:$AU$107,MATCH($AT51,BG$8:BG$107,0),1),"") | BI51: =IF($AW51<>BI$3,COUNTIF($AW$8:$AW51,"<>"&BI$3),0) -> 0 | BJ51: =IFERROR(INDEX($AU$8:$AU$107,MATCH($AT51,BI$8:BI$107,0),1),"")
D52: =T52 -> 調理員 | I52: =IF(OR(NOT(W52),U52=0),"",U52) | J52: =IF(OR(F52=0,F52=""),"",IF(W52,IF(X52,IF(OR(Y52,V52=3),IF(AD52,IF(OR(AE52,V52=2,V52=3),"○","要常勤"),"時間無"),"重複"),"名簿無"),"対象外")) | L52: =IF(AI52=1,"調整①→",IF(AI52=5,"調整②→",IF(AI52=2,"",IF(AI52=3,"全計上→","エラー")))) | M52: =IF(OR(AND(J52<>"",J52<>"○"),AI52=4),"×",IF(J52="",0,AJ52/$AM$2)) -> 0 | T52: =$BF$6 -> 調理員 | U52: =IFERROR(VLOOKUP($F52,$AU$8:$AX$107,4,FALSE),0) -> 0 | V52: 2 | W52: =ISTEXT(F52) -> FALSE | X52: =COUNTIF(INDIRECT(T52),F52)>0 -> FALSE | Y52: =COUNTIF($AC$17:AC51,AC52)+COUNTIF(AC53:$AC$65,AC52)-COUNTIF(Z52:AB52,AC52)=0 -> FALSE | Z52: - | AA52: - | AB52: - | AC52: =IF(V52=3,0,IFERROR(INDEX($AT$8:$AT$107,MATCH($F52,AU$8:AU$107,0),1),0)) -> 0 | AD52: =U52>0 -> FALSE | AE52: =IFERROR(VLOOKUP($F52,$AU$8:$AX$107,2,FALSE),"")="常勤" -> FALSE | AF52: =IFERROR(VLOOKUP($F52,$AU$8:$AX$107,3,FALSE),"") | AG52: =M52 -> 0 | AH52: 2 | AI52: =IF(AND($W52,$J52="○"),IF($K52="-",IF($U52<IF($AH52=5,$AL$4,$AL$3),$AH52,2),IF($K52=0,IF($U52<IF($AH52=5,$AL$4,$AL$3),IF(OR($AH52=1,$AH52=5),$AH52,3),3),IF(K52<IF($AH52=5,$AL$4,$AL$3),$AH52,IF($K52>$U52,4,2)))),2) -> 2 | AJ52: =IF(AI52=1,$AL$3,IF(AI52=5,$AL$4,IF(AI52=2,IF(K52="-",U52,K52),IF(AI52=3,U52,"×")))) -> 0 | AT52: =ROW()-ROW($AT$7) -> 45 | AU52: =AT52&" "&IF(AW52<>"-",【様式2】職員名簿!B83&"/"&AV52&"/"&AW52,"") -> 45 | AV52: =【様式2】職員名簿!E83 -> 0 | AW52: =IF(【様式2】職員名簿!J83="エラー","-",【様式2】職員名簿!J83) -> - | AX52: =IF($AV52="常勤",$AM$2,IF($AV52="非常勤",【様式2】職員名簿!G83,0)) -> 0 | AY52: =IF($AW52=AY$3,COUNTIF($AW$8:$AW52,AY$3),0) -> 0 | AZ52: =IFERROR(INDEX($AU$8:$AU$107,MATCH($AT52,AY$8:AY$107,0),1),"") | BA52: =IF($AW52=BA$3,COUNTIF($AW$8:$AW52,BA$3),0) -> 0 | BB52: =IFERROR(INDEX($AU$8:$AU$107,MATCH($AT52,BA$8:BA$107,0),1),"") | BC52: =IF($AW52=BC$3,COUNTIF($AW$8:$AW52,BC$3),0) -> 0 | BD52: =IFERROR(INDEX($AU$8:$AU$107,MATCH($AT52,BC$8:BC$107,0),1),"") | BE52: =IF(OR($AW52=BE$3,$AW52=BE$4),COUNTIF($AW$8:$AW52,BE$3)+COUNTIF($AW$8:$AW52,BE$4),0) -> 0 | BF52: =IFERROR(INDEX($AU$8:$AU$107,MATCH($AT52,BE$8:BE$107,0),1),"") | BG52: =IF($AW52=BG$3,COUNTIF($AW$8:$AW52,BG$3),0) -> 0 | BH52: =IFERROR(INDEX($AU$8:$AU$107,MATCH($AT52,BG$8:BG$107,0),1),"") | BI52: =IF($AW52<>BI$3,COUNTIF($AW$8:$AW52,"<>"&BI$3),0) -> 0 | BJ52: =IFERROR(INDEX($AU$8:$AU$107,MATCH($AT52,BI$8:BI$107,0),1),"")
A53: その他 補助金名等を記載すること➡ | D53: =T53 -> 全職種 | I53: =IF(OR(NOT(W53),U53=0),"",U53) | J53: =IF(OR(F53=0,F53=""),"",IF(W53,IF(X53,IF(OR(Y53,V53=3),IF(AD53,IF(OR(AE53,V53=2,V53=3),"○","要常勤"),"時間無"),"重複"),"名簿無"),"対象外")) | L53: =IF(AI53=1,"調整①→",IF(AI53=5,"調整②→",IF(AI53=2,"",IF(AI53=3,"全計上→","エラー")))) | M53: =IF(OR(AND(J53<>"",J53<>"○"),AI53=4),"×",IF(J53="",0,AJ53/$AM$2)) -> 0 | N53: =SUM(M53:M62) -> 0 | T53: =$BJ$6 -> 全職種 | U53: =IFERROR(VLOOKUP($F53,$AU$8:$AX$107,4,FALSE),0) -> 0 | V53: 2 | W53: =ISTEXT(F53) -> FALSE | X53: =COUNTIF(INDIRECT(T53),F53)>0 -> FALSE | Y53: =COUNTIF($AC$17:AC52,AC53)+COUNTIF(AC54:$AC$65,AC53)-COUNTIF(Z53:AB53,AC53)=0 -> FALSE | Z53: - | AA53: - | AB53: - | AC53: =IF(V53=3,0,IFERROR(INDEX($AT$8:$AT$107,MATCH($F53,AU$8:AU$107,0),1),0)) -> 0 | AD53: =U53>0 -> FALSE | AE53: =IFERROR(VLOOKUP($F53,$AU$8:$AX$107,2,FALSE),"")="常勤" -> FALSE | AF53: =IFERROR(VLOOKUP($F53,$AU$8:$AX$107,3,FALSE),"") | AG53: =M53 -> 0 | AH53: 2 | AI53: =IF(AND($W53,$J53="○"),IF($K53="-",IF($U53<IF($AH53=5,$AL$4,$AL$3),$AH53,2),IF($K53=0,IF($U53<IF($AH53=5,$AL$4,$AL$3),IF(OR($AH53=1,$AH53=5),$AH53,3),3),IF(K53<IF($AH53=5,$AL$4,$AL$3),$AH53,IF($K53>$U53,4,2)))),2) -> 2 | AJ53: =IF(AI53=1,$AL$3,IF(AI53=5,$AL$4,IF(AI53=2,IF(K53="-",U53,K53),IF(AI53=3,U53,"×")))) -> 0 | AT53: =ROW()-ROW($AT$7) -> 46 | AU53: =AT53&" "&IF(AW53<>"-",【様式2】職員名簿!B84&"/"&AV53&"/"&AW53,"") -> 46 | AV53: =【様式2】職員名簿!E84 -> 0 | AW53: =IF(【様式2】職員名簿!J84="エラー","-",【様式2】職員名簿!J84) -> - | AX53: =IF($AV53="常勤",$AM$2,IF($AV53="非常勤",【様式2】職員名簿!G84,0)) -> 0 | AY53: =IF($AW53=AY$3,COUNTIF($AW$8:$AW53,AY$3),0) -> 0 | AZ53: =IFERROR(INDEX($AU$8:$AU$107,MATCH($AT53,AY$8:AY$107,0),1),"") | BA53: =IF($AW53=BA$3,COUNTIF($AW$8:$AW53,BA$3),0) -> 0 | BB53: =IFERROR(INDEX($AU$8:$AU$107,MATCH($AT53,BA$8:BA$107,0),1),"") | BC53: =IF($AW53=BC$3,COUNTIF($AW$8:$AW53,BC$3),0) -> 0 | BD53: =IFERROR(INDEX($AU$8:$AU$107,MATCH($AT53,BC$8:BC$107,0),1),"") | BE53: =IF(OR($AW53=BE$3,$AW53=BE$4),COUNTIF($AW$8:$AW53,BE$3)+COUNTIF($AW$8:$AW53,BE$4),0) -> 0 | BF53: =IFERROR(INDEX($AU$8:$AU$107,MATCH($AT53,BE$8:BE$107,0),1),"") | BG53: =IF($AW53=BG$3,COUNTIF($AW$8:$AW53,BG$3),0) -> 0 | BH53: =IFERROR(INDEX($AU$8:$AU$107,MATCH($AT53,BG$8:BG$107,0),1),"") | BI53: =IF($AW53<>BI$3,COUNTIF($AW$8:$AW53,"<>"&BI$3),0) -> 0 | BJ53: =IFERROR(INDEX($AU$8:$AU$107,MATCH($AT53,BI$8:BI$107,0),1),"")
D54: =T54 -> 全職種 | I54: =IF(OR(NOT(W54),U54=0),"",U54) | J54: =IF(OR(F54=0,F54=""),"",IF(W54,IF(X54,IF(OR(Y54,V54=3),IF(AD54,IF(OR(AE54,V54=2,V54=3),"○","要常勤"),"時間無"),"重複"),"名簿無"),"対象外")) | L54: =IF(AI54=1,"調整①→",IF(AI54=5,"調整②→",IF(AI54=2,"",IF(AI54=3,"全計上→","エラー")))) | M54: =IF(OR(AND(J54<>"",J54<>"○"),AI54=4),"×",IF(J54="",0,AJ54/$AM$2)) -> 0 | T54: =$BJ$6 -> 全職種 | U54: =IFERROR(VLOOKUP($F54,$AU$8:$AX$107,4,FALSE),0) -> 0 | V54: 2 | W54: =ISTEXT(F54) -> FALSE | X54: =COUNTIF(INDIRECT(T54),F54)>0 -> FALSE | Y54: =COUNTIF($AC$17:AC53,AC54)+COUNTIF(AC55:$AC$65,AC54)-COUNTIF(Z54:AB54,AC54)=0 -> FALSE | Z54: - | AA54: - | AB54: - | AC54: =IF(V54=3,0,IFERROR(INDEX($AT$8:$AT$107,MATCH($F54,AU$8:AU$107,0),1),0)) -> 0 | AD54: =U54>0 -> FALSE | AE54: =IFERROR(VLOOKUP($F54,$AU$8:$AX$107,2,FALSE),"")="常勤" -> FALSE | AF54: =IFERROR(VLOOKUP($F54,$AU$8:$AX$107,3,FALSE),"") | AG54: =M54 -> 0 | AH54: 2 | AI54: =IF(AND($W54,$J54="○"),IF($K54="-",IF($U54<IF($AH54=5,$AL$4,$AL$3),$AH54,2),IF($K54=0,IF($U54<IF($AH54=5,$AL$4,$AL$3),IF(OR($AH54=1,$AH54=5),$AH54,3),3),IF(K54<IF($AH54=5,$AL$4,$AL$3),$AH54,IF($K54>$U54,4,2)))),2) -> 2 | AJ54: =IF(AI54=1,$AL$3,IF(AI54=5,$AL$4,IF(AI54=2,IF(K54="-",U54,K54),IF(AI54=3,U54,"×")))) -> 0 | AT54: =ROW()-ROW($AT$7) -> 47 | AU54: =AT54&" "&IF(AW54<>"-",【様式2】職員名簿!B85&"/"&AV54&"/"&AW54,"") -> 47 | AV54: =【様式2】職員名簿!E85 -> 0 | AW54: =IF(【様式2】職員名簿!J85="エラー","-",【様式2】職員名簿!J85) -> - | AX54: =IF($AV54="常勤",$AM$2,IF($AV54="非常勤",【様式2】職員名簿!G85,0)) -> 0 | AY54: =IF($AW54=AY$3,COUNTIF($AW$8:$AW54,AY$3),0) -> 0 | AZ54: =IFERROR(INDEX($AU$8:$AU$107,MATCH($AT54,AY$8:AY$107,0),1),"") | BA54: =IF($AW54=BA$3,COUNTIF($AW$8:$AW54,BA$3),0) -> 0 | BB54: =IFERROR(INDEX($AU$8:$AU$107,MATCH($AT54,BA$8:BA$107,0),1),"") | BC54: =IF($AW54=BC$3,COUNTIF($AW$8:$AW54,BC$3),0) -> 0 | BD54: =IFERROR(INDEX($AU$8:$AU$107,MATCH($AT54,BC$8:BC$107,0),1),"") | BE54: =IF(OR($AW54=BE$3,$AW54=BE$4),COUNTIF($AW$8:$AW54,BE$3)+COUNTIF($AW$8:$AW54,BE$4),0) -> 0 | BF54: =IFERROR(INDEX($AU$8:$AU$107,MATCH($AT54,BE$8:BE$107,0),1),"") | BG54: =IF($AW54=BG$3,COUNTIF($AW$8:$AW54,BG$3),0) -> 0 | BH54: =IFERROR(INDEX($AU$8:$AU$107,MATCH($AT54,BG$8:BG$107,0),1),"") | BI54: =IF($AW54<>BI$3,COUNTIF($AW$8:$AW54,"<>"&BI$3),0) -> 0 | BJ54: =IFERROR(INDEX($AU$8:$AU$107,MATCH($AT54,BI$8:BI$107,0),1),"")
D55: =T55 -> 全職種 | I55: =IF(OR(NOT(W55),U55=0),"",U55) | J55: =IF(OR(F55=0,F55=""),"",IF(W55,IF(X55,IF(OR(Y55,V55=3),IF(AD55,IF(OR(AE55,V55=2,V55=3),"○","要常勤"),"時間無"),"重複"),"名簿無"),"対象外")) | L55: =IF(AI55=1,"調整①→",IF(AI55=5,"調整②→",IF(AI55=2,"",IF(AI55=3,"全計上→","エラー")))) | M55: =IF(OR(AND(J55<>"",J55<>"○"),AI55=4),"×",IF(J55="",0,AJ55/$AM$2)) -> 0 | T55: =$BJ$6 -> 全職種 | U55: =IFERROR(VLOOKUP($F55,$AU$8:$AX$107,4,FALSE),0) -> 0 | V55: 2 | W55: =ISTEXT(F55) -> FALSE | X55: =COUNTIF(INDIRECT(T55),F55)>0 -> FALSE | Y55: =COUNTIF($AC$17:AC54,AC55)+COUNTIF(AC56:$AC$65,AC55)-COUNTIF(Z55:AB55,AC55)=0 -> FALSE | Z55: - | AA55: - | AB55: - | AC55: =IF(V55=3,0,IFERROR(INDEX($AT$8:$AT$107,MATCH($F55,AU$8:AU$107,0),1),0)) -> 0 | AD55: =U55>0 -> FALSE | AE55: =IFERROR(VLOOKUP($F55,$AU$8:$AX$107,2,FALSE),"")="常勤" -> FALSE | AF55: =IFERROR(VLOOKUP($F55,$AU$8:$AX$107,3,FALSE),"") | AG55: =M55 -> 0 | AH55: 2 | AI55: =IF(AND($W55,$J55="○"),IF($K55="-",IF($U55<IF($AH55=5,$AL$4,$AL$3),$AH55,2),IF($K55=0,IF($U55<IF($AH55=5,$AL$4,$AL$3),IF(OR($AH55=1,$AH55=5),$AH55,3),3),IF(K55<IF($AH55=5,$AL$4,$AL$3),$AH55,IF($K55>$U55,4,2)))),2) -> 2 | AJ55: =IF(AI55=1,$AL$3,IF(AI55=5,$AL$4,IF(AI55=2,IF(K55="-",U55,K55),IF(AI55=3,U55,"×")))) -> 0 | AT55: =ROW()-ROW($AT$7) -> 48 | AU55: =AT55&" "&IF(AW55<>"-",【様式2】職員名簿!B86&"/"&AV55&"/"&AW55,"") -> 48 | AV55: =【様式2】職員名簿!E86 -> 0 | AW55: =IF(【様式2】職員名簿!J86="エラー","-",【様式2】職員名簿!J86) -> - | AX55: =IF($AV55="常勤",$AM$2,IF($AV55="非常勤",【様式2】職員名簿!G86,0)) -> 0 | AY55: =IF($AW55=AY$3,COUNTIF($AW$8:$AW55,AY$3),0) -> 0 | AZ55: =IFERROR(INDEX($AU$8:$AU$107,MATCH($AT55,AY$8:AY$107,0),1),"") | BA55: =IF($AW55=BA$3,COUNTIF($AW$8:$AW55,BA$3),0) -> 0 | BB55: =IFERROR(INDEX($AU$8:$AU$107,MATCH($AT55,BA$8:BA$107,0),1),"") | BC55: =IF($AW55=BC$3,COUNTIF($AW$8:$AW55,BC$3),0) -> 0 | BD55: =IFERROR(INDEX($AU$8:$AU$107,MATCH($AT55,BC$8:BC$107,0),1),"") | BE55: =IF(OR($AW55=BE$3,$AW55=BE$4),COUNTIF($AW$8:$AW55,BE$3)+COUNTIF($AW$8:$AW55,BE$4),0) -> 0 | BF55: =IFERROR(INDEX($AU$8:$AU$107,MATCH($AT55,BE$8:BE$107,0),1),"") | BG55: =IF($AW55=BG$3,COUNTIF($AW$8:$AW55,BG$3),0) -> 0 | BH55: =IFERROR(INDEX($AU$8:$AU$107,MATCH($AT55,BG$8:BG$107,0),1),"") | BI55: =IF($AW55<>BI$3,COUNTIF($AW$8:$AW55,"<>"&BI$3),0) -> 0 | BJ55: =IFERROR(INDEX($AU$8:$AU$107,MATCH($AT55,BI$8:BI$107,0),1),"")
D56: =T56 -> 全職種 | I56: =IF(OR(NOT(W56),U56=0),"",U56) | J56: =IF(OR(F56=0,F56=""),"",IF(W56,IF(X56,IF(OR(Y56,V56=3),IF(AD56,IF(OR(AE56,V56=2,V56=3),"○","要常勤"),"時間無"),"重複"),"名簿無"),"対象外")) | L56: =IF(AI56=1,"調整①→",IF(AI56=5,"調整②→",IF(AI56=2,"",IF(AI56=3,"全計上→","エラー")))) | M56: =IF(OR(AND(J56<>"",J56<>"○"),AI56=4),"×",IF(J56="",0,AJ56/$AM$2)) -> 0 | T56: =$BJ$6 -> 全職種 | U56: =IFERROR(VLOOKUP($F56,$AU$8:$AX$107,4,FALSE),0) -> 0 | V56: 2 | W56: =ISTEXT(F56) -> FALSE | X56: =COUNTIF(INDIRECT(T56),F56)>0 -> FALSE | Y56: =COUNTIF($AC$17:AC55,AC56)+COUNTIF(AC57:$AC$65,AC56)-COUNTIF(Z56:AB56,AC56)=0 -> FALSE | Z56: - | AA56: - | AB56: - | AC56: =IF(V56=3,0,IFERROR(INDEX($AT$8:$AT$107,MATCH($F56,AU$8:AU$107,0),1),0)) -> 0 | AD56: =U56>0 -> FALSE | AE56: =IFERROR(VLOOKUP($F56,$AU$8:$AX$107,2,FALSE),"")="常勤" -> FALSE | AF56: =IFERROR(VLOOKUP($F56,$AU$8:$AX$107,3,FALSE),"") | AG56: =M56 -> 0 | AH56: 2 | AI56: =IF(AND($W56,$J56="○"),IF($K56="-",IF($U56<IF($AH56=5,$AL$4,$AL$3),$AH56,2),IF($K56=0,IF($U56<IF($AH56=5,$AL$4,$AL$3),IF(OR($AH56=1,$AH56=5),$AH56,3),3),IF(K56<IF($AH56=5,$AL$4,$AL$3),$AH56,IF($K56>$U56,4,2)))),2) -> 2 | AJ56: =IF(AI56=1,$AL$3,IF(AI56=5,$AL$4,IF(AI56=2,IF(K56="-",U56,K56),IF(AI56=3,U56,"×")))) -> 0 | AT56: =ROW()-ROW($AT$7) -> 49 | AU56: =AT56&" "&IF(AW56<>"-",【様式2】職員名簿!B87&"/"&AV56&"/"&AW56,"") -> 49 | AV56: =【様式2】職員名簿!E87 -> 0 | AW56: =IF(【様式2】職員名簿!J87="エラー","-",【様式2】職員名簿!J87) -> - | AX56: =IF($AV56="常勤",$AM$2,IF($AV56="非常勤",【様式2】職員名簿!G87,0)) -> 0 | AY56: =IF($AW56=AY$3,COUNTIF($AW$8:$AW56,AY$3),0) -> 0 | AZ56: =IFERROR(INDEX($AU$8:$AU$107,MATCH($AT56,AY$8:AY$107,0),1),"") | BA56: =IF($AW56=BA$3,COUNTIF($AW$8:$AW56,BA$3),0) -> 0 | BB56: =IFERROR(INDEX($AU$8:$AU$107,MATCH($AT56,BA$8:BA$107,0),1),"") | BC56: =IF($AW56=BC$3,COUNTIF($AW$8:$AW56,BC$3),0) -> 0 | BD56: =IFERROR(INDEX($AU$8:$AU$107,MATCH($AT56,BC$8:BC$107,0),1),"") | BE56: =IF(OR($AW56=BE$3,$AW56=BE$4),COUNTIF($AW$8:$AW56,BE$3)+COUNTIF($AW$8:$AW56,BE$4),0) -> 0 | BF56: =IFERROR(INDEX($AU$8:$AU$107,MATCH($AT56,BE$8:BE$107,0),1),"") | BG56: =IF($AW56=BG$3,COUNTIF($AW$8:$AW56,BG$3),0) -> 0 | BH56: =IFERROR(INDEX($AU$8:$AU$107,MATCH($AT56,BG$8:BG$107,0),1),"") | BI56: =IF($AW56<>BI$3,COUNTIF($AW$8:$AW56,"<>"&BI$3),0) -> 0 | BJ56: =IFERROR(INDEX($AU$8:$AU$107,MATCH($AT56,BI$8:BI$107,0),1),"")
D57: =T57 -> 全職種 | I57: =IF(OR(NOT(W57),U57=0),"",U57) | J57: =IF(OR(F57=0,F57=""),"",IF(W57,IF(X57,IF(OR(Y57,V57=3),IF(AD57,IF(OR(AE57,V57=2,V57=3),"○","要常勤"),"時間無"),"重複"),"名簿無"),"対象外")) | L57: =IF(AI57=1,"調整①→",IF(AI57=5,"調整②→",IF(AI57=2,"",IF(AI57=3,"全計上→","エラー")))) | M57: =IF(OR(AND(J57<>"",J57<>"○"),AI57=4),"×",IF(J57="",0,AJ57/$AM$2)) -> 0 | T57: =$BJ$6 -> 全職種 | U57: =IFERROR(VLOOKUP($F57,$AU$8:$AX$107,4,FALSE),0) -> 0 | V57: 2 | W57: =ISTEXT(F57) -> FALSE | X57: =COUNTIF(INDIRECT(T57),F57)>0 -> FALSE | Y57: =COUNTIF($AC$17:AC56,AC57)+COUNTIF(AC58:$AC$65,AC57)-COUNTIF(Z57:AB57,AC57)=0 -> FALSE | Z57: - | AA57: - | AB57: - | AC57: =IF(V57=3,0,IFERROR(INDEX($AT$8:$AT$107,MATCH($F57,AU$8:AU$107,0),1),0)) -> 0 | AD57: =U57>0 -> FALSE | AE57: =IFERROR(VLOOKUP($F57,$AU$8:$AX$107,2,FALSE),"")="常勤" -> FALSE | AF57: =IFERROR(VLOOKUP($F57,$AU$8:$AX$107,3,FALSE),"") | AG57: =M57 -> 0 | AH57: 2 | AI57: =IF(AND($W57,$J57="○"),IF($K57="-",IF($U57<IF($AH57=5,$AL$4,$AL$3),$AH57,2),IF($K57=0,IF($U57<IF($AH57=5,$AL$4,$AL$3),IF(OR($AH57=1,$AH57=5),$AH57,3),3),IF(K57<IF($AH57=5,$AL$4,$AL$3),$AH57,IF($K57>$U57,4,2)))),2) -> 2 | AJ57: =IF(AI57=1,$AL$3,IF(AI57=5,$AL$4,IF(AI57=2,IF(K57="-",U57,K57),IF(AI57=3,U57,"×")))) -> 0 | AT57: =ROW()-ROW($AT$7) -> 50 | AU57: =AT57&" "&IF(AW57<>"-",【様式2】職員名簿!B88&"/"&AV57&"/"&AW57,"") -> 50 | AV57: =【様式2】職員名簿!E88 -> 0 | AW57: =IF(【様式2】職員名簿!J88="エラー","-",【様式2】職員名簿!J88) -> - | AX57: =IF($AV57="常勤",$AM$2,IF($AV57="非常勤",【様式2】職員名簿!G88,0)) -> 0 | AY57: =IF($AW57=AY$3,COUNTIF($AW$8:$AW57,AY$3),0) -> 0 | AZ57: =IFERROR(INDEX($AU$8:$AU$107,MATCH($AT57,AY$8:AY$107,0),1),"") | BA57: =IF($AW57=BA$3,COUNTIF($AW$8:$AW57,BA$3),0) -> 0 | BB57: =IFERROR(INDEX($AU$8:$AU$107,MATCH($AT57,BA$8:BA$107,0),1),"") | BC57: =IF($AW57=BC$3,COUNTIF($AW$8:$AW57,BC$3),0) -> 0 | BD57: =IFERROR(INDEX($AU$8:$AU$107,MATCH($AT57,BC$8:BC$107,0),1),"") | BE57: =IF(OR($AW57=BE$3,$AW57=BE$4),COUNTIF($AW$8:$AW57,BE$3)+COUNTIF($AW$8:$AW57,BE$4),0) -> 0 | BF57: =IFERROR(INDEX($AU$8:$AU$107,MATCH($AT57,BE$8:BE$107,0),1),"") | BG57: =IF($AW57=BG$3,COUNTIF($AW$8:$AW57,BG$3),0) -> 0 | BH57: =IFERROR(INDEX($AU$8:$AU$107,MATCH($AT57,BG$8:BG$107,0),1),"") | BI57: =IF($AW57<>BI$3,COUNTIF($AW$8:$AW57,"<>"&BI$3),0) -> 0 | BJ57: =IFERROR(INDEX($AU$8:$AU$107,MATCH($AT57,BI$8:BI$107,0),1),"")
D58: =T58 -> 全職種 | I58: =IF(OR(NOT(W58),U58=0),"",U58) | J58: =IF(OR(F58=0,F58=""),"",IF(W58,IF(X58,IF(OR(Y58,V58=3),IF(AD58,IF(OR(AE58,V58=2,V58=3),"○","要常勤"),"時間無"),"重複"),"名簿無"),"対象外")) | L58: =IF(AI58=1,"調整①→",IF(AI58=5,"調整②→",IF(AI58=2,"",IF(AI58=3,"全計上→","エラー")))) | M58: =IF(OR(AND(J58<>"",J58<>"○"),AI58=4),"×",IF(J58="",0,AJ58/$AM$2)) -> 0 | T58: =$BJ$6 -> 全職種 | U58: =IFERROR(VLOOKUP($F58,$AU$8:$AX$107,4,FALSE),0) -> 0 | V58: 2 | W58: =ISTEXT(F58) -> FALSE | X58: =COUNTIF(INDIRECT(T58),F58)>0 -> FALSE | Y58: =COUNTIF($AC$17:AC57,AC58)+COUNTIF(AC59:$AC$65,AC58)-COUNTIF(Z58:AB58,AC58)=0 -> FALSE | Z58: - | AA58: - | AB58: - | AC58: =IF(V58=3,0,IFERROR(INDEX($AT$8:$AT$107,MATCH($F58,AU$8:AU$107,0),1),0)) -> 0 | AD58: =U58>0 -> FALSE | AE58: =IFERROR(VLOOKUP($F58,$AU$8:$AX$107,2,FALSE),"")="常勤" -> FALSE | AF58: =IFERROR(VLOOKUP($F58,$AU$8:$AX$107,3,FALSE),"") | AG58: =M58 -> 0 | AH58: 2 | AI58: =IF(AND($W58,$J58="○"),IF($K58="-",IF($U58<IF($AH58=5,$AL$4,$AL$3),$AH58,2),IF($K58=0,IF($U58<IF($AH58=5,$AL$4,$AL$3),IF(OR($AH58=1,$AH58=5),$AH58,3),3),IF(K58<IF($AH58=5,$AL$4,$AL$3),$AH58,IF($K58>$U58,4,2)))),2) -> 2 | AJ58: =IF(AI58=1,$AL$3,IF(AI58=5,$AL$4,IF(AI58=2,IF(K58="-",U58,K58),IF(AI58=3,U58,"×")))) -> 0 | AT58: =ROW()-ROW($AT$7) -> 51 | AU58: =AT58&" "&IF(AW58<>"-",【様式2】職員名簿!B89&"/"&AV58&"/"&AW58,"") -> 51 | AV58: =【様式2】職員名簿!E89 -> 0 | AW58: =IF(【様式2】職員名簿!J89="エラー","-",【様式2】職員名簿!J89) -> - | AX58: =IF($AV58="常勤",$AM$2,IF($AV58="非常勤",【様式2】職員名簿!G89,0)) -> 0 | AY58: =IF($AW58=AY$3,COUNTIF($AW$8:$AW58,AY$3),0) -> 0 | AZ58: =IFERROR(INDEX($AU$8:$AU$107,MATCH($AT58,AY$8:AY$107,0),1),"") | BA58: =IF($AW58=BA$3,COUNTIF($AW$8:$AW58,BA$3),0) -> 0 | BB58: =IFERROR(INDEX($AU$8:$AU$107,MATCH($AT58,BA$8:BA$107,0),1),"") | BC58: =IF($AW58=BC$3,COUNTIF($AW$8:$AW58,BC$3),0) -> 0 | BD58: =IFERROR(INDEX($AU$8:$AU$107,MATCH($AT58,BC$8:BC$107,0),1),"") | BE58: =IF(OR($AW58=BE$3,$AW58=BE$4),COUNTIF($AW$8:$AW58,BE$3)+COUNTIF($AW$8:$AW58,BE$4),0) -> 0 | BF58: =IFERROR(INDEX($AU$8:$AU$107,MATCH($AT58,BE$8:BE$107,0),1),"") | BG58: =IF($AW58=BG$3,COUNTIF($AW$8:$AW58,BG$3),0) -> 0 | BH58: =IFERROR(INDEX($AU$8:$AU$107,MATCH($AT58,BG$8:BG$107,0),1),"") | BI58: =IF($AW58<>BI$3,COUNTIF($AW$8:$AW58,"<>"&BI$3),0) -> 0 | BJ58: =IFERROR(INDEX($AU$8:$AU$107,MATCH($AT58,BI$8:BI$107,0),1),"")
D59: =T59 -> 全職種 | I59: =IF(OR(NOT(W59),U59=0),"",U59) | J59: =IF(OR(F59=0,F59=""),"",IF(W59,IF(X59,IF(OR(Y59,V59=3),IF(AD59,IF(OR(AE59,V59=2,V59=3),"○","要常勤"),"時間無"),"重複"),"名簿無"),"対象外")) | L59: =IF(AI59=1,"調整①→",IF(AI59=5,"調整②→",IF(AI59=2,"",IF(AI59=3,"全計上→","エラー")))) | M59: =IF(OR(AND(J59<>"",J59<>"○"),AI59=4),"×",IF(J59="",0,AJ59/$AM$2)) -> 0 | T59: =$BJ$6 -> 全職種 | U59: =IFERROR(VLOOKUP($F59,$AU$8:$AX$107,4,FALSE),0) -> 0 | V59: 2 | W59: =ISTEXT(F59) -> FALSE | X59: =COUNTIF(INDIRECT(T59),F59)>0 -> FALSE | Y59: =COUNTIF($AC$17:AC58,AC59)+COUNTIF(AC60:$AC$65,AC59)-COUNTIF(Z59:AB59,AC59)=0 -> FALSE | Z59: - | AA59: - | AB59: - | AC59: =IF(V59=3,0,IFERROR(INDEX($AT$8:$AT$107,MATCH($F59,AU$8:AU$107,0),1),0)) -> 0 | AD59: =U59>0 -> FALSE | AE59: =IFERROR(VLOOKUP($F59,$AU$8:$AX$107,2,FALSE),"")="常勤" -> FALSE | AF59: =IFERROR(VLOOKUP($F59,$AU$8:$AX$107,3,FALSE),"") | AG59: =M59 -> 0 | AH59: 2 | AI59: =IF(AND($W59,$J59="○"),IF($K59="-",IF($U59<IF($AH59=5,$AL$4,$AL$3),$AH59,2),IF($K59=0,IF($U59<IF($AH59=5,$AL$4,$AL$3),IF(OR($AH59=1,$AH59=5),$AH59,3),3),IF(K59<IF($AH59=5,$AL$4,$AL$3),$AH59,IF($K59>$U59,4,2)))),2) -> 2 | AJ59: =IF(AI59=1,$AL$3,IF(AI59=5,$AL$4,IF(AI59=2,IF(K59="-",U59,K59),IF(AI59=3,U59,"×")))) -> 0 | AT59: =ROW()-ROW($AT$7) -> 52 | AU59: =AT59&" "&IF(AW59<>"-",【様式2】職員名簿!B90&"/"&AV59&"/"&AW59,"") -> 52 | AV59: =【様式2】職員名簿!E90 -> 0 | AW59: =IF(【様式2】職員名簿!J90="エラー","-",【様式2】職員名簿!J90) -> - | AX59: =IF($AV59="常勤",$AM$2,IF($AV59="非常勤",【様式2】職員名簿!G90,0)) -> 0 | AY59: =IF($AW59=AY$3,COUNTIF($AW$8:$AW59,AY$3),0) -> 0 | AZ59: =IFERROR(INDEX($AU$8:$AU$107,MATCH($AT59,AY$8:AY$107,0),1),"") | BA59: =IF($AW59=BA$3,COUNTIF($AW$8:$AW59,BA$3),0) -> 0 | BB59: =IFERROR(INDEX($AU$8:$AU$107,MATCH($AT59,BA$8:BA$107,0),1),"") | BC59: =IF($AW59=BC$3,COUNTIF($AW$8:$AW59,BC$3),0) -> 0 | BD59: =IFERROR(INDEX($AU$8:$AU$107,MATCH($AT59,BC$8:BC$107,0),1),"") | BE59: =IF(OR($AW59=BE$3,$AW59=BE$4),COUNTIF($AW$8:$AW59,BE$3)+COUNTIF($AW$8:$AW59,BE$4),0) -> 0 | BF59: =IFERROR(INDEX($AU$8:$AU$107,MATCH($AT59,BE$8:BE$107,0),1),"") | BG59: =IF($AW59=BG$3,COUNTIF($AW$8:$AW59,BG$3),0) -> 0 | BH59: =IFERROR(INDEX($AU$8:$AU$107,MATCH($AT59,BG$8:BG$107,0),1),"") | BI59: =IF($AW59<>BI$3,COUNTIF($AW$8:$AW59,"<>"&BI$3),0) -> 0 | BJ59: =IFERROR(INDEX($AU$8:$AU$107,MATCH($AT59,BI$8:BI$107,0),1),"")
D60: =T60 -> 全職種 | I60: =IF(OR(NOT(W60),U60=0),"",U60) | J60: =IF(OR(F60=0,F60=""),"",IF(W60,IF(X60,IF(OR(Y60,V60=3),IF(AD60,IF(OR(AE60,V60=2,V60=3),"○","要常勤"),"時間無"),"重複"),"名簿無"),"対象外")) | L60: =IF(AI60=1,"調整①→",IF(AI60=5,"調整②→",IF(AI60=2,"",IF(AI60=3,"全計上→","エラー")))) | M60: =IF(OR(AND(J60<>"",J60<>"○"),AI60=4),"×",IF(J60="",0,AJ60/$AM$2)) -> 0 | T60: =$BJ$6 -> 全職種 | U60: =IFERROR(VLOOKUP($F60,$AU$8:$AX$107,4,FALSE),0) -> 0 | V60: 2 | W60: =ISTEXT(F60) -> FALSE | X60: =COUNTIF(INDIRECT(T60),F60)>0 -> FALSE | Y60: =COUNTIF($AC$17:AC59,AC60)+COUNTIF(AC61:$AC$65,AC60)-COUNTIF(Z60:AB60,AC60)=0 -> FALSE | Z60: - | AA60: - | AB60: - | AC60: =IF(V60=3,0,IFERROR(INDEX($AT$8:$AT$107,MATCH($F60,AU$8:AU$107,0),1),0)) -> 0 | AD60: =U60>0 -> FALSE | AE60: =IFERROR(VLOOKUP($F60,$AU$8:$AX$107,2,FALSE),"")="常勤" -> FALSE | AF60: =IFERROR(VLOOKUP($F60,$AU$8:$AX$107,3,FALSE),"") | AG60: =M60 -> 0 | AH60: 2 | AI60: =IF(AND($W60,$J60="○"),IF($K60="-",IF($U60<IF($AH60=5,$AL$4,$AL$3),$AH60,2),IF($K60=0,IF($U60<IF($AH60=5,$AL$4,$AL$3),IF(OR($AH60=1,$AH60=5),$AH60,3),3),IF(K60<IF($AH60=5,$AL$4,$AL$3),$AH60,IF($K60>$U60,4,2)))),2) -> 2 | AJ60: =IF(AI60=1,$AL$3,IF(AI60=5,$AL$4,IF(AI60=2,IF(K60="-",U60,K60),IF(AI60=3,U60,"×")))) -> 0 | AT60: =ROW()-ROW($AT$7) -> 53 | AU60: =AT60&" "&IF(AW60<>"-",【様式2】職員名簿!B91&"/"&AV60&"/"&AW60,"") -> 53 | AV60: =【様式2】職員名簿!E91 -> 0 | AW60: =IF(【様式2】職員名簿!J91="エラー","-",【様式2】職員名簿!J91) -> - | AX60: =IF($AV60="常勤",$AM$2,IF($AV60="非常勤",【様式2】職員名簿!G91,0)) -> 0 | AY60: =IF($AW60=AY$3,COUNTIF($AW$8:$AW60,AY$3),0) -> 0 | AZ60: =IFERROR(INDEX($AU$8:$AU$107,MATCH($AT60,AY$8:AY$107,0),1),"") | BA60: =IF($AW60=BA$3,COUNTIF($AW$8:$AW60,BA$3),0) -> 0 | BB60: =IFERROR(INDEX($AU$8:$AU$107,MATCH($AT60,BA$8:BA$107,0),1),"") | BC60: =IF($AW60=BC$3,COUNTIF($AW$8:$AW60,BC$3),0) -> 0 | BD60: =IFERROR(INDEX($AU$8:$AU$107,MATCH($AT60,BC$8:BC$107,0),1),"") | BE60: =IF(OR($AW60=BE$3,$AW60=BE$4),COUNTIF($AW$8:$AW60,BE$3)+COUNTIF($AW$8:$AW60,BE$4),0) -> 0 | BF60: =IFERROR(INDEX($AU$8:$AU$107,MATCH($AT60,BE$8:BE$107,0),1),"") | BG60: =IF($AW60=BG$3,COUNTIF($AW$8:$AW60,BG$3),0) -> 0 | BH60: =IFERROR(INDEX($AU$8:$AU$107,MATCH($AT60,BG$8:BG$107,0),1),"") | BI60: =IF($AW60<>BI$3,COUNTIF($AW$8:$AW60,"<>"&BI$3),0) -> 0 | BJ60: =IFERROR(INDEX($AU$8:$AU$107,MATCH($AT60,BI$8:BI$107,0),1),"")
D61: =T61 -> 全職種 | I61: =IF(OR(NOT(W61),U61=0),"",U61) | J61: =IF(OR(F61=0,F61=""),"",IF(W61,IF(X61,IF(OR(Y61,V61=3),IF(AD61,IF(OR(AE61,V61=2,V61=3),"○","要常勤"),"時間無"),"重複"),"名簿無"),"対象外")) | L61: =IF(AI61=1,"調整①→",IF(AI61=5,"調整②→",IF(AI61=2,"",IF(AI61=3,"全計上→","エラー")))) | M61: =IF(OR(AND(J61<>"",J61<>"○"),AI61=4),"×",IF(J61="",0,AJ61/$AM$2)) -> 0 | T61: =$BJ$6 -> 全職種 | U61: =IFERROR(VLOOKUP($F61,$AU$8:$AX$107,4,FALSE),0) -> 0 | V61: 2 | W61: =ISTEXT(F61) -> FALSE | X61: =COUNTIF(INDIRECT(T61),F61)>0 -> FALSE | Y61: =COUNTIF($AC$17:AC60,AC61)+COUNTIF(AC62:$AC$65,AC61)-COUNTIF(Z61:AB61,AC61)=0 -> FALSE | Z61: - | AA61: - | AB61: - | AC61: =IF(V61=3,0,IFERROR(INDEX($AT$8:$AT$107,MATCH($F61,AU$8:AU$107,0),1),0)) -> 0 | AD61: =U61>0 -> FALSE | AE61: =IFERROR(VLOOKUP($F61,$AU$8:$AX$107,2,FALSE),"")="常勤" -> FALSE | AF61: =IFERROR(VLOOKUP($F61,$AU$8:$AX$107,3,FALSE),"") | AG61: =M61 -> 0 | AH61: 2 | AI61: =IF(AND($W61,$J61="○"),IF($K61="-",IF($U61<IF($AH61=5,$AL$4,$AL$3),$AH61,2),IF($K61=0,IF($U61<IF($AH61=5,$AL$4,$AL$3),IF(OR($AH61=1,$AH61=5),$AH61,3),3),IF(K61<IF($AH61=5,$AL$4,$AL$3),$AH61,IF($K61>$U61,4,2)))),2) -> 2 | AJ61: =IF(AI61=1,$AL$3,IF(AI61=5,$AL$4,IF(AI61=2,IF(K61="-",U61,K61),IF(AI61=3,U61,"×")))) -> 0 | AT61: =ROW()-ROW($AT$7) -> 54 | AU61: =AT61&" "&IF(AW61<>"-",【様式2】職員名簿!B92&"/"&AV61&"/"&AW61,"") -> 54 | AV61: =【様式2】職員名簿!E92 -> 0 | AW61: =IF(【様式2】職員名簿!J92="エラー","-",【様式2】職員名簿!J92) -> - | AX61: =IF($AV61="常勤",$AM$2,IF($AV61="非常勤",【様式2】職員名簿!G92,0)) -> 0 | AY61: =IF($AW61=AY$3,COUNTIF($AW$8:$AW61,AY$3),0) -> 0 | AZ61: =IFERROR(INDEX($AU$8:$AU$107,MATCH($AT61,AY$8:AY$107,0),1),"") | BA61: =IF($AW61=BA$3,COUNTIF($AW$8:$AW61,BA$3),0) -> 0 | BB61: =IFERROR(INDEX($AU$8:$AU$107,MATCH($AT61,BA$8:BA$107,0),1),"") | BC61: =IF($AW61=BC$3,COUNTIF($AW$8:$AW61,BC$3),0) -> 0 | BD61: =IFERROR(INDEX($AU$8:$AU$107,MATCH($AT61,BC$8:BC$107,0),1),"") | BE61: =IF(OR($AW61=BE$3,$AW61=BE$4),COUNTIF($AW$8:$AW61,BE$3)+COUNTIF($AW$8:$AW61,BE$4),0) -> 0 | BF61: =IFERROR(INDEX($AU$8:$AU$107,MATCH($AT61,BE$8:BE$107,0),1),"") | BG61: =IF($AW61=BG$3,COUNTIF($AW$8:$AW61,BG$3),0) -> 0 | BH61: =IFERROR(INDEX($AU$8:$AU$107,MATCH($AT61,BG$8:BG$107,0),1),"") | BI61: =IF($AW61<>BI$3,COUNTIF($AW$8:$AW61,"<>"&BI$3),0) -> 0 | BJ61: =IFERROR(INDEX($AU$8:$AU$107,MATCH($AT61,BI$8:BI$107,0),1),"")
D62: =T62 -> 全職種 | I62: =IF(OR(NOT(W62),U62=0),"",U62) | J62: =IF(OR(F62=0,F62=""),"",IF(W62,IF(X62,IF(OR(Y62,V62=3),IF(AD62,IF(OR(AE62,V62=2,V62=3),"○","要常勤"),"時間無"),"重複"),"名簿無"),"対象外")) | L62: =IF(AI62=1,"調整①→",IF(AI62=5,"調整②→",IF(AI62=2,"",IF(AI62=3,"全計上→","エラー")))) | M62: =IF(OR(AND(J62<>"",J62<>"○"),AI62=4),"×",IF(J62="",0,AJ62/$AM$2)) -> 0 | T62: =$BJ$6 -> 全職種 | U62: =IFERROR(VLOOKUP($F62,$AU$8:$AX$107,4,FALSE),0) -> 0 | V62: 2 | W62: =ISTEXT(F62) -> FALSE | X62: =COUNTIF(INDIRECT(T62),F62)>0 -> FALSE | Y62: =COUNTIF($AC$17:AC61,AC62)+COUNTIF(AC63:$AC$65,AC62)-COUNTIF(Z62:AB62,AC62)=0 -> FALSE | Z62: - | AA62: - | AB62: - | AC62: =IF(V62=3,0,IFERROR(INDEX($AT$8:$AT$107,MATCH($F62,AU$8:AU$107,0),1),0)) -> 0 | AD62: =U62>0 -> FALSE | AE62: =IFERROR(VLOOKUP($F62,$AU$8:$AX$107,2,FALSE),"")="常勤" -> FALSE | AF62: =IFERROR(VLOOKUP($F62,$AU$8:$AX$107,3,FALSE),"") | AG62: =M62 -> 0 | AH62: 2 | AI62: =IF(AND($W62,$J62="○"),IF($K62="-",IF($U62<IF($AH62=5,$AL$4,$AL$3),$AH62,2),IF($K62=0,IF($U62<IF($AH62=5,$AL$4,$AL$3),IF(OR($AH62=1,$AH62=5),$AH62,3),3),IF(K62<IF($AH62=5,$AL$4,$AL$3),$AH62,IF($K62>$U62,4,2)))),2) -> 2 | AJ62: =IF(AI62=1,$AL$3,IF(AI62=5,$AL$4,IF(AI62=2,IF(K62="-",U62,K62),IF(AI62=3,U62,"×")))) -> 0 | AT62: =ROW()-ROW($AT$7) -> 55 | AU62: =AT62&" "&IF(AW62<>"-",【様式2】職員名簿!B93&"/"&AV62&"/"&AW62,"") -> 55 | AV62: =【様式2】職員名簿!E93 -> 0 | AW62: =IF(【様式2】職員名簿!J93="エラー","-",【様式2】職員名簿!J93) -> - | AX62: =IF($AV62="常勤",$AM$2,IF($AV62="非常勤",【様式2】職員名簿!G93,0)) -> 0 | AY62: =IF($AW62=AY$3,COUNTIF($AW$8:$AW62,AY$3),0) -> 0 | AZ62: =IFERROR(INDEX($AU$8:$AU$107,MATCH($AT62,AY$8:AY$107,0),1),"") | BA62: =IF($AW62=BA$3,COUNTIF($AW$8:$AW62,BA$3),0) -> 0 | BB62: =IFERROR(INDEX($AU$8:$AU$107,MATCH($AT62,BA$8:BA$107,0),1),"") | BC62: =IF($AW62=BC$3,COUNTIF($AW$8:$AW62,BC$3),0) -> 0 | BD62: =IFERROR(INDEX($AU$8:$AU$107,MATCH($AT62,BC$8:BC$107,0),1),"") | BE62: =IF(OR($AW62=BE$3,$AW62=BE$4),COUNTIF($AW$8:$AW62,BE$3)+COUNTIF($AW$8:$AW62,BE$4),0) -> 0 | BF62: =IFERROR(INDEX($AU$8:$AU$107,MATCH($AT62,BE$8:BE$107,0),1),"") | BG62: =IF($AW62=BG$3,COUNTIF($AW$8:$AW62,BG$3),0) -> 0 | BH62: =IFERROR(INDEX($AU$8:$AU$107,MATCH($AT62,BG$8:BG$107,0),1),"") | BI62: =IF($AW62<>BI$3,COUNTIF($AW$8:$AW62,"<>"&BI$3),0) -> 0 | BJ62: =IFERROR(INDEX($AU$8:$AU$107,MATCH($AT62,BI$8:BI$107,0),1),"")
